Workbook
Name CompDN600: #REF!
Name CompDN600: #REF!
Name CompDN600: #REF!
Name orcamento: #REF!
Name orcamento: #REF!
Name orcamento: 'XI - MEMORIA'!#REF!
Name orcamento: #REF!

Sheet V - ORÇAMENTO
C1: PREFEITURA MUNICIPAL DE SÃO GONÇALO
C2: SECRETARIA MUNICIPAL DE COMPRAS E SUPRIMENTOS
E3: MÊS/ANO REF. : | G3: EMOP - 11/2021
C4: SERVIÇO DE COMPLEMENTAÇÃO DA INFRAESTRUTURA INCLUINDO PAVIMENTAÇÃO E DRENAGEM EM DIVERSOS LOGRADOUROS NO BAIRRO DE VISTA ALEGRE NO MUNICIPIO DE SÃO GONÇALO | E4: BDI | F4: ='XII - BDI'!D34 -> 0.2857
E5: VALOR DA OBRA | G5: =G130 -> 64199997
C6: ANEXO V
C7: PLANILHA ORÇAMENTARIA | E7: PRAZO DA OBRA | G7: 15 MESES
A9: ITEM | B9: CÓDIGO | C9: DESCRIÇÃO | D9: UN | E9: QTD | F9: PREÇO
F10: UNITÁRIO | G10: TOTAL
A13: A | B13: SERVIÇOS DE ESCRITORIO LABORATORIO E CAMPO
A14: 1 | B14: 02.004.0004-A | C14: BARRACAO OBRA C/PAREDES CHAPAS MADEIRA COMPENSADA,PLASTIF.,LISA,COLAGEM FENOLICA,PROVA D`AGUA, COM 10MM ESP.PISO E ESTRUTURA MADEIRA 3ª,COBERTURA TELHAS ONDULADAS 6MM,FIBROCIMENTO,EXCL.PINT.E LIGACOES PROVISORIAS,INCL.INST.,APARELHOS, ESQUADRIAS E FERRAG.,PROJ.Nº2007/EMOP,ESCRITORIO,SANITARIOS,DEPOSITOS E TORRE C/CAIXA D`AGUA 500L,REAPROVEITADO 5 VEZES | D14: =VLOOKUP(B14,'DESCRIÇÃO EMOP'!A:C,3,FALSE) -> M2 | E14: ='XI - MEMORIA'!B15 -> 96 | F14: =VLOOKUP(B14,'EMOP 092021'!A:B,2,FALSE) -> 355.3 | G14: =TRUNC(E14*F14,2) -> 34108.8 | H14: =G14/$G$126 -> 0.00068307922
A15: =A14+1 -> 2 | B15: 01.016.0085-A | C15: LEVANTAMENTO PLANIALTIMETRICO CADASTRAL DE AREA URBANA OU SUBURBANA,DESTINADA A REGULARIZACAO FUNDIARIA,PROJETOS VIARIOSE DE INFRAESTRUTURA,URBANIZACAO E ASSEMELHADOS,UTILIZANDO POLIGONAL III PAC,DESENHO NA ESCALA DE 1:250 A 1:100,EM AREASDENSAMENTE OCUPADAS(ACIMA DE 50% DE QUADRAS),EM AREAS ACIMADE 10000M2 | D15: =VLOOKUP(B15,'DESCRIÇÃO EMOP'!A:C,3,FALSE) -> M2 | E15: ='XI - MEMORIA'!B56 -> 134472 | F15: =VLOOKUP(B15,'EMOP 092021'!A:B,2,FALSE) -> 2.23 | G15: =TRUNC(E15*F15,2) -> 299872.56 | H15: =G15/$G$126 -> 0.006005392
A16: =A15+1 -> 3 | B16: 02.002.0011-A | C16: TAPUME DE VEDACAO OU PROTECAO,EXECUTADO COM TELHAS TRAPEZOIDAIS DE ACO GALVANIZADO,ESPESSURA DE 0,5MM,ESTAS COM 2 VEZESDE UTILIZACAO,INCLUSIVE ENGRADAMENTO DE MADEIRA,UTILIZADO 2VEZES E PINTURA ESMALTE SINTETICO NAS FACES INTERNA E EXTERNA | D16: =VLOOKUP(B16,'DESCRIÇÃO EMOP'!A:C,3,FALSE) -> M2 | E16: ='XI - MEMORIA'!B62 -> 220 | F16: =VLOOKUP(B16,'EMOP 092021'!A:B,2,FALSE) -> 56.49 | G16: =TRUNC(E16*F16,2) -> 12427.8 | H16: =G16/$G$126 -> 0.0002488851
A17: =A16+1 -> 4 | B17: 02.020.0001-A | C17: PLACA DE IDENTIFICACAO DE OBRA PUBLICA,INCLUSIVE PINTURA E SUPORTES DE MADEIRA.FORNECIMENTO E COLOCACAO | D17: =VLOOKUP(B17,'DESCRIÇÃO EMOP'!A:C,3,FALSE) -> M2 | E17: ='XI - MEMORIA'!B67 -> 36 | F17: =VLOOKUP(B17,'EMOP 092021'!A:B,2,FALSE) -> 465.55 | G17: =TRUNC(E17*F17,2) -> 16759.8 | H17: =G17/$G$126 -> 0.00033563981
A18: =A17+1 -> 5 | B18: 01.050.0162-A | C18: PROJETO EXECUTIVO PARA URBANIZACAO/REURBANIZACAO DE AREAS,VISANDO A ORGANIZACAO ESPACIAL E DAS ATIVIDADES,CONTEMPLANDO:SISTEMA VIARIO,PASSEIOS,PRACAS,ARBORIZACAO,ILUMINACAO COM CRITERIOS LUMINOTECNICOS,DISTRIBUICAO E INTEGRACAO DO MOBILIARIO URBANO E EQUIPAMENTOS URBANOS,APRESENTADO EM AUTOCAD NOS PADROES DA CONTRATANTE | D18: =VLOOKUP(B18,'DESCRIÇÃO EMOP'!A:C,3,FALSE) -> HA | E18: ='XI - MEMORIA'!B108 -> 13.433 | F18: =VLOOKUP(B18,'EMOP 092021'!A:B,2,FALSE) -> 98707.8 | G18: =TRUNC(E18*F18,2) -> 1325941.9 | H18: =G18/$G$126 -> 0.026553949
A19: =A18+1 -> 6 | B19: 02.006.0050-A | C19: ALUGUEL DE BANHEIRO QUIMICO,PORTATIL,MEDINDO 2,31M ALTURA X1,56M LARGURA E 1,16M PROFUNDIDADE,INCLUSIVE INSTALACAO E RETIRADA DO EQUIPAMENTO,FORNECIMENTO DE QUIMICA DESODORIZANTE,BACTERICIDA E BACTERIOSTATICA,PAPEL HIGIENICO E VEICULO PROPRIO COM UNIDADE MOVEL DE SUCCAO PARA LIMPEZA | D19: =VLOOKUP(B19,'DESCRIÇÃO EMOP'!A:C,3,FALSE) -> UNXMES | E19: ='XI - MEMORIA'!B113 -> 120 | F19: =VLOOKUP(B19,'EMOP 092021'!A:B,2,FALSE) -> 950 | G19: =TRUNC(E19*F19,2) -> 114000 | H19: =G19/$G$126 -> 0.0022830188
A20: =A19+1 -> 7 | B20: 02.010.0001-A | C20: GALPAO ABERTO PARA OFICINAS E DEPOSITOS DE CANTEIRO DE OBRAS,ESTRUTURADO EM MADEIRA DE LEI,COBERTURA DE TELHAS DE CIMENTO SEM AMIANTO ONDULADAS,DE 6MM DE ESPESSURA,PISO CIMENTADO EPREPARO DO TERRENO | D20: =VLOOKUP(B20,'DESCRIÇÃO EMOP'!A:C,3,FALSE) -> M2 | E20: ='XI - MEMORIA'!B119 -> 48 | F20: =VLOOKUP(B20,'EMOP 092021'!A:B,2,FALSE) -> 272.17 | G20: =TRUNC(E20*F20,2) -> 13064.16 | H20: =G20/$G$126 -> 0.00026162915
A21: =A20+1 -> 8 | B21: 02.006.0010-A | C21: ALUGUEL DE CONTAINER PARA ESCRITORIO,MEDINDO 2,20M LARGURA,6,20M COMPRIMENTO E 2,50M ALTURA,COMPOSTO DE CHAPAS DE ACO C/NERVURAS TRAPEZOIDAIS,ISOLAMENTO TERMO-ACUSTICO NO FORRO,CHASSIS REFORCADO E PISO EM COMPENSADO NAVAL, INCLUINDO INSTALACOES ELETRICAS,EXCLUSIVE TRANSPORTE(VIDE ITEM 04.005.0300) ECARGA E DESCARGA(VIDE ITEM 04.013.0015) | D21: =VLOOKUP(B21,'DESCRIÇÃO EMOP'!A:C,3,FALSE) -> UNXMES | E21: ='XI - MEMORIA'!B125 -> 30 | F21: =VLOOKUP(B21,'EMOP 092021'!A:B,2,FALSE) -> 414.06 | G21: =TRUNC(E21*F21,2) -> 12421.8 | H21: =G21/$G$126 -> 0.00024876494
A22: =A21+1 -> 9 | B22: 02.006.0025-A | C22: ALUGUEL CONTAINER,PARA SANITARIO-VESTIARIO,MEDINDO 2,20M LARGURA,6,20M COMPRIMENTO E 2,50M ALTURA,CHAPAS ACO C/NERVURASTRAPEZOIDAIS,ISOLAMENTO TERMO-ACUSTICO FORRO,CHASSIS REFORCADO E PISO COMPENSADO NAVAL,INCL.INST.ELETRICAS E HIDRO-SANITARIAS,ACESSORIOS,4 VASOS SANITARIOS,1 LAVATORIO,1 MICTORIO E4 CHUVEIROS,EXCL.TRANSP.,CARGA E DESCARGA | D22: =VLOOKUP(B22,'DESCRIÇÃO EMOP'!A:C,3,FALSE) -> UNXMES | E22: ='XI - MEMORIA'!B131 -> 60 | F22: =VLOOKUP(B22,'EMOP 092021'!A:B,2,FALSE) -> 662.5 | G22: =TRUNC(E22*F22,2) -> 39750 | H22: =G22/$G$126 -> 0.00079605261
A23: =A22+1 -> 10 | B23: 02.006.0030-A | C23: ALUGUEL CONTAINER,PARA SANITARIO-VESTIARIO,MEDINDO 2,20M LARGURA,6,20M COMPRIMENTO E 2,50M ALTURA,CHAPAS ACO C/NERVURASTRAPEZOIDAIS,ISOLAMENTO TERMO-ACUSTICO FORRO,CHASSIS REFORCADO E PISO COMPENSADO NAVAL,INCL.INST.ELETRICAS E HIDRO-SANITARIAS,ACESSORIOS,7 VASOS SANITARIOS,1 LAVATORIO E 1 MICTORIO,EXCL.TRANSP.,CARGA E DESCARGA | D23: =VLOOKUP(B23,'DESCRIÇÃO EMOP'!A:C,3,FALSE) -> UNXMES | E23: ='XI - MEMORIA'!B137 -> 30 | F23: =VLOOKUP(B23,'EMOP 092021'!A:B,2,FALSE) -> 662.5 | G23: =TRUNC(E23*F23,2) -> 19875 | H23: =G23/$G$126 -> 0.0003980263
A24: =A23+1 -> 11 | B24: 01.001.0040-A | C24: SONDAGEM MANUAL,COM TRADO CAVADEIRA,POR METRO LINEAR OU FRACAO | D24: =VLOOKUP(B24,'DESCRIÇÃO EMOP'!A:C,3,FALSE) -> M | E24: ='XI - MEMORIA'!B178 -> 298 | F24: =VLOOKUP(B24,'EMOP 092021'!A:B,2,FALSE) -> 166.72 | G24: =TRUNC(E24*F24,2) -> 49682.56 | H24: =G24/$G$126 -> 0.00099496683
A25: =A24+1 -> 12 | B25: 01.001.0014-A | C25: INDICE SUPORTE CALIFORNIA,POR 1 PONTO,COMPACTACAO COM ENERGIA PROCTOR NORMAL | D25: =VLOOKUP(B25,'DESCRIÇÃO EMOP'!A:C,3,FALSE) -> UN | E25: ='XI - MEMORIA'!B183 -> 298 | F25: =VLOOKUP(B25,'EMOP 092021'!A:B,2,FALSE) -> 763.95 | G25: =TRUNC(E25*F25,2) -> 227657.1 | H25: =G25/$G$126 -> 0.0045591705
A26: =A25+1 -> 13 | B26: 01.001.0071-A | C26: ENSAIO DE CARACTERIZACAO GEOTECNICA DE SOLOS,COM UTILIZACAODE DILATOMETRO,EXCLUSIVE PERFURACAO | D26: =VLOOKUP(B26,'DESCRIÇÃO EMOP'!A:C,3,FALSE) -> UN | E26: ='XI - MEMORIA'!B188 -> 298 | F26: =VLOOKUP(B26,'EMOP 092021'!A:B,2,FALSE) -> 511.68 | G26: =TRUNC(E26*F26,2) -> 152480.64 | H26: =G26/$G$126 -> 0.0030536506
A27: =A26+1 -> 14 | B27: 02.015.0001-A | C27: INSTALACAO E LIGACAO PROVISORIA PARA ABASTECIMENTO DE AGUA EESGOTAMENTO SANITARIO EM CANTEIRO DE OBRAS,INCLUSIVE ESCAVACAO,EXCLUSIVE REPOSICAO DA PAVIMENTACAO DO LOGRADOURO PUBLICO | D27: =VLOOKUP(B27,'DESCRIÇÃO EMOP'!A:C,3,FALSE) -> UN | E27: ='XI - MEMORIA'!B193 -> 1 | F27: =VLOOKUP(B27,'EMOP 092021'!A:B,2,FALSE) -> 4098.41 | G27: =TRUNC(E27*F27,2) -> 4098.41 | H27: =G27/$G$126 -> 8.2076729e-05
A28: =A27+1 -> 15 | B28: 02.016.0001-A | C28: INSTALACAO E LIGACAO PROVISORIA DE ALIMENTACAO DE ENERGIA ELETRICA,EM BAIXA TENSAO,PARA CANTEIRO DE OBRAS,M3-CHAVE 100A,CARGA 3KW,20CV,EXCLUSIVE O FORNECIMENTO DO MEDIDOR | D28: =VLOOKUP(B28,'DESCRIÇÃO EMOP'!A:C,3,FALSE) -> UN | E28: ='XI - MEMORIA'!B198 -> 1 | F28: =VLOOKUP(B28,'EMOP 092021'!A:B,2,FALSE) -> 2081.2 | G28: =TRUNC(E28*F28,2) -> 2081.2 | H28: =G28/$G$126 -> 4.1679112e-05
A29: =A28+1 -> 16 | B29: 04.013.0015-A | C29: CARGA E DESCARGA DE CONTAINER,SEGUNDO DESCRICAO DA FAMILIA 02.006 | D29: =VLOOKUP(B29,'DESCRIÇÃO EMOP'!A:C,3,FALSE) -> UN | E29: ='XI - MEMORIA'!B205 -> 16 | F29: =VLOOKUP(B29,'EMOP 092021'!A:B,2,FALSE) -> 70.52 | G29: =TRUNC(E29*F29,2) -> 1128.32 | H29: =G29/$G$126 -> 2.2596279e-05
A30: =A29+1 -> 17 | B30: 04.005.0300-A | C30: TRANSPORTE DE CONTAINER,SEGUNDO DESCRICAO DA FAMILIA 02.006,EXCLUSIVE CARGA E DESCARGA(VIDE ITEM 04.013.0015) | D30: =VLOOKUP(B30,'DESCRIÇÃO EMOP'!A:C,3,FALSE) -> UNXKM | E30: ='XI - MEMORIA'!B212 -> 640 | F30: =VLOOKUP(B30,'EMOP 092021'!A:B,2,FALSE) -> 29.2 | G30: =TRUNC(E30*F30,2) -> 18688 | H30: =G30/$G$126 -> 0.00037425487
A31: =A30+1 -> 18 | B31: 01.001.0206-A | C31: CONTROLE DE COMPACTACAO,POR PONTO(METODO DO ANEL) | D31: =VLOOKUP(B31,'DESCRIÇÃO EMOP'!A:C,3,FALSE) -> UN | E31: ='XI - MEMORIA'!B253 -> 578 | F31: =VLOOKUP(B31,'EMOP 092021'!A:B,2,FALSE) -> 53.95 | G31: =TRUNC(E31*F31,2) -> 31183.1 | H31: =G31/$G$126 -> 0.00062448775
A32: =A31+1 -> 19 | B32: 01.001.0302-A | C32: DETERMINACAO DA DEFORMACAO DE PAVIMENTOS COM O AUXILIO DA VIGA BENKELMANN,POR PONTO | D32: =VLOOKUP(B32,'DESCRIÇÃO EMOP'!A:C,3,FALSE) -> UN | E32: ='XI - MEMORIA'!B294 -> 1156 | F32: =VLOOKUP(B32,'EMOP 092021'!A:B,2,FALSE) -> 110.52 | G32: =TRUNC(E32*F32,2) -> 127761.12 | H32: =G32/$G$126 -> 0.0025586056
E33: TOTAL DO ITEM | G33: =SUM(G14:G32) -> 2502982.2 | H33: =G33/$G$126 -> 0.050125925 | I33: =SUM(G14:G33)/2 -> 2502982.2 | J33: =I33=G33 -> TRUE
A34: B | B34: MESO E MICRO DRENAGEM PLUVIAL | H34: =G34/$G$126 -> 0
A35: =A32+1 -> 20 | B35: 02.020.0009-A | C35: SEMAFORO PARA SINALIZACAO DE BLOQUEIO DE OBRA NA VIA PUBLICA,DE ACORDO COM A RESOLUCAO DA PREFEITURA-RJ,COMPREENDENDO FORNECIMENTO E COLOCACAO DE TODOS OS MATERIAIS NECESSARIOS,INCLUSIVE MATERIAIS ELETRICOS,CONSIDERANDO 40 VEZES O REAPROVEITAMENTO DA MADEIRA | D35: =VLOOKUP(B35,'DESCRIÇÃO EMOP'!A:C,3,FALSE) -> UN | E35: ='XI - MEMORIA'!B346 -> 259 | F35: =VLOOKUP(B35,'EMOP 092021'!A:B,2,FALSE) -> 99.77 | G35: =TRUNC(E35*F35,2) -> 25840.43 | H35: =G35/$G$126 -> 0.00051749287
A36: =A35+1 -> 21 | B36: 02.030.0005-A | C36: PLACA DE SINALIZACAO PREVENTIVA PARA OBRA NA VIA PUBLICA,DEACORDO COM A RESOLUCAO DA PREFEITURA-RJ, COMPREENDENDO FORNECIMENTO E PINTURA DA PLACA E DOS SUPORTES DE MADEIRA.FORNECIMENTO E COLOCACAO | D36: =VLOOKUP(B36,'DESCRIÇÃO EMOP'!A:C,3,FALSE) -> UN | E36: ='XI - MEMORIA'!B351 -> 419 | F36: =VLOOKUP(B36,'EMOP 092021'!A:B,2,FALSE) -> 85.74 | G36: =TRUNC(E36*F36,2) -> 35925.06 | H36: =G36/$G$126 -> 0.00071945252
A37: =A36+1 -> 22 | B37: 02.011.0014-A | C37: CERCA PROTETORA DE BORDA DE VALA OU OBRA,COM TELA PLASTICA NA COR LARANJA OU AMARELA,CONSIDERANDO 1 VEZ DE UTILIZACAO,INCLUSIVE APOIOS,FORNECIMENTO,COLOCACAO E RETIRADA | D37: =VLOOKUP(B37,'DESCRIÇÃO EMOP'!A:C,3,FALSE) -> M2 | E37: ='XI - MEMORIA'!B356 -> 20954 | F37: =VLOOKUP(B37,'EMOP 092021'!A:B,2,FALSE) -> 2.21 | G37: =TRUNC(E37*F37,2) -> 46308.34 | H37: =G37/$G$126 -> 0.00092739307
A38: =A37+1 -> 23 | B38: 02.020.0005-A | C38: BARRAGEM DE BLOQUEIO DE OBRA NA VIA PUBLICA,DE ACORDO COM ARESOLUCAO DA PREFEITURA-RJ,COMPREENDENDO FORNECIMENTO,COLOCACAO E PINTURA DOS SUPORTES DE MADEIRA COM REAPROVEITAMENTO DO CONJUNTO 40 (QUARENTA) VEZES | D38: =VLOOKUP(B38,'DESCRIÇÃO EMOP'!A:C,3,FALSE) -> M | E38: ='XI - MEMORIA'!B366 -> 3580.78 | F38: =VLOOKUP(B38,'EMOP 092021'!A:B,2,FALSE) -> 3.07 | G38: =TRUNC(E38*F38,2) -> 10992.99 | H38: =G38/$G$126 -> 0.0002201509
A39: =A38+1 -> 24 | B39: 03.001.0001-B | C39: ESCAVACAO MANUAL DE VALA/CAVA EM MATERIAL DE 1ª CATEGORIA (A(AREIA,ARGILA OU PICARRA),ATE 1,50M DE PROFUNDIDADE,EXCLUSIVE ESCORAMENTO E ESGOTAMENTO | D39: =VLOOKUP(B39,'DESCRIÇÃO EMOP'!A:C,3,FALSE) -> M3 | E39: ='XI - MEMORIA'!B372 -> 1483.92 | F39: =VLOOKUP(B39,'EMOP 092021'!A:B,2,FALSE) -> 50.21 | G39: =TRUNC(E39*F39,2) -> 74507.62 | H39: =G39/$G$126 -> 0.0014921254
A40: =A39+1 -> 25 | B40: 03.016.0005-B | C40: ESCAVACAO MECANICA DE VALA NAO ESCORADA EM MATERIAL DE 1ªCATEGORIA COM PEDRAS,INSTALACOES PREDIAIS OU OUTROS REDUTORES DE PRODUTIVIDADE OU CAVAS DE FUNDACAO,ATE 1,50M DE PROFUNDIDADE,UTILIZANDO RETRO-ESCAVADEIRA,EXCLUSIVE ESGOTAMENTO | D40: =VLOOKUP(B40,'DESCRIÇÃO EMOP'!A:C,3,FALSE) -> M3 | E40: ='XI - MEMORIA'!B378 -> 9876.35 | F40: =VLOOKUP(B40,'EMOP 092021'!A:B,2,FALSE) -> 19.92 | G40: =TRUNC(E40*F40,2) -> 196736.89 | H40: =G40/$G$126 -> 0.0039399475
A41: =A40+1 -> 26 | B41: 03.020.0060-B | C41: ESCAVACAO MECANICA DE VALA ESCORADA,EM MATERIAL DE 1ªCATEGORIA COM PEDRAS,INSTALACOES PREDIAIS OU OUTROS REDUTORES DE PRODUTIVIDADE,OU CAVAS DE FUNDACAO,ATE 1,50M DE PROFUNDIDADE,UTILIZANDO ESCAVADEIRA HIDRAULICA DE 0,78M3,EXCLUSIVE ESGOTAMENTO E ESCORAMENTO | D41: =VLOOKUP(B41,'DESCRIÇÃO EMOP'!A:C,3,FALSE) -> M3 | E41: ='XI - MEMORIA'!B383 -> 12961.04 | F41: =VLOOKUP(B41,'EMOP 092021'!A:B,2,FALSE) -> 18.32 | G41: =TRUNC(E41*F41,2) -> 237446.25 | H41: =G41/$G$126 -> 0.0047552127
A42: =A41+1 -> 27 | B42: 03.020.0065-B | C42: ESCAVACAO MECANICA DE VALA ESCORADA,EM MATERIAL DE 1ªCATEGORIA COM PEDRAS,INSTALACOES PREDIAIS OU OUTROS REDUTORES DE PRODUTIVIDADE,OU CAVAS DE FUNDACAO,ENTRE 1,50 E 3,00M DE PROFUNDIDADE,UTILIZANDO ESCAVADEIRA HIDRAULICA DE 0,78M3,EXCLUSIVE ESGOTAMENTO E ESCORAMENTO | D42: =VLOOKUP(B42,'DESCRIÇÃO EMOP'!A:C,3,FALSE) -> M3 | E42: ='XI - MEMORIA'!B388 -> 6749.48 | F42: =VLOOKUP(B42,'EMOP 092021'!A:B,2,FALSE) -> 21.06 | G42: =TRUNC(E42*F42,2) -> 142144.04 | H42: =G42/$G$126 -> 0.0028466449
A43: =A42+1 -> 28 | B43: 03.020.0070-B | C43: ESCAVACAO MECANICA DE VALA ESCORADA,EM MATERIAL DE 1ªCATEGORIA COM PEDRAS,INSTALACOES PREDIAIS OU OUTROS REDUTORES DE PRODUTIVIDADE,OU CAVAS DE FUNDACAO,ENTRE 3,00 E 4,50M DE PROFUNDIDADE,UTILIZANDO ESCAVADEIRA HIDRAULICA DE 0,78M3,EXCLUSIVE ESGOTAMENTO E ESCORAMENTO | D43: =VLOOKUP(B43,'DESCRIÇÃO EMOP'!A:C,3,FALSE) -> M3 | E43: ='XI - MEMORIA'!B393 -> 1431.01 | F43: =VLOOKUP(B43,'EMOP 092021'!A:B,2,FALSE) -> 28.99 | G43: =TRUNC(E43*F43,2) -> 41484.97 | H43: =G43/$G$126 -> 0.00083079795
A44: =A43+1 -> 29 | B44: 03.020.0075-B | C44: ESCAVACAO MECANICA DE VALA ESCORADA,EM MATERIAL DE 1ªCATEGORIA COM PEDRAS,INSTALACOES PREDIAIS OU OUTROS REDUTORES DE PRODUTIVIDADE,OU CAVAS DE FUNDACAO,ENTRE 4,50 E 6,00M DE PROFUNDIDADE,UTILIZANDO ESCAVADEIRA HIDRAULICA DE 0,78M3,EXCLUSIVE ESGOTAMENTO E ESCORAMENTO | D44: =VLOOKUP(B44,'DESCRIÇÃO EMOP'!A:C,3,FALSE) -> M3 | E44: ='XI - MEMORIA'!B398 -> 98.39 | F44: =VLOOKUP(B44,'EMOP 092021'!A:B,2,FALSE) -> 44.72 | G44: =TRUNC(E44*F44,2) -> 4400 | H44: =G44/$G$126 -> 8.8116515e-05
A45: =A44+1 -> 30 | B45: 03.008.0020-B | C45: ESCAVACAO EM MATERIAL DE 2ªCATEGORIA(MOLEDO OU ROCHA DECOMPOSTA),COM EQUIPAMENTO A AR COMPRIMIDO,SEM UTILIZACAO DE EXPLOSIVOS,EM TALUDES,VALA/CAVA,ATE 1,50M DE PROFUNDIDADE,INCLUSIVE EMPILHAMENTO DO MATERIAL PARA REMOCAO | D45: =VLOOKUP(B45,'DESCRIÇÃO EMOP'!A:C,3,FALSE) -> M3 | E45: ='XI - MEMORIA'!B403 -> 3240.26 | F45: =VLOOKUP(B45,'EMOP 092021'!A:B,2,FALSE) -> 484.85 | G45: =TRUNC(E45*F45,2) -> 1571040.1 | H45: =G45/$G$126 -> 0.031462403
A46: =A45+1 -> 31 | B46: 03.008.0021-A | C46: ESCAVACAO EM MATERIAL DE 2ªCATEGORIA(MOLEDO OU ROCHA DECOMPOSTA),COM EQUIPAMENTO A AR COMPRIMIDO,SEM UTILIZACAO DE EXPLOSIVOS,EM TALUDES,VALA/CAVA,ENTRE 1,50 E 3,00M DE PROFUNDIDADE,INCLUSIVE EMPILHAMENTO DO MATERIAL PARA REMOCAO | D46: =VLOOKUP(B46,'DESCRIÇÃO EMOP'!A:C,3,FALSE) -> M3 | E46: ='XI - MEMORIA'!B408 -> 1730.63 | F46: =VLOOKUP(B46,'EMOP 092021'!A:B,2,FALSE) -> 499.59 | G46: =TRUNC(E46*F46,2) -> 864605.44 | H46: =G46/$G$126 -> 0.017315004
A47: =A46+1 -> 32 | B47: 03.008.0022-A | C47: ESCAVACAO EM MATERIAL DE 2ªCATEGORIA(MOLEDO OU ROCHA DECOMPOSTA),COM EQUIPAMENTO A AR COMPRIMIDO,SEM UTILIZACAO DE EXPLOSIVOS,EM TALUDES,VALA/CAVA,ENTRE 3,00 E 4,50M DE PROFUNDIDADE,INCLUSIVE EMPILHAMENTO DO MATERIAL PARA REMOCAO | D47: =VLOOKUP(B47,'DESCRIÇÃO EMOP'!A:C,3,FALSE) -> M3 | E47: ='XI - MEMORIA'!B413 -> 366.92 | F47: =VLOOKUP(B47,'EMOP 092021'!A:B,2,FALSE) -> 518.98 | G47: =TRUNC(E47*F47,2) -> 190424.14 | H47: =G47/$G$126 -> 0.0038135254
A48: =A47+1 -> 33 | B48: 03.008.0023-A | C48: ESCAVACAO EM MATERIAL DE 2ªCATEGORIA(MOLEDO OU ROCHA DECOMPOSTA),COM EQUIPAMENTO A AR COMPRIMIDO,SEM UTILIZACAO DE EXPLOSIVOS,EM TALUDES,VALA/CAVA,ENTRE 4,50 E 6,00M DE PROFUNDIDADE,INCLUSIVE EMPILHAMENTO DO MATERIAL PARA REMOCAO | D48: =VLOOKUP(B48,'DESCRIÇÃO EMOP'!A:C,3,FALSE) -> M3 | E48: ='XI - MEMORIA'!B418 -> 25.23 | F48: =VLOOKUP(B48,'EMOP 092021'!A:B,2,FALSE) -> 534.05 | G48: =TRUNC(E48*F48,2) -> 13474.08 | H48: =G48/$G$126 -> 0.0002698384
A49: =A48+1 -> 34 | B49: 03.008.0061-A | C49: ESCAVACAO EM MATERIAL DE 3ªCATEGORIA(ROCHA VIVA),COM EQUIPAMENTO A AR COMPRIMIDO E SERRACAO COM BROCAS,SEGUIDA DE ENCUNHAMENTO,SEM UTILIZACAO DE EXPLOSIVOS,EM TALUDES,VALA/CAVA,ENTRE 1,50 E 3,00M DE PROFUNDIDADE,INCLUSIVE EMPILHAMENTO DO MATERIAL PARA REMOCAO | D49: =VLOOKUP(B49,'DESCRIÇÃO EMOP'!A:C,3,FALSE) -> M3 | E49: ='XI - MEMORIA'!B423 -> 173.06 | F49: =VLOOKUP(B49,'EMOP 092021'!A:B,2,FALSE) -> 1278.37 | G49: =TRUNC(E49*F49,2) -> 221234.71 | H49: =G49/$G$126 -> 0.0044305526
A50: =A49+1 -> 35 | B50: 03.008.0062-A | C50: ESCAVACAO EM MATERIAL DE 3ªCATEGORIA(ROCHA VIVA),COM EQUIPAMENTO A AR COMPRIMIDO E SERRACAO COM BROCAS,SEGUIDA DE ENCUNHAMENTO,SEM UTILIZACAO DE EXPLOSIVOS,EM TALUDES,VALA/CAVA,ENTRE 3,00 E 4,50M DE PROFUNDIDADE,INCLUSIVE EMPILHAMENTO DO MATERIAL PARA REMOCAO | D50: =VLOOKUP(B50,'DESCRIÇÃO EMOP'!A:C,3,FALSE) -> M3 | E50: ='XI - MEMORIA'!B428 -> 36.69 | F50: =VLOOKUP(B50,'EMOP 092021'!A:B,2,FALSE) -> 1328.94 | G50: =TRUNC(E50*F50,2) -> 48758.8 | H50: =G50/$G$126 -> 0.00097646716
A51: =A50+1 -> 36 | B51: 03.008.0063-A | C51: ESCAVACAO EM MATERIAL DE 3ªCATEGORIA(ROCHA VIVA),COM EQUIPAMENTO A AR COMPRIMIDO E SERRACAO COM BROCAS,SEGUIDA DE ENCUNHAMENTO,SEM UTILIZACAO DE EXPLOSIVOS,EM TALUDES,VALA/CAVA,ENTRE 4,50 E 6,00M DE PROFUNDIDADE,INCLUSIVE EMPILHAMENTO DO MATERIAL PARA REMOCAO | D51: =VLOOKUP(B51,'DESCRIÇÃO EMOP'!A:C,3,FALSE) -> M3 | E51: ='XI - MEMORIA'!B433 -> 2.52 | F51: =VLOOKUP(B51,'EMOP 092021'!A:B,2,FALSE) -> 1367.22 | G51: =TRUNC(E51*F51,2) -> 3445.39 | H51: =G51/$G$126 -> 6.8999036e-05
A52: =A51+1 -> 37 | B52: 03.015.0010-A | C52: REATERRO DE VALA/CAVA COM PO-DE-PEDRA,INCLUSIVE FORNECIMENTODO MATERIAL E COMPACTACAO MANUAL | D52: =VLOOKUP(B52,'DESCRIÇÃO EMOP'!A:C,3,FALSE) -> M3 | E52: ='XI - MEMORIA'!B442 -> 25818.35 | F52: =VLOOKUP(B52,'EMOP 092021'!A:B,2,FALSE) -> 116.79 | G52: =TRUNC(E52*F52,2) -> 3015325.1 | H52: =G52/$G$126 -> 0.06038635
A53: =A52+1 -> 38 | B53: 06.088.0010-A | C53: EMBASAMENTO DE TUBULACAO,FEITO COM PO-DE-PEDRA | D53: =VLOOKUP(B53,'DESCRIÇÃO EMOP'!A:C,3,FALSE) -> M3 | E53: ='XI - MEMORIA'!B445 -> 2751.54 | F53: =VLOOKUP(B53,'EMOP 092021'!A:B,2,FALSE) -> 104.42 | G53: =TRUNC(E53*F53,2) -> 287315.8 | H53: =G53/$G$126 -> 0.0057539243
A54: =A53+1 -> 39 | B54: 06.085.0040-A | C54: ENROCAMENTO COM PEDRA-DE-MAO JOGADA, INCLUSIVE FORNECIMENTODESTA | D54: =VLOOKUP(B54,'DESCRIÇÃO EMOP'!A:C,3,FALSE) -> M3 | E54: ='XI - MEMORIA'!B448 -> 1501.48 | F54: =VLOOKUP(B54,'EMOP 092021'!A:B,2,FALSE) -> 138.57 | G54: =TRUNC(E54*F54,2) -> 208060.08 | H54: =G54/$G$126 -> 0.0041667112
A55: =A54+1 -> 40 | B55: 20.097.0002-A | C55: PEDRA BRITADA Nº2,INCLUSIVE TRANSPORTE,PARA REGIAO METROPOLITANA DO RIO DE JANEIRO.FORNECIMENTO | D55: =VLOOKUP(B55,'DESCRIÇÃO EMOP'!A:C,3,FALSE) -> M3 | E55: ='XI - MEMORIA'!B453 -> 208.55 | F55: =VLOOKUP(B55,'EMOP 092021'!A:B,2,FALSE) -> 90.81 | G55: =TRUNC(E55*F55,2) -> 18938.42 | H55: =G55/$G$126 -> 0.0003792699
A56: =A55+1 -> 41 | B56: 04.011.0051-B | C56: CARGA E DESCARGA MECANICA,COM PA-CARREGADEIRA,COM 1,30M3 DECAPACIDADE,UTILIZANDO CAMINHAO BASCULANTE A OLEO DIESEL,COMCAPACIDADE UTIL DE 8T,CONSIDERADOS PARA O CAMINHAO OS TEMPOSDE ESPERA,MANOBRA,CARGA E DESCARGA E PARA A CARREGADEIRA OSTEMPOS DE ESPERA E OPERACAO PARA CARGAS DE 50T POR DIA DE 8H | D56: =VLOOKUP(B56,'DESCRIÇÃO EMOP'!A:C,3,FALSE) -> T | E56: ='XI - MEMORIA'!B460 -> 70515.84 | F56: =VLOOKUP(B56,'EMOP 092021'!A:B,2,FALSE) -> 9.23 | G56: =TRUNC(E56*F56,2) -> 650861.2 | H56: =G56/$G$126 -> 0.013034459
A57: =A56+1 -> 42 | B57: 04.005.0124-A | C57: TRANSPORTE DE CARGA DE QUALQUER NATUREZA,EXCLUSIVE AS DESPESAS DE CARGA E DESCARGA,TANTO DE ESPERA DO CAMINHAO COMO DO SERVENTE OU EQUIPAMENTO AUXILIAR,A VELOCIDADE MEDIA DE 25KM/H,EM CAMINHAO BASCULANTE A OLEO DIESEL,COM CAPACIDADE UTIL DE8T | D57: =VLOOKUP(B57,'DESCRIÇÃO EMOP'!A:C,3,FALSE) -> T X KM | E57: ='XI - MEMORIA'!B465 -> 1762896 | F57: =VLOOKUP(B57,'EMOP 092021'!A:B,2,FALSE) -> 1.73 | G57: =TRUNC(E57*F57,2) -> 3049810.1 | H57: =G57/$G$126 -> 0.061076963
A58: =A57+1 -> 43 | B58: TC 09.05.0700 | C58: DISPOSICAO FINAL DE MATERIAIS E RESIDUOS DE OBRAS EM LOCAIS DE OPERACAO E DISPOSICAO FINAL APROPRIADOS, AUTORIZADOS E/OU LICENCIADOS PELOS ORGAOS DE LICENCIAMENTO E DE CONTROLE AMBIENTAL, MEDIDA POR TONELADA TRANSPORTADA, SENDO COMPROVADA CONFORME LEGISLACAO PERTINENTE. (DESONERADO) | D58: =VLOOKUP(B58,'DESCRIÇÃO EMOP'!A:C,3,FALSE) -> T | E58: ='XI - MEMORIA'!B470 -> 70515.84 | F58: =VLOOKUP(B58,'EMOP 092021'!A:B,2,FALSE) -> 15 | G58: =TRUNC(E58*F58,2) -> 1057737.6 | H58: =G58/$G$126 -> 0.021182762
A59: =A58+1 -> 44 | B59: 05.010.0005-A | C59: ESGOTAMENTO DE VALA MEDIDO PELA POTENCIA INSTALADA E PELO TEMPO DE FUNCIONAMENTO | D59: =VLOOKUP(B59,'DESCRIÇÃO EMOP'!A:C,3,FALSE) -> CVxH | E59: ='XI - MEMORIA'!B475 -> 9240 | F59: =VLOOKUP(B59,'EMOP 092021'!A:B,2,FALSE) -> 6.09 | G59: =TRUNC(E59*F59,2) -> 56271.6 | H59: =G59/$G$126 -> 0.0011269221
A60: =A59+1 -> 45 | B60: 06.015.0030-A | C60: CAIXA DE RALO EM ALVENARIA DE BLOCOS DE CONCRETO(20X20X40CM),EM PAREDES DE 0,20M DE ESPESSURA,DE 0,30X0,90X0,90M,PARA AGUAS PLUVIAIS,SENDO AS PAREDES CHAPISCADAS E REVESTIDAS INTERNAMENTE COM ARGAMASSA,ENCHIMENTO DOS BLOCOS E BASE EM CONCRETO SIMPLES FCK=10MPA E GRELHA DE FERRO FUNDIDO DE 135KG,INCLUSIVE FORNECIMENTO DE TODOS OS MATERIAIS | D60: =VLOOKUP(B60,'DESCRIÇÃO EMOP'!A:C,3,FALSE) -> UN | E60: ='XI - MEMORIA'!B479 -> 687 | F60: =VLOOKUP(B60,'EMOP 092021'!A:B,2,FALSE) -> 843.49 | G60: =TRUNC(E60*F60,2) -> 579477.63 | H60: =G60/$G$126 -> 0.011604898
A61: =A60+1 -> 46 | B61: 06.004.0062-A | C61: TUBO DE CONCRETO ARMADO,CLASSE PA-1(NBR 8890/03),PARA GALERIAS DE AGUAS PLUVIAIS,COM DIAMETRO DE 400MM,ATERRO E SOCA ATEA ALTURA DA GERATRIZ SUPERIOR DO TUBO,CONSIDERANDO O MATERIAL DA PROPRIA ESCAVACAO,INCLUSIVE FORNECIMENTO DO MATERIAL PARA REJUNTAMENTO COM ARGAMASSA DE CIMENTO E AREIA,NO TRACO 1:4 E ACERTO DE FUNDO DE VALA.FORNECIMENTO E ASSENTAMENTO | D61: =VLOOKUP(B61,'DESCRIÇÃO EMOP'!A:C,3,FALSE) -> M | E61: ='XI - MEMORIA'!B483 -> 5610 | F61: =VLOOKUP(B61,'EMOP 092021'!A:B,2,FALSE) -> 171.4 | G61: =TRUNC(E61*F61,2) -> 961554 | H61: =G61/$G$126 -> 0.019256543
A62: =A61+1 -> 47 | B62: 06.004.0066-A | C62: TUBO DE CONCRETO ARMADO,CLASSE PA-1(NBR 8890/03),PARA GALERIAS DE AGUAS PLUVIAIS,COM DIAMETRO DE 600MM,ATERRO E SOCA ATEA ALTURA DA GERATRIZ SUPERIOR DO TUBO,CONSIDERANDO O MATERIAL DA PROPRIA ESCAVACAO,INCLUSIVE FORNECIMENTO DO MATERIAL PARA REJUNTAMENTO COM ARGAMASSA DE CIMENTO E AREIA,NO TRACO 1:4 E ACERTO DE FUNDO DE VALA.FORNECIMENTO E ASSENTAMENTO | D62: =VLOOKUP(B62,'DESCRIÇÃO EMOP'!A:C,3,FALSE) -> M | E62: ='XI - MEMORIA'!B487 -> 2033 | F62: =VLOOKUP(B62,'EMOP 092021'!A:B,2,FALSE) -> 247.47 | G62: =TRUNC(E62*F62,2) -> 503106.51 | H62: =G62/$G$126 -> 0.010075453
A63: =A62+1 -> 48 | B63: 06.004.0070-A | C63: TUBO DE CONCRETO ARMADO,CLASSE PA-1(NBR 8890/03),PARA GALERIAS DE AGUAS PLUVIAIS,COM DIAMETRO DE 800MM,ATERRO E SOCA ATEA ALTURA DA GERATRIZ SUPERIOR DO TUBO,CONSIDERANDO O MATERIAL DA PROPRIA ESCAVACAO,INCLUSIVE FORNECIMENTO DO MATERIAL PARA REJUNTAMENTO COM ARGAMASSA DE CIMENTO E AREIA,NO TRACO 1:4 E ACERTO DE FUNDO DE VALA.FORNECIMENTO E ASSENTAMENTO | D63: =VLOOKUP(B63,'DESCRIÇÃO EMOP'!A:C,3,FALSE) -> M | E63: ='XI - MEMORIA'!B491 -> 651 | F63: =VLOOKUP(B63,'EMOP 092021'!A:B,2,FALSE) -> 392.16 | G63: =TRUNC(E63*F63,2) -> 255296.16 | H63: =G63/$G$126 -> 0.0051126836
A64: =A63+1 -> 49 | B64: 06.004.0074-A | C64: TUBO DE CONCRETO ARMADO,CLASSE PA-1(NBR 8890/03),PARA GALERIAS DE AGUAS PLUVIAIS,COM DIAMETRO DE 1.000MM,ATERRO E SOCA ATE A ALTURA DA GERATRIZ SUPERIOR DO TUBO,CONSIDERANDO O MATERIAL DA PROPRIA ESCAVACAO,INCLUSIVE FORNECIMENTO DO MATERIALPARA REJUNTAMENTO COM ARGAMASSA DE CIMENTO E AREIA,NO TRACO1:4 E ACERTO DE FUNDO DE VALA.FORNECIMENTO E ASSENTAMENTO | D64: =VLOOKUP(B64,'DESCRIÇÃO EMOP'!A:C,3,FALSE) -> M | E64: ='XI - MEMORIA'!B495 -> 171 | F64: =VLOOKUP(B64,'EMOP 092021'!A:B,2,FALSE) -> 586.37 | G64: =TRUNC(E64*F64,2) -> 100269.27 | H64: =G64/$G$126 -> 0.0020080406
A65: =A64+1 -> 50 | B65: 06.004.0078-A | C65: TUBO DE CONCRETO ARMADO,CLASSE PA-1(NBR 8890/03),PARA GALERIAS DE AGUAS PLUVIAIS,COM DIAMETRO DE 1.200MM,ATERRO E SOCA ATE A ALTURA DA GERATRIZ SUPERIOR DO TUBO,CONSIDERANDO O MATERIAL DA PROPRIA ESCAVACAO,INCLUSIVE FORNECIMENTO DO MATERIALPARA REJUNTAMENTO COM ARGAMASSA DE CIMENTO E AREIA,NO TRACO1:4 E ACERTO DE FUNDO DE VALA.FORNECIMENTO E ASSENTAMENTO | D65: =VLOOKUP(B65,'DESCRIÇÃO EMOP'!A:C,3,FALSE) -> M | E65: ='XI - MEMORIA'!B499 -> 163 | F65: =VLOOKUP(B65,'EMOP 092021'!A:B,2,FALSE) -> 792.75 | G65: =TRUNC(E65*F65,2) -> 129218.25 | H65: =G65/$G$126 -> 0.0025877868
A66: =A65+1 -> 51 | B66: 06.004.0092-A | C66: TUBO DE CONCRETO ARMADO,CLASSE PA-2(NBR 8890/03),PARA GALERIAS DE AGUAS PLUVIAIS,COM DIAMETRO DE 400MM,ATERRO E SOCA ATEA ALTURA DA GERATRIZ SUPERIOR DO TUBO,CONSIDERANDO O MATERIAL DA PROPRIA ESCAVACAO,INCLUSIVE FORNECIMENTO DO MATERIAL PARA REJUNTAMENTO COM ARGAMASSA DE CIMENTO E AREIA,NO TRACO 1:4 E ACERTO DE FUNDO DE VALA.FORNECIMENTO E ASSENTAMENTO | D66: =VLOOKUP(B66,'DESCRIÇÃO EMOP'!A:C,3,FALSE) -> M | E66: ='XI - MEMORIA'!B505 -> 1979 | F66: =VLOOKUP(B66,'EMOP 092021'!A:B,2,FALSE) -> 145.68 | G66: =TRUNC(E66*F66,2) -> 288300.72 | H66: =G66/$G$126 -> 0.0057736488
A67: =A66+1 -> 52 | B67: 06.004.0096-A | C67: TUBO DE CONCRETO ARMADO,CLASSE PA-2(NBR 8890/03),PARA GALERIAS DE AGUAS PLUVIAIS,COM DIAMETRO DE 600MM,ATERRO E SOCA ATEA ALTURA DE GERATRIZ SUPERIOR DO TUBO,CONSIDERANDO O MATERIAL DA PROPRIA ESCAVACAO,INCLUSIVE FORNECIMENTO DO MATERIAL PARA REJUNTAMENTO COM ARGAMASSA DE CIMENTO E AREIA,NO TRACO 1:4 E ACERTO DE FUNDO DE VALA.FORNECIMENTO E ASSENTAMENTO | D67: =VLOOKUP(B67,'DESCRIÇÃO EMOP'!A:C,3,FALSE) -> M | E67: ='XI - MEMORIA'!B509 -> 160 | F67: =VLOOKUP(B67,'EMOP 092021'!A:B,2,FALSE) -> 283.97 | G67: =TRUNC(E67*F67,2) -> 45435.2 | H67: =G67/$G$126 -> 0.00090990715
A68: =A67+1 -> 53 | B68: 06.004.0100-A | C68: TUBO DE CONCRETO ARMADO,CLASSE PA-2(NBR 8890/03),PARA GALERIAS DE AGUAS PLUVIAIS,COM DIAMETRO DE 800MM,ATERRO E SOCA ATEA ALTURA DA GERATRIZ SUPERIOR DO TUBO,CONSIDERANDO O MATERIAL DA PROPRIA ESCAVACAO,INCLUSIVE FORNECIMENTO DO MATERIAL PARA REJUNTAMENTO COM ARGAMASSA DE CIMENTO E AREIA,NO TRACO 1:4 E ACERTO DE FUNDO DE VALA.FORNECIMENTO E ASSENTAMENTO | D68: =VLOOKUP(B68,'DESCRIÇÃO EMOP'!A:C,3,FALSE) -> M | E68: ='XI - MEMORIA'!B513 -> 476 | F68: =VLOOKUP(B68,'EMOP 092021'!A:B,2,FALSE) -> 379.16 | G68: =TRUNC(E68*F68,2) -> 180480.16 | H68: =G68/$G$126 -> 0.0036143824
A69: =A68+1 -> 54 | B69: 06.004.0108-A | C69: TUBO DE CONCRETO ARMADO,CLASSE PA-2(NBR 8890/03),PARA GALERIAS DE AGUAS PLUVIAIS,COM DIAMETRO DE 1.200MM,ATERRO E SOCA ATE A ALTURA DA GERATRIZ SUPERIOR DO TUBO,CONSIDERANDO O MATERIAL DA PROPRIA ESCAVACAO,INCLUSIVE FORNECIMENTO DO MATERIALPARA REJUNTAMENTO COM ARGAMASSA DE CIMENTO E AREIA,NO TRACO1:4 E ACERTO DE FUNDO DE VALA.FORNECIMENTO E ASSENTAMENTO | D69: =VLOOKUP(B69,'DESCRIÇÃO EMOP'!A:C,3,FALSE) -> M | E69: ='XI - MEMORIA'!B517 -> 50 | F69: =VLOOKUP(B69,'EMOP 092021'!A:B,2,FALSE) -> 796.03 | G69: =TRUNC(E69*F69,2) -> 39801.5 | H69: =G69/$G$126 -> 0.00079708397
A70: =A69+1 -> 55 | B70: 06.004.0110-A | C70: TUBO DE CONCRETO ARMADO,CLASSE PA-2(NBR 8890/03),PARA GALERIAS DE AGUAS PLUVIAIS,COM DIAMETRO DE 1.500MM,ATERRO E SOCA ATE A ALTURA DA GERATRIZ SUPERIOR DO TUBO,CONSIDERANDO O MATERIAL DA PROPRIA ESCAVACAO,INCLUSIVE FORNECIMENTO DO MATERIALPARA REJUNTAMENTO COM ARGAMASSA DE CIMENTO E AREIA,NO TRACO1:4 E ACERTO DE FUNDO DE VALA.FORNECIMENTO E ASSENTAMENTO | D70: =VLOOKUP(B70,'DESCRIÇÃO EMOP'!A:C,3,FALSE) -> M | E70: ='XI - MEMORIA'!B521 -> 70 | F70: =VLOOKUP(B70,'EMOP 092021'!A:B,2,FALSE) -> 1098.65 | G70: =TRUNC(E70*F70,2) -> 76905.5 | H70: =G70/$G$126 -> 0.0015401465
A71: =A70+1 -> 56 | B71: 06.004.0253-B | C71: CANAL PRE-FABRICADO,EM CONCRETO PROTENDIDO E/OU ARMADO,COM SECAO EM "U",MEDIDO PELA AREA DO PERIMETRO INTERNO DA SECAO VEZES O COMPRIMENTO DO CANAL.FORNECIMENTO E ASSENTAMENTO | D71: =VLOOKUP(B71,'DESCRIÇÃO EMOP'!A:C,3,FALSE) -> M2 | E71: ='XI - MEMORIA'!B528 -> 4240.4 | F71: =VLOOKUP(B71,'EMOP 092021'!A:B,2,FALSE) -> 756.82 | G71: =TRUNC(E71*F71,2) -> 3209219.5 | H71: =G71/$G$126 -> 0.064269373
A72: =A71+1 -> 57 | B72: 06.004.0254-B | C72: COBERTURA DE CANAL PRE-FABRICADO,EM CONCRETO PROTENDIDO E/OUARMADO,PARA VAOS ATE 5,00M.FORNECIMENTO E ASSENTAMENTO | D72: =VLOOKUP(B72,'DESCRIÇÃO EMOP'!A:C,3,FALSE) -> M2 | E72: ='XI - MEMORIA'!B535 -> 2756.8 | F72: =VLOOKUP(B72,'EMOP 092021'!A:B,2,FALSE) -> 859.15 | G72: =TRUNC(E72*F72,2) -> 2368504.7 | H72: =G72/$G$126 -> 0.047432814
A73: =A72+1 -> 58 | B73: 06.015.0010-A | C73: POCO DE VISITA EM ALVENARIA DE BLOCOS DE CONCRETO(20X20X40CM),PAREDES 0,20M DE ESP.C/1,20X1,20X1,40M,P/COLETOR AGUAS PLUVIAIS 0,40 A 0,70M DE DIAM.UTILIZANDO ARG.CIM.AREIA,TRACO 1:4,SENDO PAREDES CHAPISCADAS E REVESTIDAS INTERNAMENTE C/ARG.,ENCHIMENTO BLOCOS E BASE EM CONCRETO SIMPLES,TAMPA DE CONCR.ARMADO,DEGRAUS FERRO FUNDIDO,INCL.FORN.TODOS OS MATERIAIS | D73: =VLOOKUP(B73,'DESCRIÇÃO EMOP'!A:C,3,FALSE) -> UN | E73: ='XI - MEMORIA'!B539 -> 235 | F73: =VLOOKUP(B73,'EMOP 092021'!A:B,2,FALSE) -> 2369.84 | G73: =TRUNC(E73*F73,2) -> 556912.4 | H73: =G73/$G$126 -> 0.011152995
A74: =A73+1 -> 59 | B74: 06.015.0011-A | C74: POCO DE VISITA EM ALVENARIA DE BLOCOS DE CONCRETO(20X20X40CM),EM PAREDES DE 0,20M DE ESP.C/1,30X1,30X1,40M,P/COLETOR DEAGUAS PLUVIAIS DE 0,80M DE DIAM.UTILIZ.ARG.CIM.AREIA,TRACO 1:4,SENDO AS PAREDES REVESTIDAS INTERNAMENTE C/ARG.ENCHIMENTODOS BLOCOS E BASE EM CONCRETO SIMPLES,TAMPA DE CONCRETO ARMADO,DEGRAU DE FERRO FUNDIDO,INCL.FORN.DE TODOS OS MATERIAIS | D74: =VLOOKUP(B74,'DESCRIÇÃO EMOP'!A:C,3,FALSE) -> UN | E74: ='XI - MEMORIA'!B543 -> 35 | F74: =VLOOKUP(B74,'EMOP 092021'!A:B,2,FALSE) -> 2500.11 | G74: =TRUNC(E74*F74,2) -> 87503.85 | H74: =G74/$G$126 -> 0.0017523942
A75: =A74+1 -> 60 | B75: 06.015.0013-A | C75: POCO DE VISITA EM ALVENARIA DE BLOCOS DE CONCRETO(20X20X40CM),EM PAREDES DE 0,20M DE ESP.C/1,50X1,50X1,60M,P/COLETOR DEAGUAS PLUVIAIS DE 1,00M DE DIAM.SENDO AS PAREDES CHAPISCADASE REVESTIDAS INTERNAMENTE C/ARGAMASSA,ENCHIMENTO DOS BLOCOSE BASE EM CONCRETO SIMPLES,TAMPA DE CONCRETO ARMADO,DEGRAUSDE FERRO FUNDIDO,INCL.FORNECIMENTO DE TODOS OS MATERIAIS | D75: =VLOOKUP(B75,'DESCRIÇÃO EMOP'!A:C,3,FALSE) -> UN | E75: ='XI - MEMORIA'!B547 -> 6 | F75: =VLOOKUP(B75,'EMOP 092021'!A:B,2,FALSE) -> 3120.4 | G75: =TRUNC(E75*F75,2) -> 18722.4 | H75: =G75/$G$126 -> 0.00037494378
A76: =A75+1 -> 61 | B76: 06.015.0015-A | C76: POCO DE VISITA EM ALVENARIA DE BLOCOS DE CONCRETO(20X20X40CM),EM PAREDES DE 0,20M DE ESP.C/1,70X1,70X1,80M,P/COLETOR DEAGUAS PLUVIAIS DE 1,20M DE DIAM.SENDO AS PAREDES CHAPISCADASE REVESTIDAS INTERNAMENTE C/ARGAMASSA,ENCHIMENTO DOS BLOCOSE BASE EM CONCRETO SIMPLES,TAMPA DE CONCRETO ARMADO,DEGRAUSDE FERRO FUNDIDO,INCL.FORNECIMENTO DE TODOS OS MATERIAIS | D76: =VLOOKUP(B76,'DESCRIÇÃO EMOP'!A:C,3,FALSE) -> UN | E76: ='XI - MEMORIA'!B551 -> 8 | F76: =VLOOKUP(B76,'EMOP 092021'!A:B,2,FALSE) -> 3844.72 | G76: =TRUNC(E76*F76,2) -> 30757.76 | H76: =G76/$G$126 -> 0.00061596969
A77: =A76+1 -> 62 | B77: 06.015.0016-A | C77: POCO DE VISITA EM ALVENARIA DE BLOCOS DE CONCRETO(20X20X40CM),EM PAREDES DE 0,20M DE ESP.C/2,00X2,00X2,10M,P/COLETOR DEAGUAS PLUVIAIS DE 1,50M DE DIAM.SENDO AS PAREDES CHAPISCADASE REVESTIDAS INTERNAMENTE C/ARGAMASSA,ENCHIMENTO DOS BLOCOSE BASE EM CONCRETO SIMPLES,TAMPA DE CONCRETO ARMADO,DEGRAUSDE FERRO FUNDIDO,INCL.FORNECIMENTO DE TODOS OS MATERIAIS | D77: =VLOOKUP(B77,'DESCRIÇÃO EMOP'!A:C,3,FALSE) -> UN | E77: ='XI - MEMORIA'!B555 -> 18 | F77: =VLOOKUP(B77,'EMOP 092021'!A:B,2,FALSE) -> 4984.84 | G77: =TRUNC(E77*F77,2) -> 89727.12 | H77: =G77/$G$126 -> 0.0017969184
A78: =A77+1 -> 63 | B78: 20.067.0078-A | C78: BOCA PARA BUEIRO SIMPLES TUBULAR DE CONCRETO,DIAMETRO DE 1,20M,EM CONCRETO CICLOPICO,INCLUSIVE FORMA,ESCAVACAO,REATERROE FORNECIMENTO DOS MATERIAIS,EXCLUSIVE ESCAVACAO DE MATERIALDE REATERRO NA JAZIDA E SEU TRANSPORTE AO CANTEIRO | D78: =VLOOKUP(B78,'DESCRIÇÃO EMOP'!A:C,3,FALSE) -> UN | E78: ='XI - MEMORIA'!B559 -> 1 | F78: =VLOOKUP(B78,'EMOP 092021'!A:B,2,FALSE) -> 2272.96 | G78: =TRUNC(E78*F78,2) -> 2272.96 | H78: =G78/$G$126 -> 4.5519389e-05
A79: =A78+1 -> 64 | B79: 11.003.0014-B | C79: CONCRETO CICLOPICO CONFECCIONADO COM CONCRETO DOSADO PARA UMA RESISTENCIA CARACTERISTICA A COMPRESSAO DE 10MPA,TENDO 30%DO VOLUME REAL OCUPADO POR PEDRA-DE-MAO,INCLUSIVE MATERIAIS,TRANSPORTE,PREPARO,LANCAMENTO E ADENSAMENTO | D79: =VLOOKUP(B79,'DESCRIÇÃO EMOP'!A:C,3,FALSE) -> M3 | E79: ='XI - MEMORIA'!B566 -> 26.2 | F79: =VLOOKUP(B79,'EMOP 092021'!A:B,2,FALSE) -> 403.75 | G79: =TRUNC(E79*F79,2) -> 10578.25 | H79: =G79/$G$126 -> 0.00021184512
A80: =A79+1 -> 65 | B80: 06.016.0100-A | C80: TAMPAO MISTO (FERRO FUNDIDO E CONCRETO,EXCLUSIVE ESTE),TIPOPESADO,DE 0,60M DE DIAMETRO,PESO SEM CONCRETO 70KG E TOTAL DE 106KG,ASSENTADO COM ARGAMASSA DE CIMENTO E AREIA,NO TRACO1:4 EM VOLUME.FORNECIMENTO E ASSENTAMENTO | D80: =VLOOKUP(B80,'DESCRIÇÃO EMOP'!A:C,3,FALSE) -> UN | E80: ='XI - MEMORIA'!B572 -> 325 | F80: =VLOOKUP(B80,'EMOP 092021'!A:B,2,FALSE) -> 412.23 | G80: =TRUNC(E80*F80,2) -> 133974.75 | H80: =G80/$G$126 -> 0.0026830427
A81: =A80+1 -> 66 | B81: 05.077.0001-A | C81: ESCORAMENTO DE VALAS EM PRANCHADA HORIZONTAL,EMPREGANDO-SE MADEIRA DE 3ª E PERFIL METALICO "H" DE 6"X6",REUTILIZADOS EM5 VEZES,INCLUSIVE FORNECIMENTO DE TODOS OS MATERIAIS,COLOCACAO E RETIRADA | D81: =VLOOKUP(B81,'DESCRIÇÃO EMOP'!A:C,3,FALSE) -> M2 | E81: ='XI - MEMORIA'!B578 -> 1843.42 | F81: =VLOOKUP(B81,'EMOP 092021'!A:B,2,FALSE) -> 262.68 | G81: =TRUNC(E81*F81,2) -> 484229.56 | H81: =G81/$G$126 -> 0.0096974139
A82: =A81+1 -> 67 | B82: 05.098.0002-A | C82: ESCORAMENTO DE VALA/CAVA ATE 4,00M DE PROFUNDIDADE,COM PRANCHOES EM PECAS DE MADEIRA DE 3ª DE 3"X9",CRAVACAO E RETIRADADOS PRANCHOES COM EQUIPAMENTOS.A MEDICAO DO SERVICO E FEITAPELA AREA EFETIVAMENTE EM CONTATO COM OS PRANCHOES.CONSIDERANDO A MADEIRA REUTILIZADA 2 VEZES.FORNECIMENTO E COLOCACAO | D82: =VLOOKUP(B82,'DESCRIÇÃO EMOP'!A:C,3,FALSE) -> M2 | E82: ='XI - MEMORIA'!B582 -> 33339.04 | F82: =VLOOKUP(B82,'EMOP 092021'!A:B,2,FALSE) -> 68.94 | G82: =TRUNC(E82*F82,2) -> 2298393.4 | H82: =G82/$G$126 -> 0.046028731
A83: =A82+1 -> 68 | B83: 15.069.0001-A | C83: INTERVENCAO NO RAMAL CONFORME ESPECIFICACOES CEDAE,INCLUSIVEESCAVACAO E REATERRO COM O FORNECIMENTO DE TODO O MATERIALNECESSARIO,EXCLUSIVE REMOCAO E REPOSICAO DE PAVIMENTOS E RETIRADA DO CAVALETE,COM DIAMETRO DE 1/2" | D83: =VLOOKUP(B83,'DESCRIÇÃO EMOP'!A:C,3,FALSE) -> UN | E83: ='XI - MEMORIA'!B587 -> 1746 | F83: =VLOOKUP(B83,'EMOP 092021'!A:B,2,FALSE) -> 238.06 | G83: =TRUNC(E83*F83,2) -> 415652.76 | H83: =G83/$G$126 -> 0.008324062
A84: =A83+1 -> 69 | B84: 15.069.0010-A | C84: INTERVENCAO NO RAMAL CONFORME ESPECIFICACOES CEDAE,INCLUSIVEESCAVACAO E REATERRO COM O FORNECIMENTO DE TODO O MATERIALNECESSARIO,EXCLUSIVE REMOCAO E REPOSICAO DE PAVIMENTOS E RETIRADA DO CAVALETE,COM DIAMETRO DE 3/4" | D84: =VLOOKUP(B84,'DESCRIÇÃO EMOP'!A:C,3,FALSE) -> UN | E84: ='XI - MEMORIA'!B592 -> 873 | F84: =VLOOKUP(B84,'EMOP 092021'!A:B,2,FALSE) -> 238.98 | G84: =TRUNC(E84*F84,2) -> 208629.54 | H84: =G84/$G$126 -> 0.0041781154
E85: TOTAL DO ITEM | G85: =SUM(G35:G84) -> 25148013 | H85: =G85/$G$126 -> 0.5036262 | I85: =SUM(G35:G85)/2 -> 25148013 | J85: =I85=G85 -> TRUE
A86: C | B86: PAVIMENTAÇÃO | H86: =G86/$G$126 -> 0
A87: =A84+1 -> 70 | B87: 01.005.0004-A | C87: PREPARO MANUAL DE TERRENO,COMPREENDENDO ACERTO,RASPAGEM EVENTUAL ATE 0.30M DE PROFUNDIDADE E AFASTAMENTO LATERAL DO MATERIAL EXCEDENTE,INCLUSIVE COMPACTACAO MANUAL | D87: =VLOOKUP(B87,'DESCRIÇÃO EMOP'!A:C,3,FALSE) -> M2 | E87: ='XI - MEMORIA'!B634 -> 33618 | F87: =VLOOKUP(B87,'EMOP 092021'!A:B,2,FALSE) -> 14.77 | G87: =TRUNC(E87*F87,2) -> 496537.86 | H87: =G87/$G$126 -> 0.0099439058
A88: =A87+1 -> 71 | B88: 02.020.0009-A | C88: SEMAFORO PARA SINALIZACAO DE BLOQUEIO DE OBRA NA VIA PUBLICA,DE ACORDO COM A RESOLUCAO DA PREFEITURA-RJ,COMPREENDENDO FORNECIMENTO E COLOCACAO DE TODOS OS MATERIAIS NECESSARIOS,INCLUSIVE MATERIAIS ELETRICOS,CONSIDERANDO 40 VEZES O REAPROVEITAMENTO DA MADEIRA | D88: =VLOOKUP(B88,'DESCRIÇÃO EMOP'!A:C,3,FALSE) -> UN | E88: ='XI - MEMORIA'!B639 -> 252 | F88: =VLOOKUP(B88,'EMOP 092021'!A:B,2,FALSE) -> 99.77 | G88: =TRUNC(E88*F88,2) -> 25142.04 | H88: =G88/$G$126 -> 0.00050350658
A89: =A88+1 -> 72 | B89: 02.030.0005-A | C89: PLACA DE SINALIZACAO PREVENTIVA PARA OBRA NA VIA PUBLICA,DEACORDO COM A RESOLUCAO DA PREFEITURA-RJ, COMPREENDENDO FORNECIMENTO E PINTURA DA PLACA E DOS SUPORTES DE MADEIRA.FORNECIMENTO E COLOCACAO | D89: =VLOOKUP(B89,'DESCRIÇÃO EMOP'!A:C,3,FALSE) -> UN | E89: ='XI - MEMORIA'!B644 -> 448.24 | F89: =VLOOKUP(B89,'EMOP 092021'!A:B,2,FALSE) -> 85.74 | G89: =TRUNC(E89*F89,2) -> 38432.09 | H89: =G89/$G$126 -> 0.00076965951
A90: =A89+1 -> 73 | B90: 02.011.0014-A | C90: CERCA PROTETORA DE BORDA DE VALA OU OBRA,COM TELA PLASTICA NA COR LARANJA OU AMARELA,CONSIDERANDO 1 VEZ DE UTILIZACAO,INCLUSIVE APOIOS,FORNECIMENTO,COLOCACAO E RETIRADA | D90: =VLOOKUP(B90,'DESCRIÇÃO EMOP'!A:C,3,FALSE) -> M2 | E90: ='XI - MEMORIA'!B651 -> 22412 | F90: =VLOOKUP(B90,'EMOP 092021'!A:B,2,FALSE) -> 2.21 | G90: =TRUNC(E90*F90,2) -> 49530.52 | H90: =G90/$G$126 -> 0.000991922
A91: =A90+1 -> 74 | B91: 02.020.0005-A | C91: BARRAGEM DE BLOQUEIO DE OBRA NA VIA PUBLICA,DE ACORDO COM ARESOLUCAO DA PREFEITURA-RJ,COMPREENDENDO FORNECIMENTO,COLOCACAO E PINTURA DOS SUPORTES DE MADEIRA COM REAPROVEITAMENTO DO CONJUNTO 40 (QUARENTA) VEZES | D91: =VLOOKUP(B91,'DESCRIÇÃO EMOP'!A:C,3,FALSE) -> M | E91: ='XI - MEMORIA'!B657 -> 784.42 | F91: =VLOOKUP(B91,'EMOP 092021'!A:B,2,FALSE) -> 3.07 | G91: =TRUNC(E91*F91,2) -> 2408.16 | H91: =G91/$G$126 -> 4.822697e-05
A92: =A91+1 -> 75 | B92: 03.009.0004-A | C92: ATERRO COM MATERIAL DE 1ªCATEGORIA,COMPACTADO MANUALMENTE EMCAMADAS DE 20CM,ATE UMA ALTURA MAXIMA DE 80CM,PARA SUPORTEDE CAMADA DE CONCRETO,INCLUSIVE DOIS TIROS DE PA,ESPALHAMENTO E REGA,EXCLUSIVE FORNECIMENTO DA TERRA | D92: =VLOOKUP(B92,'DESCRIÇÃO EMOP'!A:C,3,FALSE) -> M3 | E92: ='XI - MEMORIA'!B698 -> 6723.6 | F92: =VLOOKUP(B92,'EMOP 092021'!A:B,2,FALSE) -> 66.46 | G92: =TRUNC(E92*F92,2) -> 446850.45 | H92: =G92/$G$126 -> 0.0089488419
A93: =A92+1 -> 76 | B93: 03.025.0005-A | C93: ESCAVACAO MECANICA,COM TRATOR DE LAMINA COM POTENCIA EM TORNO DE 200CV,EM MATERIAL DE 1ªCATEGORIA,COM TRANSPORTE ENTRE 50,00 E 100,00M | D93: =VLOOKUP(B93,'DESCRIÇÃO EMOP'!A:C,3,FALSE) -> M3 | E93: ='XI - MEMORIA'!B739 -> 29585.36 | F93: =VLOOKUP(B93,'EMOP 092021'!A:B,2,FALSE) -> 7.1 | G93: =TRUNC(E93*F93,2) -> 210056.05 | H93: =G93/$G$126 -> 0.0042066834
A94: =A93+1 -> 77 | B94: 04.011.0051-B | C94: CARGA E DESCARGA MECANICA,COM PA-CARREGADEIRA,COM 1,30M3 DECAPACIDADE,UTILIZANDO CAMINHAO BASCULANTE A OLEO DIESEL,COMCAPACIDADE UTIL DE 8T,CONSIDERADOS PARA O CAMINHAO OS TEMPOSDE ESPERA,MANOBRA,CARGA E DESCARGA E PARA A CARREGADEIRA OSTEMPOS DE ESPERA E OPERACAO PARA CARGAS DE 50T POR DIA DE 8H | D94: =VLOOKUP(B94,'DESCRIÇÃO EMOP'!A:C,3,FALSE) -> T | E94: ='XI - MEMORIA'!B746 -> 57411.25 | F94: =VLOOKUP(B94,'EMOP 092021'!A:B,2,FALSE) -> 9.23 | G94: =TRUNC(E94*F94,2) -> 529905.83 | H94: =G94/$G$126 -> 0.010612149
A95: =A94+1 -> 78 | B95: 04.005.0124-A | C95: TRANSPORTE DE CARGA DE QUALQUER NATUREZA,EXCLUSIVE AS DESPESAS DE CARGA E DESCARGA,TANTO DE ESPERA DO CAMINHAO COMO DO SERVENTE OU EQUIPAMENTO AUXILIAR,A VELOCIDADE MEDIA DE 25KM/H,EM CAMINHAO BASCULANTE A OLEO DIESEL,COM CAPACIDADE UTIL DE8T | D95: =VLOOKUP(B95,'DESCRIÇÃO EMOP'!A:C,3,FALSE) -> T X KM | E95: ='XI - MEMORIA'!B754 -> 1811596.1 | F95: =VLOOKUP(B95,'EMOP 092021'!A:B,2,FALSE) -> 1.73 | G95: =TRUNC(E95*F95,2) -> 3134061.2 | H95: =G95/$G$126 -> 0.062764215
A96: =A95+1 -> 79 | B96: 04.018.0020-B | C96: RECEBIMENTO DE CARGA,DESCARGA E MANOBRA DE CAMINHAO BASCULANTE DE 8,00M3 OU 12T | D96: =VLOOKUP(B96,'DESCRIÇÃO EMOP'!A:C,3,FALSE) -> T | E96: ='XI - MEMORIA'!B758 -> 57411.25 | F96: =VLOOKUP(B96,'EMOP 092021'!A:B,2,FALSE) -> 0.77 | G96: =TRUNC(E96*F96,2) -> 44206.66 | H96: =G96/$G$126 -> 0.00088530382
A97: =A96+1 -> 80 | B97: TC 09.05.0700 | C97: DISPOSICAO FINAL DE MATERIAIS E RESIDUOS DE OBRAS EM LOCAIS DE OPERACAO E DISPOSICAO FINAL APROPRIADOS, AUTORIZADOS E/OU LICENCIADOS PELOS ORGAOS DE LICENCIAMENTO E DE CONTROLE AMBIENTAL, MEDIDA POR TONELADA TRANSPORTADA, SENDO COMPROVADA CONFORME LEGISLACAO PERTINENTE. (DESONERADO) | D97: =VLOOKUP(B97,'DESCRIÇÃO EMOP'!A:C,3,FALSE) -> T | E97: ='XI - MEMORIA'!B766 -> 57411.25 | F97: =VLOOKUP(B97,'EMOP 092021'!A:B,2,FALSE) -> 15 | G97: =TRUNC(E97*F97,2) -> 861168.75 | H97: =G97/$G$126 -> 0.017246179
A98: =A97+1 -> 81 | B98: 05.002.0100-A | C98: LEVANTAMENTO OU REBAIXAMENTO DE TAMPAO DE RUA,CONSIDERANDO DEMOLICAO DE CAMADA DE ASFALTO E CONCRETO,MOVIMENTACAO E CONCRETAGEM,EXCLUSIVE CERCA PROTETORA | D98: =VLOOKUP(B98,'DESCRIÇÃO EMOP'!A:C,3,FALSE) -> UN | E98: ='XI - MEMORIA'!B770 -> 20 | F98: =VLOOKUP(B98,'EMOP 092021'!A:B,2,FALSE) -> 240.24 | G98: =TRUNC(E98*F98,2) -> 4804.8 | H98: =G98/$G$126 -> 9.6223234e-05
A99: =A98+1 -> 82 | B99: 08.001.0005-A | C99: SUB-BASE DE PO-DE-PEDRA,INCLUSIVE ESPALHAMENTO,IRRIGACAO,COMPACTACAO E FORNECIMENTO DO MATERIAL | D99: =VLOOKUP(B99,'DESCRIÇÃO EMOP'!A:C,3,FALSE) -> M3 | E99: ='XI - MEMORIA'!B796 -> 6683.94 | F99: =VLOOKUP(B99,'EMOP 092021'!A:B,2,FALSE) -> 91.39 | G99: =TRUNC(E99*F99,2) -> 610845.27 | H99: =G99/$G$126 -> 0.012233081
A100: =A99+1 -> 83 | B100: 08.001.0002-B | C100: BASE DE BRITA GRADUADA,INCLUSIVE FORNECIMENTO DOS MATERIAIS,MEDIDA APOS A COMPACTACAO | D100: =VLOOKUP(B100,'DESCRIÇÃO EMOP'!A:C,3,FALSE) -> M3 | E100: ='XI - MEMORIA'!B836 -> 13992.31 | F100: =VLOOKUP(B100,'EMOP 092021'!A:B,2,FALSE) -> 133.85 | G100: =TRUNC(E100*F100,2) -> 1872870.7 | H100: =G100/$G$126 -> 0.037507009
A101: =A100+1 -> 84 | B101: 20.008.0003-A | C101: BASE "TELFORD",MEDIDA APOS A COMPACTACAO,EXCLUSIVE O FORNECIMENTO E TRANSPORTE DOS MATERIAIS | D101: =VLOOKUP(B101,'DESCRIÇÃO EMOP'!A:C,3,FALSE) -> M3 | E101: ='XI - MEMORIA'!B861 -> 6066.54 | F101: =VLOOKUP(B101,'EMOP 092021'!A:B,2,FALSE) -> 7.83 | G101: =TRUNC(E101*F101,2) -> 47501 | H101: =G101/$G$126 -> 0.00095127786
A102: =A101+1 -> 85 | B102: 20.098.0001-A | C102: PEDRA-DE-MAO,INCLUSIVE TRANSPORTE,PARA REGIAO METROPOLITANADO RIO DE JANEIRO.FORNECIMENTO | D102: =VLOOKUP(B102,'DESCRIÇÃO EMOP'!A:C,3,FALSE) -> M3 | E102: ='XI - MEMORIA'!B886 -> 6066.54 | F102: =VLOOKUP(B102,'EMOP 092021'!A:B,2,FALSE) -> 99.12 | G102: =TRUNC(E102*F102,2) -> 601315.44 | H102: =G102/$G$126 -> 0.012042232
A103: =A102+1 -> 86 | B103: 20.097.0005-A | C103: PO-DE-PEDRA, INCLUSIVE TRANSPORTE PARA REGIAO METROPOLITANADO RIO DE JANEIRO.FORNECIMENTO | D103: =VLOOKUP(B103,'DESCRIÇÃO EMOP'!A:C,3,FALSE) -> M3 | E103: ='XI - MEMORIA'!B891 -> 1516.64 | F103: =VLOOKUP(B103,'EMOP 092021'!A:B,2,FALSE) -> 62.4 | G103: =TRUNC(E103*F103,2) -> 94638.33 | H103: =G103/$G$126 -> 0.0018952727
...

Sheet XI - MEMORIA
C2: PREFEITURA MUNICIPAL DE SÃO GONÇALO
C3: SECRETARIA MUNICIPAL DE COMPRAS E SUPRIMENTOS
A5: Titulo : | B5: ='V - ORÇAMENTO'!C4 -> SERVIÇO DE COMPLEMENTAÇÃO DA INFRAESTRUTURA INCLUINDO PAVIMENTAÇÃO E DRENAGEM EM DIVERSOS LOGRADOUROS NO BAIRRO DE VISTA ALEGRE NO MUNICIPIO DE SÃO GONÇALO
D6: ANEXO XI | K6: Prazo: | L6: 15
D7: MEMÓRIA DE CALCULO
A8: ITEM | B8: QUANT. | C8: DESCRIÇÃO
A10: A | B10: SERVIÇOS DE ESCRITÓRIO LABORATÓRIO E CAMPO
A12: 1 | B12: 02.004.0004-A | C12: =VLOOKUP(B12,'DESCRIÇÃO EMOP'!A:B,2,1) -> BARRACAO OBRA C/PAREDES CHAPAS MADEIRA COMPENSADA,PLASTIF.,LISA,COLAGEM FENOLICA,PROVA D`AGUA, COM 10MM ESP.PISO E ESTRUTURA MADEIRA 3ª,COBERTURA TELHAS ONDULADAS 6MM,FIBROCIMENTO,EXCL.PINT.E LIGACOES PROVISORIAS,INCL.INST.,APARELHOS, ESQUADRIAS E FERRAG.,PROJ.Nº2007/EMOP,ESCRITORIO,SANITARIOS,DEPOSITOS E TORRE C/CAIXA D`AGUA 500L,REAPROVEITADO 5 VEZES
F14: Comprimento | H14: Largura
B15: =TRUNC(F15*H15,2) -> 96 | C15: =VLOOKUP(B12,'DESCRIÇÃO EMOP'!A:C,3) -> M2 | D15: TOTAL DOS SERVIÇOS | F15: 16 | G15: x | H15: 6
A17: =A12+1 -> 2 | B17: 01.016.0085-A | C17: =VLOOKUP(B17,'DESCRIÇÃO EMOP'!A:B,2,1) -> LEVANTAMENTO PLANIALTIMETRICO CADASTRAL DE AREA URBANA OU SUBURBANA,DESTINADA A REGULARIZACAO FUNDIARIA,PROJETOS VIARIOSE DE INFRAESTRUTURA,URBANIZACAO E ASSEMELHADOS,UTILIZANDO POLIGONAL III PAC,DESENHO NA ESCALA DE 1:250 A 1:100,EM AREASDENSAMENTE OCUPADAS(ACIMA DE 50% DE QUADRAS),EM AREAS ACIMADE 10000M2
F19: Extensão | G19: x | H19: Largura
B20: =TRUNC(F20*H20,2) -> 9120 | C20: = | D20: Avenida Presidente Roosevelt | F20: 760 | G20: x | H20: 12
B21: =TRUNC(F21*H21,2) -> 1848 | C21: = | D21: Rua Imeri | F21: 154 | G21: x | H21: 12
B22: =TRUNC(F22*H22,2) -> 2592 | C22: = | D22: Rua Itaipé | F22: 216 | G22: x | H22: 12
B23: =TRUNC(F23*H23,2) -> 1812 | C23: = | D23: Rua Itaipá | F23: 151 | G23: x | H23: 12
B24: =TRUNC(F24*H24,2) -> 1968 | C24: = | D24: Rua Itatuba (200+0 a 208+4,163) | F24: 164 | G24: x | H24: 12
B25: =TRUNC(F25*H25,2) -> 984 | C25: = | D25: Rua Itatuba (220+0 a 224+1,540) | F25: 82 | G25: x | H25: 12
B26: =TRUNC(F26*H26,2) -> 1896 | C26: = | D26: Rua Itajaí | F26: 158 | G26: x | H26: 12
B27: =TRUNC(F27*H27,2) -> 4884 | C27: = | D27: Rua Itapagé | F27: 407 | G27: x | H27: 12
B28: =TRUNC(F28*H28,2) -> 3744 | C28: = | D28: Rua Itaporé | F28: 312 | G28: x | H28: 12
B29: =TRUNC(F29*H29,2) -> 4896 | C29: = | D29: Rua Oswaldo Mendonça de Campos | F29: 408 | G29: x | H29: 12
B30: =TRUNC(F30*H30,2) -> 6960 | C30: = | D30: Rua Itaporanga | F30: 580 | G30: x | H30: 12
B31: =TRUNC(F31*H31,2) -> 3048 | C31: = | D31: Rua Itú | F31: 254 | G31: x | H31: 12
... B55: =TRUNC(F55*H55,2) -> 3648 | C55: = | D55: Rua Itamiami | F55: 304 | G55: x | H55: 12
B56: =SUM(B20:B55) -> 134472 | C56: =VLOOKUP(B17,'DESCRIÇÃO EMOP'!A:C,3) -> M2 | D56: TOTAL DOS SERVIÇOS
A58: =A17+1 -> 3 | B58: 02.002.0011-A | C58: =VLOOKUP(B58,'DESCRIÇÃO EMOP'!A:B,2,FALSE) -> TAPUME DE VEDACAO OU PROTECAO,EXECUTADO COM TELHAS TRAPEZOIDAIS DE ACO GALVANIZADO,ESPESSURA DE 0,5MM,ESTAS COM 2 VEZESDE UTILIZACAO,INCLUSIVE ENGRADAMENTO DE MADEIRA,UTILIZADO 2VEZES E PINTURA ESMALTE SINTETICO NAS FACES INTERNA E EXTERNA
F60: Comprimento | H60: Altura
B61: =TRUNC(F61*H61,2) -> 220 | C61: = | D61: PERIMETRO DO CANTEIRO | F61: 100 | G61: x | H61: 2.2
B62: =B61 -> 220 | C62: =VLOOKUP(B58,'DESCRIÇÃO EMOP'!A:C,3) -> M2 | D62: TOTAL DOS SERVIÇOS
A64: =A58+1 -> 4 | B64: 02.020.0001-A | C64: =VLOOKUP(B64,'DESCRIÇÃO EMOP'!A:B,2,FALSE) -> PLACA DE IDENTIFICACAO DE OBRA PUBLICA,INCLUSIVE PINTURA E SUPORTES DE MADEIRA.FORNECIMENTO E COLOCACAO
E65: Altura | G65: Largura | I65: Quantidade
B66: =TRUNC(E66*G66*I66,2) -> 36 | C66: = | D66: Placa | E66: 2 | F66: x | G66: 3 | H66: x | I66: 6
B67: =B66 -> 36 | C67: =VLOOKUP(B64,'DESCRIÇÃO EMOP'!A:C,3) -> M2 | D67: TOTAL DOS SERVIÇOS
A69: =A64+1 -> 5 | B69: 01.050.0162-A | C69: =VLOOKUP(B69,'DESCRIÇÃO EMOP'!A:B,2,FALSE) -> PROJETO EXECUTIVO PARA URBANIZACAO/REURBANIZACAO DE AREAS,VISANDO A ORGANIZACAO ESPACIAL E DAS ATIVIDADES,CONTEMPLANDO:SISTEMA VIARIO,PASSEIOS,PRACAS,ARBORIZACAO,ILUMINACAO COM CRITERIOS LUMINOTECNICOS,DISTRIBUICAO E INTEGRACAO DO MOBILIARIO URBANO E EQUIPAMENTOS URBANOS,APRESENTADO EM AUTOCAD NOS PADROES DA CONTRATANTE
E71: Extensão (m) | G71: Larg. (m) | I71: Área (m²) | K71: Área (ha)
B72: =K72 -> 0.912 | C72: = | D72: Avenida Presidente Roosevelt | E72: =F20 -> 760 | F72: x | G72: =H20 -> 12 | I72: =TRUNC(E72*G72,2) -> 9120 | K72: =TRUNC(I72/10000,3) -> 0.912
B73: =K73 -> 0.184 | C73: = | D73: Rua Imeri | E73: =F21 -> 154 | F73: x | G73: =H21 -> 12 | I73: =TRUNC(E73*G73,2) -> 1848 | K73: =TRUNC(I73/10000,3) -> 0.184
B74: =K74 -> 0.259 | C74: = | D74: Rua Itaipé | E74: =F22 -> 216 | F74: x | G74: =H22 -> 12 | I74: =TRUNC(E74*G74,2) -> 2592 | K74: =TRUNC(I74/10000,3) -> 0.259
B75: =K75 -> 0.181 | C75: = | D75: Rua Itaipá | E75: =F23 -> 151 | F75: x | G75: =H23 -> 12 | I75: =TRUNC(E75*G75,2) -> 1812 | K75: =TRUNC(I75/10000,3) -> 0.181
B76: =K76 -> 0.196 | C76: = | D76: Rua Itatuba (200+0 a 208+4,163) | E76: =F24 -> 164 | F76: x | G76: =H24 -> 12 | I76: =TRUNC(E76*G76,2) -> 1968 | K76: =TRUNC(I76/10000,3) -> 0.196
B77: =K77 -> 0.098 | C77: = | D77: Rua Itatuba (220+0 a 224+1,540) | E77: =F25 -> 82 | F77: x | G77: =H25 -> 12 | I77: =TRUNC(E77*G77,2) -> 984 | K77: =TRUNC(I77/10000,3) -> 0.098
B78: =K78 -> 0.189 | C78: = | D78: Rua Itajaí | E78: =F26 -> 158 | F78: x | G78: =H26 -> 12 | I78: =TRUNC(E78*G78,2) -> 1896 | K78: =TRUNC(I78/10000,3) -> 0.189
B79: =K79 -> 0.488 | C79: = | D79: Rua Itapagé | E79: =F27 -> 407 | F79: x | G79: =H27 -> 12 | I79: =TRUNC(E79*G79,2) -> 4884 | K79: =TRUNC(I79/10000,3) -> 0.488
B80: =K80 -> 0.374 | C80: = | D80: Rua Itaporé | E80: =F28 -> 312 | F80: x | G80: =H28 -> 12 | I80: =TRUNC(E80*G80,2) -> 3744 | K80: =TRUNC(I80/10000,3) -> 0.374
B81: =K81 -> 0.489 | C81: = | D81: Rua Oswaldo Mendonça de Campos | E81: =F29 -> 408 | F81: x | G81: =H29 -> 12 | I81: =TRUNC(E81*G81,2) -> 4896 | K81: =TRUNC(I81/10000,3) -> 0.489
B82: =K82 -> 0.696 | C82: = | D82: Rua Itaporanga | E82: =F30 -> 580 | F82: x | G82: =H30 -> 12 | I82: =TRUNC(E82*G82,2) -> 6960 | K82: =TRUNC(I82/10000,3) -> 0.696
B83: =K83 -> 0.304 | C83: = | D83: Rua Itú | E83: =F31 -> 254 | F83: x | G83: =H31 -> 12 | I83: =TRUNC(E83*G83,2) -> 3048 | K83: =TRUNC(I83/10000,3) -> 0.304
... B107: =K107 -> 0.364 | C107: = | D107: Rua Itamiami | E107: =F55 -> 304 | F107: x | G107: =H55 -> 12 | I107: =TRUNC(E107*G107,2) -> 3648 | K107: =TRUNC(I107/10000,3) -> 0.364
B108: =SUM(B72:B107) -> 13.433 | C108: =VLOOKUP(B69,'DESCRIÇÃO EMOP'!A:C,3) -> HA
A110: =A69+1 -> 6 | B110: 02.006.0050-A | C110: =VLOOKUP(B110,'DESCRIÇÃO EMOP'!A:B,2,FALSE) -> ALUGUEL DE BANHEIRO QUIMICO,PORTATIL,MEDINDO 2,31M ALTURA X1,56M LARGURA E 1,16M PROFUNDIDADE,INCLUSIVE INSTALACAO E RETIRADA DO EQUIPAMENTO,FORNECIMENTO DE QUIMICA DESODORIZANTE,BACTERICIDA E BACTERIOSTATICA,PAPEL HIGIENICO E VEICULO PROPRIO COM UNIDADE MOVEL DE SUCCAO PARA LIMPEZA
F111: Quantidade | H111: Frentes trabalho | K111: Tempo de Obra / Meses
B112: =TRUNC(F112*H112*K112,2) -> 120 | C112: = | F112: 1 | G112: x | H112: 8 | I112: x | K112: =$L$6 -> 15
B113: =B112 -> 120 | C113: =VLOOKUP(B110,'DESCRIÇÃO EMOP'!A:C,3) -> UNXMES | D113: TOTAL DOS SERVIÇOS
A115: =A110+1 -> 7 | B115: 02.010.0001-A | C115: =VLOOKUP(B115,'DESCRIÇÃO EMOP'!A:B,2,FALSE) -> GALPAO ABERTO PARA OFICINAS E DEPOSITOS DE CANTEIRO DE OBRAS,ESTRUTURADO EM MADEIRA DE LEI,COBERTURA DE TELHAS DE CIMENTO SEM AMIANTO ONDULADAS,DE 6MM DE ESPESSURA,PISO CIMENTADO EPREPARO DO TERRENO
E117: Extensão (m) | G117: Larg. (m) | I117: Área (m²)
B118: =I118 -> 48 | C118: = | E118: 8 | F118: x | G118: 6 | H118: = | I118: =TRUNC(G118*E118,2) -> 48
B119: =B118 -> 48 | C119: =VLOOKUP(B115,'DESCRIÇÃO EMOP'!A:C,3) -> M2
A121: =A115+1 -> 8 | B121: 02.006.0010-A | C121: =VLOOKUP(B121,'DESCRIÇÃO EMOP'!A:B,2,FALSE) -> ALUGUEL DE CONTAINER PARA ESCRITORIO,MEDINDO 2,20M LARGURA,6,20M COMPRIMENTO E 2,50M ALTURA,COMPOSTO DE CHAPAS DE ACO C/NERVURAS TRAPEZOIDAIS,ISOLAMENTO TERMO-ACUSTICO NO FORRO,CHASSIS REFORCADO E PISO EM COMPENSADO NAVAL, INCLUINDO INSTALACOES ELETRICAS,EXCLUSIVE TRANSPORTE(VIDE ITEM 04.005.0300) ECARGA E DESCARGA(VIDE ITEM 04.013.0015)
E123: Quantidade | G123: Tempo de Obra
B124: =TRUNC(E124*G124,2) -> 30 | C124: = | E124: 2 | F124: x | G124: =$L$6 -> 15 | H124: meses
B125: =B124 -> 30 | C125: =VLOOKUP(B121,'DESCRIÇÃO EMOP'!A:C,3) -> UNXMES
A127: =A121+1 -> 9 | B127: 02.006.0025-A | C127: =VLOOKUP(B127,'DESCRIÇÃO EMOP'!A:B,2,FALSE) -> ALUGUEL CONTAINER,PARA SANITARIO-VESTIARIO,MEDINDO 2,20M LARGURA,6,20M COMPRIMENTO E 2,50M ALTURA,CHAPAS ACO C/NERVURASTRAPEZOIDAIS,ISOLAMENTO TERMO-ACUSTICO FORRO,CHASSIS REFORCADO E PISO COMPENSADO NAVAL,INCL.INST.ELETRICAS E HIDRO-SANITARIAS,ACESSORIOS,4 VASOS SANITARIOS,1 LAVATORIO,1 MICTORIO E4 CHUVEIROS,EXCL.TRANSP.,CARGA E DESCARGA
E129: Quantidade | G129: Tempo de Obra
B130: =TRUNC(E130*G130,2) -> 60 | C130: = | E130: 4 | F130: x | G130: =$L$6 -> 15 | H130: meses
B131: =B130 -> 60 | C131: =VLOOKUP(B127,'DESCRIÇÃO EMOP'!A:C,3) -> UNXMES
A133: =A127+1 -> 10 | B133: 02.006.0030-A | C133: =VLOOKUP(B133,'DESCRIÇÃO EMOP'!A:B,2,FALSE) -> ALUGUEL CONTAINER,PARA SANITARIO-VESTIARIO,MEDINDO 2,20M LARGURA,6,20M COMPRIMENTO E 2,50M ALTURA,CHAPAS ACO C/NERVURASTRAPEZOIDAIS,ISOLAMENTO TERMO-ACUSTICO FORRO,CHASSIS REFORCADO E PISO COMPENSADO NAVAL,INCL.INST.ELETRICAS E HIDRO-SANITARIAS,ACESSORIOS,7 VASOS SANITARIOS,1 LAVATORIO E 1 MICTORIO,EXCL.TRANSP.,CARGA E DESCARGA
E135: Quantidade | G135: Tempo de Obra
B136: =TRUNC(E136*G136,2) -> 30 | C136: = | E136: 2 | F136: x | G136: =$L$6 -> 15 | H136: meses
B137: =B136 -> 30 | C137: =VLOOKUP(B133,'DESCRIÇÃO EMOP'!A:C,3) -> UNXMES
A139: =A133+1 -> 11 | B139: 01.001.0040-A | C139: =VLOOKUP(B139,'DESCRIÇÃO EMOP'!A:B,2,FALSE) -> SONDAGEM MANUAL,COM TRADO CAVADEIRA,POR METRO LINEAR OU FRACAO
F140: Total considerando 01 a cada 02 estacas
F141: Qtde de furos | G141: x | H141: Profundidade
B142: =TRUNC(F142*H142,2) -> 19 | C142: = | D142: Avenida Presidente Roosevelt | F142: =ROUNDUP(F20/40,0) -> 19 | G142: x | H142: 1
B143: =TRUNC(F143*H143,2) -> 4 | C143: = | D143: Rua Imeri | F143: =ROUNDUP(F21/40,0) -> 4 | G143: x | H143: 1
B144: =TRUNC(F144*H144,2) -> 6 | C144: = | D144: Rua Itaipé | F144: =ROUNDUP(F22/40,0) -> 6 | G144: x | H144: 1
B145: =TRUNC(F145*H145,2) -> 4 | C145: = | D145: Rua Itaipá | F145: =ROUNDUP(F23/40,0) -> 4 | G145: x | H145: 1
B146: =TRUNC(F146*H146,2) -> 5 | C146: = | D146: Rua Itatuba (200+0 a 208+4,163) | F146: =ROUNDUP(F24/40,0) -> 5 | G146: x | H146: 1
B147: =TRUNC(F147*H147,2) -> 3 | C147: = | D147: Rua Itatuba (220+0 a 224+1,540) | F147: =ROUNDUP(F25/40,0) -> 3 | G147: x | H147: 1
B148: =TRUNC(F148*H148,2) -> 4 | C148: = | D148: Rua Itajaí | F148: =ROUNDUP(F26/40,0) -> 4 | G148: x | H148: 1
B149: =TRUNC(F149*H149,2) -> 11 | C149: = | D149: Rua Itapagé | F149: =ROUNDUP(F27/40,0) -> 11 | G149: x | H149: 1
B150: =TRUNC(F150*H150,2) -> 8 | C150: = | D150: Rua Itaporé | F150: =ROUNDUP(F28/40,0) -> 8 | G150: x | H150: 1
B151: =TRUNC(F151*H151,2) -> 11 | C151: = | D151: Rua Oswaldo Mendonça de Campos | F151: =ROUNDUP(F29/40,0) -> 11 | G151: x | H151: 1
B152: =TRUNC(F152*H152,2) -> 15 | C152: = | D152: Rua Itaporanga | F152: =ROUNDUP(F30/40,0) -> 15 | G152: x | H152: 1
B153: =TRUNC(F153*H153,2) -> 7 | C153: = | D153: Rua Itú | F153: =ROUNDUP(F31/40,0) -> 7 | G153: x | H153: 1
... B177: =TRUNC(F177*H177,2) -> 8 | C177: = | D177: Rua Itamiami | F177: =ROUNDUP(F55/40,0) -> 8 | G177: x | H177: 1
B178: =SUM(B142:B177) -> 298 | C178: =VLOOKUP(B139,'DESCRIÇÃO EMOP'!A:C,3) -> M
A180: =A139+1 -> 12 | B180: 01.001.0014-A | C180: =VLOOKUP(B180,'DESCRIÇÃO EMOP'!A:B,2,FALSE) -> INDICE SUPORTE CALIFORNIA,POR 1 PONTO,COMPACTACAO COM ENERGIA PROCTOR NORMAL
E181: Quantidade
B182: =E182 -> 298 | C182: = | E182: =B178 -> 298 | F182: 1 amostra para cada furo de sondagem
B183: =B182 -> 298 | C183: =VLOOKUP(B180,'DESCRIÇÃO EMOP'!A:C,3) -> UN
A185: =A180+1 -> 13 | B185: 01.001.0071-A | C185: =VLOOKUP(B185,'DESCRIÇÃO EMOP'!A:B,2,FALSE) -> ENSAIO DE CARACTERIZACAO GEOTECNICA DE SOLOS,COM UTILIZACAODE DILATOMETRO,EXCLUSIVE PERFURACAO
E186: Quantidade
B187: =E187 -> 298 | C187: = | E187: =B178 -> 298 | F187: 1 amostra para cada furo de sondagem
B188: =B187 -> 298 | C188: =VLOOKUP(B185,'DESCRIÇÃO EMOP'!A:C,3) -> UN
A190: =A185+1 -> 14 | B190: 02.015.0001-A | C190: =VLOOKUP(B190,'DESCRIÇÃO EMOP'!A:B,2,FALSE) -> INSTALACAO E LIGACAO PROVISORIA PARA ABASTECIMENTO DE AGUA EESGOTAMENTO SANITARIO EM CANTEIRO DE OBRAS,INCLUSIVE ESCAVACAO,EXCLUSIVE REPOSICAO DA PAVIMENTACAO DO LOGRADOURO PUBLICO
E191: Quantidade
B192: =E192 -> 1 | C192: = | E192: 1
B193: =B192 -> 1 | C193: =VLOOKUP(B190,'DESCRIÇÃO EMOP'!A:C,3) -> UN
A195: =A190+1 -> 15 | B195: 02.016.0001-A | C195: =VLOOKUP(B195,'DESCRIÇÃO EMOP'!A:B,2,FALSE) -> INSTALACAO E LIGACAO PROVISORIA DE ALIMENTACAO DE ENERGIA ELETRICA,EM BAIXA TENSAO,PARA CANTEIRO DE OBRAS,M3-CHAVE 100A,CARGA 3KW,20CV,EXCLUSIVE O FORNECIMENTO DO MEDIDOR
...

Sheet DREN.ESCAV
A3: MEMÓRIA DE CÁLCULO: ESCAVAÇÕES E ESCORAMENTOS PARA REDES | Y3: MEMÓRIA DE CÁLCULO: ACRÉSCIMO NA ESCAVAÇÃO E ESCORAMENTO DE REDE PARA EXECUÇÃO DOS PV's | AP3: MEMÓRIA DE CÁLCULO: EMBASAMENTO E REATERRO
W4: considerando escoramento para profundidades maiores que | X4: 1.5 | AN4: =$W$4 -> considerando escoramento para profundidades maiores que | AO4: =$X$4 -> 1.5 | BK4: =$W$4 -> considerando escoramento para profundidades maiores que | BL4: =$X$4 -> 1.5
A5: Bacia Trecho | G5: Tipo | H5: Compr. Trecho | I5: Linhas | J5: Compr. Total | K5: Profundidade | M5: Prof. média | N5: Acréscimo | P5: Prof. de escav. | Q5: Largura da vala | R5: Volume de escavação | W5: Escoramento de vala | Y5: Nº PV | Z5: PV dimensões internas | AC5: Prof. Rede | AD5: Acréscimo Prof. Vala | AF5: Prof. de escav. | AG5: Compr. Escav. | AH5: Acréscimo largura da vala | AI5: Acréscimo volume de escavação da rede para PV | AN5: Acréscimo escoramento de vala | AP5: Bacia Trecho | AU5: Compr. Rede | AV5: PV dimensões externas | AY5: Embasamento tubo / galeria retangular | BF5: Volume | BG5: Volume a ser descontado da escavação | BL5: Volume de reaterro | BN5: Bacia Trecho | BP5: DN | BQ5: Compr. | BR5: Profundidade | BT5: Degrau
D6: DN | N6: Espessura | R6: vala não | S6: vala escorada | AD6: Parede tubo | AE6: Base PV | AI6: vala não | AJ6: vala escorada | AR6: DN | BC6: Areia ou | BD6: Pedra | BE6: Brita | BF6: escav. | BG6: Volume | BH6: Altura | BI6: Altura | BJ6: Volume | BK6: Volume
D7: ou | N7: parede | O7: base | R7: escorada | AI7: escorada | AR7: ou | AY7: Ext. | AZ7: Esp. | BA7: Esp. | BB7: Larg. | BC7: pó de | BD7: de | BE7: nº 2 | BF7: rede + | BG7: rede | BH7: PV | BI7: pescoço | BJ7: PV | BK7: pescoço | BO7: Nº DO PV
D8: Base x Altura | K8: Mont | L8: Jus | R8: até 1,5m | S8: até 1,5m | T8: de 1,5a3m | U8: de 3a4,5m | V8: de 4,5a6m | W8: ≤ 4m | X8: > 4m | AI8: até 1,5m | AJ8: até 1,5m | AK8: de 1,5a3m | AL8: de 3a4,5m | AM8: de 4,5a6m | AN8: ≤ 4m | AO8: > 4m | AR8: Base x Altura | AZ8: mat. 1 | BA8: mat. 2 | BC8: pedra | BD8: mão | BF8: PV | BR8: Mont | BS8: Jus
D9: (m) | H9: (m) | I9: (un) | J9: (m) | K9: (m) | L9: (m) | M9: (m) | N9: (m) | O9: (m) | P9: (m) | Q9: (m) | R9: (m³) | S9: (m³) | T9: (m³) | U9: (m³) | V9: (m³) | W9: (m²) | X9: (m²) | Z9: (m) | AC9: (m) | AD9: (m) | AE9: (m) | AF9: (m) | AG9: (m) | AH9: (m) | AI9: (m³) | AJ9: (m³) | AK9: (m³) | AL9: (m³) | AM9: (m³) | AN9: (m²) | AO9: (m²) | AR9: (m) | AU9: (m) | AV9: (m) | AY9: (m) | AZ9: (m) | BA9: (m) | BB9: (m) | BC9: (m³) | BD9: (m³) | BE9: (m³) | BF9: (m³) | BG9: (m³) | BH9: (m) | BI9: (m) | BJ9: (m³) | BK9: (m³) | BL9: (m³) | BP9: (m) | BQ9: (m) | BR9: (m) | BS9: (m) | BT9: (m)
A10: VISTA ALEGRE | Y10: =A10 -> VISTA ALEGRE | AP10: =A10 -> VISTA ALEGRE
A11: BACIA A | Y11: =$A11 -> BACIA A | AP11: =$A11 -> BACIA A
A12: RUA ITAPORANGA | Y12: =A12 -> RUA ITAPORANGA | AP12: =A12 -> RUA ITAPORANGA
A13: =BN13 -> A7-1 => A7-2 | D13: =BP13 -> 0.4 | G13: PA-1 | H13: =BQ13 -> 40 | I13: 1 | J13: =H13 -> 40 | K13: =BR13 -> 1.2 | L13: =BS13 -> 1.217 | M13: =ROUND((K13+L13)/2,2) -> 1.21 | N13: =IF(F13=0,ROUND($D13*10%,2),IF(D13>2.8,0.18,0.15)) -> 0.04 | O13: =IF(F13=0,IF( ROUND($D13/4,2), IF(ROUND(($D13*1.2)/6,2)<0.1,0.1,ROUND(($D13*1.2)/6,2))),0.5) -> 0.1 | P13: =M13+N13+O13 -> 1.35 | Q13: =IF(P13<2,(D13+N13*2)+0.6,(D13+N13*2)+0.6+ROUNDUP(P13-2,0)*0.1)*I13 -> 1.08 | R13: =IF($P13<=$X$4,ROUND(IF($P13<1.5,$P13*$H13*$Q13,1.5*$H13*$Q13),2),0) -> 58.32 | S13: =IF($P13>$X$4,ROUND(IF($P13<1.5,$P13*$H13*$Q13,1.5*$H13*$Q13),2),0) -> 0 | T13: =IF($P13>$X$4,ROUND(IF($P13<1.5,0,IF($P13>3,1.5*$H13*$Q13,($P13-1.5)*$H13*$Q13)),2),0) -> 0 | U13: =IF($P13>$X$4,ROUND(IF($P13<3,0,IF($P13>4.5,1.5*$H13*$Q13,($P13-3)*$H13*$Q13)),2),0) -> 0 | V13: =IF($P13>$X$4,ROUND(IF($P13<4.5,0,IF($P13>6,($P13-4.5)*$H13*$Q13,($P13-4.5)*$H13*$Q13)),2),0) -> 0 | W13: =IF($P13>$X$4, IF( $P13<=4, ROUND($H13*($P13+0.5)*2,2), 0),0) -> 0 | X13: =IF($P13>$X$4, IF( $P13>4, ROUND($H13*($P13+0.5)*2,2), 0),0) -> 0 | Y13: =BO13 -> A7-1 | Z13: =IF($D13=0.3,IF($I13=1,1.2,IF(I13=2,1.5,"--")),IF($D13=0.4,IF($I13=1,1.2,IF(I13=2,1.5,"--")),IF($D13=0.45,IF($I13=1,1.2,IF(I13=2,1.5,"--")),IF($D13=0.5,IF($I13=1,1.2,IF(I13=2,1.5,"--")),IF($D13=0.6,IF($I13=1,1.2,IF(I13=2,2,"--")),IF($D13=0.75,IF($I13=1,1.3,IF(I13=2,2,"--")),IF($D13=0.8,1.3,IF($D13=1,1.5,IF($D13=1.2,1.7,IF($D13<=2,2,"--")))))))))) -> 1.2 | AA13: x | AB13: =Z13 -> 1.2 | AC13: =IF($Z13="--","--",K13) -> 1.2 | AD13: =IF($Z13="--","--",IF(D13>1.5,0.15,ROUND($D13*10%,2))) -> 0.04 | AE13: =IF($Z13="--","--",0.15) -> 0.15 | AF13: =IF($Z13="--","--",ROUND(AC13+AD13+AE13,2)) -> 1.39 | AG13: =IF($Z13="--","--",IF($AC13<=2,$Z13+1,($Z13+1)+ROUNDUP($AC13-2,0)*0.1)) -> 2.2 | AH13: =IF($D13=0.3,1.04,IF($D13=0.4,0.92,IF($D13=0.45,0.86,IF($D13=0.5,0.8,IF($D13=0.75,0.8,IF($D13=0.6,0.68,IF($D13=0.8,0.74,IF($D13=1,0.7,IF($D13=1.2,0.66,IF($D13=1.5,0.6,IF($D13<=2,(2.4-(D13+0.3)),"--"))))))))))) -> 0.92 | AI13: =IF($Z13="--","--",IF($AF13<=$X$4,ROUND(IF($AF13<1.5,$AF13*$AG13*$AH13,1.5*$AG13*$AH13),2),0)) -> 2.81 | AJ13: =IF($Z13="--","--",IF($AF13>$X$4,ROUND(IF($AF13<1.5,$AF13*$AG13*$AH13,1.5*$AG13*$AH13),2),0)) -> 0 | AK13: =IF($Z13="--","--",IF($AF13>$X$4,ROUND(IF($AF13<1.5,0,IF($AF13>3,1.5*$AG13*$AH13,($AF13-1.5)*$AG13*$AH13)),2),0)) -> 0 | AL13: =IF($Z13="--","--",IF($AF13>$X$4,ROUND(IF($AF13<3,0,IF($AF13>4.5,1.5*$AG13*$AH13,($AF13-3)*$AG13*$AH13)),2),0)) -> 0 | AM13: =IF($Z13="--","--",IF($AF13>$X$4,ROUND(IF($AF13<4.5,0,IF($AF13>6,($AF13-4.5)*$AG13*$AH13,($AF13-4.5)*$AG13*$AH13)),2),0)) -> 0 | AN13: =IF($Z13="--","--",IF($AF13>$X$4, IF( $AF13<=4, ROUND(($AH13*4)*($AF13+0.5)*2,2), 0),0)) -> 0 | AO13: =IF($Z13="--","--",IF($AF13>$X$4, IF( $AF13>4, ROUND(($AH13*4)*($AF13+0.5)*2,2), 0),0)) -> 0 | AP13: =A13 -> A7-1 => A7-2 | AR13: =D13 -> 0.4 | AU13: =H13 -> 40 | AV13: =IF($Z13="--","--",Z13+0.2) -> 1.4 | AW13: x | AX13: =AV13 -> 1.4 | AY13: =IF(D13>2,AU13,AU13-AV13) -> 38.6 | AZ13: =O13 -> 0.1 | BB13: =Q13 -> 1.08 | BC13: =IF(F13=0,IF(ROUND( AY13 * ( ( (O13*Q13) + ( ((D13+N13*2)/6)*Q13 ) ) - ROUND( ((D13+N13*2)^2) * ( ( PI()*96.379 / (4*360) ) - ( (SIN((96.379/2)*PI()/180)) * (COS((96.379/2)*PI()/180)) / 4 ) ), 4) ),2), ROUND( AY13 * ( ( (O13*Q13) + ( ((D13+N13*2)/4)*Q13 ) ) - ROUND( ((D13+N13*2)^2) * ( ( PI()*120 / (4*360) ) - ( (SIN((120/2)*PI()/180)) * (COS((120/2)*PI()/180)) / 4 ) ), 4) ),2)),0) -> 7.8 | BD13: =IF(F13>0,ROUND(AY13*O13*Q13,2),0) -> 0 | BF13: =SUM(R13:V13,AI13:AM13) -> 61.13 | BG13: =IF(F13=0, ROUND( ( PI()*( (D13+N13*2)^2 ) / 4 ) * AY13,2), ROUND( (D13+N13*2)*(F13+N13*2) * AY13,2))*I13 -> 6.98 | BH13: =IF(($K13+N13-0.15)<=2,($K13+N13+0.15),IF(($K13+N13)<=3,2.35,($K13+N13+0.2)-0.85)) -> 1.39 | BI13: =IF(D13>2, (K13-F13-N13-0.11),IF(($K13+N13)<=2,0,IF(($K13+N13)>3,0.85,(K13+N13+0.2-BH13)))) -> 0 | BJ13: =IF($Z13="--",0,IF(D13>2,ROUND(((1.42+0.4)+(0.91+0.4))*2*BI13,2),ROUND(AV13*AX13*BH13,2))) -> 2.72 | BK13: =ROUND(((PI()*0.9^2)/4)*BI13,2) -> 0 | BL13: =ROUND(BF13-BG13-BJ13-BK13-BC13-BD13,2) -> 43.63 | BN13: A7-1 => A7-2 | BO13: A7-1 | BP13: 0.4 | BQ13: 40 | BR13: 1.2 | BS13: 1.217 | BT13: 0
A14: =BN14 -> A7-2 => A7-3 | D14: =BP14 -> 0.4 | G14: PA-1 | H14: =BQ14 -> 40 | I14: 1 | J14: =H14 -> 40 | K14: =BR14 -> 1.217 | L14: =BS14 -> 1.244 | M14: =ROUND((K14+L14)/2,2) -> 1.23 | N14: =IF(F14=0,ROUND($D14*10%,2),IF(D14>2.8,0.18,0.15)) -> 0.04 | O14: =IF(F14=0,IF( ROUND($D14/4,2), IF(ROUND(($D14*1.2)/6,2)<0.1,0.1,ROUND(($D14*1.2)/6,2))),0.5) -> 0.1 | P14: =M14+N14+O14 -> 1.37 | Q14: =IF(P14<2,(D14+N14*2)+0.6,(D14+N14*2)+0.6+ROUNDUP(P14-2,0)*0.1)*I14 -> 1.08 | R14: =IF($P14<=$X$4,ROUND(IF($P14<1.5,$P14*$H14*$Q14,1.5*$H14*$Q14),2),0) -> 59.18 | S14: =IF($P14>$X$4,ROUND(IF($P14<1.5,$P14*$H14*$Q14,1.5*$H14*$Q14),2),0) -> 0 | T14: =IF($P14>$X$4,ROUND(IF($P14<1.5,0,IF($P14>3,1.5*$H14*$Q14,($P14-1.5)*$H14*$Q14)),2),0) -> 0 | U14: =IF($P14>$X$4,ROUND(IF($P14<3,0,IF($P14>4.5,1.5*$H14*$Q14,($P14-3)*$H14*$Q14)),2),0) -> 0 | V14: =IF($P14>$X$4,ROUND(IF($P14<4.5,0,IF($P14>6,($P14-4.5)*$H14*$Q14,($P14-4.5)*$H14*$Q14)),2),0) -> 0 | W14: =IF($P14>$X$4, IF( $P14<=4, ROUND($H14*($P14+0.5)*2,2), 0),0) -> 0 | X14: =IF($P14>$X$4, IF( $P14>4, ROUND($H14*($P14+0.5)*2,2), 0),0) -> 0 | Y14: =BO14 -> A7-2 | Z14: =IF($D14=0.3,IF($I14=1,1.2,IF(I14=2,1.5,"--")),IF($D14=0.4,IF($I14=1,1.2,IF(I14=2,1.5,"--")),IF($D14=0.45,IF($I14=1,1.2,IF(I14=2,1.5,"--")),IF($D14=0.5,IF($I14=1,1.2,IF(I14=2,1.5,"--")),IF($D14=0.6,IF($I14=1,1.2,IF(I14=2,2,"--")),IF($D14=0.75,IF($I14=1,1.3,IF(I14=2,2,"--")),IF($D14=0.8,1.3,IF($D14=1,1.5,IF($D14=1.2,1.7,IF($D14<=2,2,"--")))))))))) -> 1.2 | AA14: x | AB14: =Z14 -> 1.2 | AC14: =IF($Z14="--","--",K14) -> 1.217 | AD14: =IF($Z14="--","--",IF(D14>1.5,0.15,ROUND($D14*10%,2))) -> 0.04 | AE14: =IF($Z14="--","--",0.15) -> 0.15 | AF14: =IF($Z14="--","--",ROUND(AC14+AD14+AE14,2)) -> 1.41 | AG14: =IF($Z14="--","--",IF($AC14<=2,$Z14+1,($Z14+1)+ROUNDUP($AC14-2,0)*0.1)) -> 2.2 | AH14: =IF($D14=0.3,1.04,IF($D14=0.4,0.92,IF($D14=0.45,0.86,IF($D14=0.5,0.8,IF($D14=0.75,0.8,IF($D14=0.6,0.68,IF($D14=0.8,0.74,IF($D14=1,0.7,IF($D14=1.2,0.66,IF($D14=1.5,0.6,IF($D14<=2,(2.4-(D14+0.3)),"--"))))))))))) -> 0.92 | AI14: =IF($Z14="--","--",IF($AF14<=$X$4,ROUND(IF($AF14<1.5,$AF14*$AG14*$AH14,1.5*$AG14*$AH14),2),0)) -> 2.85 | AJ14: =IF($Z14="--","--",IF($AF14>$X$4,ROUND(IF($AF14<1.5,$AF14*$AG14*$AH14,1.5*$AG14*$AH14),2),0)) -> 0 | AK14: =IF($Z14="--","--",IF($AF14>$X$4,ROUND(IF($AF14<1.5,0,IF($AF14>3,1.5*$AG14*$AH14,($AF14-1.5)*$AG14*$AH14)),2),0)) -> 0 | AL14: =IF($Z14="--","--",IF($AF14>$X$4,ROUND(IF($AF14<3,0,IF($AF14>4.5,1.5*$AG14*$AH14,($AF14-3)*$AG14*$AH14)),2),0)) -> 0 | AM14: =IF($Z14="--","--",IF($AF14>$X$4,ROUND(IF($AF14<4.5,0,IF($AF14>6,($AF14-4.5)*$AG14*$AH14,($AF14-4.5)*$AG14*$AH14)),2),0)) -> 0 | AN14: =IF($Z14="--","--",IF($AF14>$X$4, IF( $AF14<=4, ROUND(($AH14*4)*($AF14+0.5)*2,2), 0),0)) -> 0 | AO14: =IF($Z14="--","--",IF($AF14>$X$4, IF( $AF14>4, ROUND(($AH14*4)*($AF14+0.5)*2,2), 0),0)) -> 0 | AP14: =A14 -> A7-2 => A7-3 | AQ14: =C14 -> 0 | AR14: =D14 -> 0.4 | AU14: =H14 -> 40 | AV14: =IF($Z14="--","--",Z14+0.2) -> 1.4 | AW14: x | AX14: =AV14 -> 1.4 | AY14: =IF(D14>2,AU14,AU14-AV14) -> 38.6 | AZ14: =O14 -> 0.1 | BB14: =Q14 -> 1.08 | BC14: =IF(F14=0,IF(ROUND( AY14 * ( ( (O14*Q14) + ( ((D14+N14*2)/6)*Q14 ) ) - ROUND( ((D14+N14*2)^2) * ( ( PI()*96.379 / (4*360) ) - ( (SIN((96.379/2)*PI()/180)) * (COS((96.379/2)*PI()/180)) / 4 ) ), 4) ),2), ROUND( AY14 * ( ( (O14*Q14) + ( ((D14+N14*2)/4)*Q14 ) ) - ROUND( ((D14+N14*2)^2) * ( ( PI()*120 / (4*360) ) - ( (SIN((120/2)*PI()/180)) * (COS((120/2)*PI()/180)) / 4 ) ), 4) ),2)),0) -> 7.8 | BD14: =IF(F14>0,ROUND(AY14*O14*Q14,2),0) -> 0 | BF14: =SUM(R14:V14,AI14:AM14) -> 62.03 | BG14: =IF(F14=0, ROUND( ( PI()*( (D14+N14*2)^2 ) / 4 ) * AY14,2), ROUND( (D14+N14*2)*(F14+N14*2) * AY14,2))*I14 -> 6.98 | BH14: =IF(($K14+N14-0.15)<=2,($K14+N14+0.15),IF(($K14+N14)<=3,2.35,($K14+N14+0.2)-0.85)) -> 1.407 | BI14: =IF(D14>2, (K14-F14-N14-0.11),IF(($K14+N14)<=2,0,IF(($K14+N14)>3,0.85,(K14+N14+0.2-BH14)))) -> 0 | BJ14: =IF($Z14="--",0,IF(D14>2,ROUND(((1.42+0.4)+(0.91+0.4))*2*BI14,2),ROUND(AV14*AX14*BH14,2))) -> 2.76 | BK14: =ROUND(((PI()*0.9^2)/4)*BI14,2) -> 0 | BL14: =ROUND(BF14-BG14-BJ14-BK14-BC14-BD14,2) -> 44.49 | BN14: A7-2 => A7-3 | BO14: A7-2 | BP14: 0.4 | BQ14: 40 | BR14: 1.217 | BS14: 1.244 | BT14: 0
A15: =BN15 -> A7-3 => A7 | D15: =BP15 -> 0.4 | G15: PA-1 | H15: =BQ15 -> 36 | I15: 1 | J15: =H15 -> 36 | K15: =BR15 -> 1.244 | L15: =BS15 -> 1.2 | M15: =ROUND((K15+L15)/2,2) -> 1.22 | N15: =IF(F15=0,ROUND($D15*10%,2),IF(D15>2.8,0.18,0.15)) -> 0.04 | O15: =IF(F15=0,IF( ROUND($D15/4,2), IF(ROUND(($D15*1.2)/6,2)<0.1,0.1,ROUND(($D15*1.2)/6,2))),0.5) -> 0.1 | P15: =M15+N15+O15 -> 1.36 | Q15: =IF(P15<2,(D15+N15*2)+0.6,(D15+N15*2)+0.6+ROUNDUP(P15-2,0)*0.1)*I15 -> 1.08 | R15: =IF($P15<=$X$4,ROUND(IF($P15<1.5,$P15*$H15*$Q15,1.5*$H15*$Q15),2),0) -> 52.88 | S15: =IF($P15>$X$4,ROUND(IF($P15<1.5,$P15*$H15*$Q15,1.5*$H15*$Q15),2),0) -> 0 | T15: =IF($P15>$X$4,ROUND(IF($P15<1.5,0,IF($P15>3,1.5*$H15*$Q15,($P15-1.5)*$H15*$Q15)),2),0) -> 0 | U15: =IF($P15>$X$4,ROUND(IF($P15<3,0,IF($P15>4.5,1.5*$H15*$Q15,($P15-3)*$H15*$Q15)),2),0) -> 0 | V15: =IF($P15>$X$4,ROUND(IF($P15<4.5,0,IF($P15>6,($P15-4.5)*$H15*$Q15,($P15-4.5)*$H15*$Q15)),2),0) -> 0 | W15: =IF($P15>$X$4, IF( $P15<=4, ROUND($H15*($P15+0.5)*2,2), 0),0) -> 0 | X15: =IF($P15>$X$4, IF( $P15>4, ROUND($H15*($P15+0.5)*2,2), 0),0) -> 0 | Y15: =BO15 -> A7-3 | Z15: =IF($D15=0.3,IF($I15=1,1.2,IF(I15=2,1.5,"--")),IF($D15=0.4,IF($I15=1,1.2,IF(I15=2,1.5,"--")),IF($D15=0.45,IF($I15=1,1.2,IF(I15=2,1.5,"--")),IF($D15=0.5,IF($I15=1,1.2,IF(I15=2,1.5,"--")),IF($D15=0.6,IF($I15=1,1.2,IF(I15=2,2,"--")),IF($D15=0.75,IF($I15=1,1.3,IF(I15=2,2,"--")),IF($D15=0.8,1.3,IF($D15=1,1.5,IF($D15=1.2,1.7,IF($D15<=2,2,"--")))))))))) -> 1.2 | AA15: x | AB15: =Z15 -> 1.2 | AC15: =IF($Z15="--","--",K15) -> 1.244 | AD15: =IF($Z15="--","--",IF(D15>1.5,0.15,ROUND($D15*10%,2))) -> 0.04 | AE15: =IF($Z15="--","--",0.15) -> 0.15 | AF15: =IF($Z15="--","--",ROUND(AC15+AD15+AE15,2)) -> 1.43 | AG15: =IF($Z15="--","--",IF($AC15<=2,$Z15+1,($Z15+1)+ROUNDUP($AC15-2,0)*0.1)) -> 2.2 | AH15: =IF($D15=0.3,1.04,IF($D15=0.4,0.92,IF($D15=0.45,0.86,IF($D15=0.5,0.8,IF($D15=0.75,0.8,IF($D15=0.6,0.68,IF($D15=0.8,0.74,IF($D15=1,0.7,IF($D15=1.2,0.66,IF($D15=1.5,0.6,IF($D15<=2,(2.4-(D15+0.3)),"--"))))))))))) -> 0.92 | AI15: =IF($Z15="--","--",IF($AF15<=$X$4,ROUND(IF($AF15<1.5,$AF15*$AG15*$AH15,1.5*$AG15*$AH15),2),0)) -> 2.89 | AJ15: =IF($Z15="--","--",IF($AF15>$X$4,ROUND(IF($AF15<1.5,$AF15*$AG15*$AH15,1.5*$AG15*$AH15),2),0)) -> 0 | AK15: =IF($Z15="--","--",IF($AF15>$X$4,ROUND(IF($AF15<1.5,0,IF($AF15>3,1.5*$AG15*$AH15,($AF15-1.5)*$AG15*$AH15)),2),0)) -> 0 | AL15: =IF($Z15="--","--",IF($AF15>$X$4,ROUND(IF($AF15<3,0,IF($AF15>4.5,1.5*$AG15*$AH15,($AF15-3)*$AG15*$AH15)),2),0)) -> 0 | AM15: =IF($Z15="--","--",IF($AF15>$X$4,ROUND(IF($AF15<4.5,0,IF($AF15>6,($AF15-4.5)*$AG15*$AH15,($AF15-4.5)*$AG15*$AH15)),2),0)) -> 0 | AN15: =IF($Z15="--","--",IF($AF15>$X$4, IF( $AF15<=4, ROUND(($AH15*4)*($AF15+0.5)*2,2), 0),0)) -> 0 | AO15: =IF($Z15="--","--",IF($AF15>$X$4, IF( $AF15>4, ROUND(($AH15*4)*($AF15+0.5)*2,2), 0),0)) -> 0 | AP15: =A15 -> A7-3 => A7 | AQ15: =C15 -> 0 | AR15: =D15 -> 0.4 | AU15: =H15 -> 36 | AV15: =IF($Z15="--","--",Z15+0.2) -> 1.4 | AW15: x | AX15: =AV15 -> 1.4 | AY15: =IF(D15>2,AU15,AU15-AV15) -> 34.6 | AZ15: =O15 -> 0.1 | BB15: =Q15 -> 1.08 | BC15: =IF(F15=0,IF(ROUND( AY15 * ( ( (O15*Q15) + ( ((D15+N15*2)/6)*Q15 ) ) - ROUND( ((D15+N15*2)^2) * ( ( PI()*96.379 / (4*360) ) - ( (SIN((96.379/2)*PI()/180)) * (COS((96.379/2)*PI()/180)) / 4 ) ), 4) ),2), ROUND( AY15 * ( ( (O15*Q15) + ( ((D15+N15*2)/4)*Q15 ) ) - ROUND( ((D15+N15*2)^2) * ( ( PI()*120 / (4*360) ) - ( (SIN((120/2)*PI()/180)) * (COS((120/2)*PI()/180)) / 4 ) ), 4) ),2)),0) -> 7 | BD15: =IF(F15>0,ROUND(AY15*O15*Q15,2),0) -> 0 | BF15: =SUM(R15:V15,AI15:AM15) -> 55.77 | BG15: =IF(F15=0, ROUND( ( PI()*( (D15+N15*2)^2 ) / 4 ) * AY15,2), ROUND( (D15+N15*2)*(F15+N15*2) * AY15,2))*I15 -> 6.26 | BH15: =IF(($K15+N15-0.15)<=2,($K15+N15+0.15),IF(($K15+N15)<=3,2.35,($K15+N15+0.2)-0.85)) -> 1.434 | BI15: =IF(D15>2, (K15-F15-N15-0.11),IF(($K15+N15)<=2,0,IF(($K15+N15)>3,0.85,(K15+N15+0.2-BH15)))) -> 0 | BJ15: =IF($Z15="--",0,IF(D15>2,ROUND(((1.42+0.4)+(0.91+0.4))*2*BI15,2),ROUND(AV15*AX15*BH15,2))) -> 2.81 | BK15: =ROUND(((PI()*0.9^2)/4)*BI15,2) -> 0 | BL15: =ROUND(BF15-BG15-BJ15-BK15-BC15-BD15,2) -> 39.7 | BN15: A7-3 => A7 | BO15: A7-3 | BP15: 0.4 | BQ15: 36 | BR15: 1.244 | BS15: 1.2 | BT15: 0.197
A16: RUA NORONHA DOS SANTOS | Y16: =A16 -> RUA NORONHA DOS SANTOS | AP16: =A16 -> RUA NORONHA DOS SANTOS
A17: =BN17 -> A10-1 => A10-2 | D17: =BP17 -> 0.4 | G17: PA-1 | H17: =BQ17 -> 40 | I17: 1 | J17: =H17 -> 40 | K17: =BR17 -> 1.2 | L17: =BS17 -> 1.181 | M17: =ROUND((K17+L17)/2,2) -> 1.19 | N17: =IF(F17=0,ROUND($D17*10%,2),IF(D17>2.8,0.18,0.15)) -> 0.04 | O17: =IF(F17=0,IF( ROUND($D17/4,2), IF(ROUND(($D17*1.2)/6,2)<0.1,0.1,ROUND(($D17*1.2)/6,2))),0.5) -> 0.1 | P17: =M17+N17+O17 -> 1.33 | Q17: =IF(P17<2,(D17+N17*2)+0.6,(D17+N17*2)+0.6+ROUNDUP(P17-2,0)*0.1)*I17 -> 1.08 | R17: =IF($P17<=$X$4,ROUND(IF($P17<1.5,$P17*$H17*$Q17,1.5*$H17*$Q17),2),0) -> 57.46 | S17: =IF($P17>$X$4,ROUND(IF($P17<1.5,$P17*$H17*$Q17,1.5*$H17*$Q17),2),0) -> 0 | T17: =IF($P17>$X$4,ROUND(IF($P17<1.5,0,IF($P17>3,1.5*$H17*$Q17,($P17-1.5)*$H17*$Q17)),2),0) -> 0 | U17: =IF($P17>$X$4,ROUND(IF($P17<3,0,IF($P17>4.5,1.5*$H17*$Q17,($P17-3)*$H17*$Q17)),2),0) -> 0 | V17: =IF($P17>$X$4,ROUND(IF($P17<4.5,0,IF($P17>6,($P17-4.5)*$H17*$Q17,($P17-4.5)*$H17*$Q17)),2),0) -> 0 | W17: =IF($P17>$X$4, IF( $P17<=4, ROUND($H17*($P17+0.5)*2,2), 0),0) -> 0 | X17: =IF($P17>$X$4, IF( $P17>4, ROUND($H17*($P17+0.5)*2,2), 0),0) -> 0 | Y17: =BO17 -> A10-1 | Z17: =IF($D17=0.3,IF($I17=1,1.2,IF(I17=2,1.5,"--")),IF($D17=0.4,IF($I17=1,1.2,IF(I17=2,1.5,"--")),IF($D17=0.45,IF($I17=1,1.2,IF(I17=2,1.5,"--")),IF($D17=0.5,IF($I17=1,1.2,IF(I17=2,1.5,"--")),IF($D17=0.6,IF($I17=1,1.2,IF(I17=2,2,"--")),IF($D17=0.75,IF($I17=1,1.3,IF(I17=2,2,"--")),IF($D17=0.8,1.3,IF($D17=1,1.5,IF($D17=1.2,1.7,IF($D17<=2,2,"--")))))))))) -> 1.2 | AA17: x | AB17: =Z17 -> 1.2 | AC17: =IF($Z17="--","--",K17) -> 1.2 | AD17: =IF($Z17="--","--",IF(D17>1.5,0.15,ROUND($D17*10%,2))) -> 0.04 | AE17: =IF($Z17="--","--",0.15) -> 0.15 | AF17: =IF($Z17="--","--",ROUND(AC17+AD17+AE17,2)) -> 1.39 | AG17: =IF($Z17="--","--",IF($AC17<=2,$Z17+1,($Z17+1)+ROUNDUP($AC17-2,0)*0.1)) -> 2.2 | AH17: =IF($D17=0.3,1.04,IF($D17=0.4,0.92,IF($D17=0.45,0.86,IF($D17=0.5,0.8,IF($D17=0.75,0.8,IF($D17=0.6,0.68,IF($D17=0.8,0.74,IF($D17=1,0.7,IF($D17=1.2,0.66,IF($D17=1.5,0.6,IF($D17<=2,(2.4-(D17+0.3)),"--"))))))))))) -> 0.92 | AI17: =IF($Z17="--","--",IF($AF17<=$X$4,ROUND(IF($AF17<1.5,$AF17*$AG17*$AH17,1.5*$AG17*$AH17),2),0)) -> 2.81 | AJ17: =IF($Z17="--","--",IF($AF17>$X$4,ROUND(IF($AF17<1.5,$AF17*$AG17*$AH17,1.5*$AG17*$AH17),2),0)) -> 0 | AK17: =IF($Z17="--","--",IF($AF17>$X$4,ROUND(IF($AF17<1.5,0,IF($AF17>3,1.5*$AG17*$AH17,($AF17-1.5)*$AG17*$AH17)),2),0)) -> 0 | AL17: =IF($Z17="--","--",IF($AF17>$X$4,ROUND(IF($AF17<3,0,IF($AF17>4.5,1.5*$AG17*$AH17,($AF17-3)*$AG17*$AH17)),2),0)) -> 0 | AM17: =IF($Z17="--","--",IF($AF17>$X$4,ROUND(IF($AF17<4.5,0,IF($AF17>6,($AF17-4.5)*$AG17*$AH17,($AF17-4.5)*$AG17*$AH17)),2),0)) -> 0 | AN17: =IF($Z17="--","--",IF($AF17>$X$4, IF( $AF17<=4, ROUND(($AH17*4)*($AF17+0.5)*2,2), 0),0)) -> 0 | AO17: =IF($Z17="--","--",IF($AF17>$X$4, IF( $AF17>4, ROUND(($AH17*4)*($AF17+0.5)*2,2), 0),0)) -> 0 | AP17: =A17 -> A10-1 => A10-2 | AQ17: =C17 -> 0 | AR17: =D17 -> 0.4 | AU17: =H17 -> 40 | AV17: =IF($Z17="--","--",Z17+0.2) -> 1.4 | AW17: x | AX17: =AV17 -> 1.4 | AY17: =IF(D17>2,AU17,AU17-AV17) -> 38.6 | AZ17: =O17 -> 0.1 | BB17: =Q17 -> 1.08 | BC17: =IF(F17=0,IF(ROUND( AY17 * ( ( (O17*Q17) + ( ((D17+N17*2)/6)*Q17 ) ) - ROUND( ((D17+N17*2)^2) * ( ( PI()*96.379 / (4*360) ) - ( (SIN((96.379/2)*PI()/180)) * (COS((96.379/2)*PI()/180)) / 4 ) ), 4) ),2), ROUND( AY17 * ( ( (O17*Q17) + ( ((D17+N17*2)/4)*Q17 ) ) - ROUND( ((D17+N17*2)^2) * ( ( PI()*120 / (4*360) ) - ( (SIN((120/2)*PI()/180)) * (COS((120/2)*PI()/180)) / 4 ) ), 4) ),2)),0) -> 7.8 | BD17: =IF(F17>0,ROUND(AY17*O17*Q17,2),0) -> 0 | BF17: =SUM(R17:V17,AI17:AM17) -> 60.27 | BG17: =IF(F17=0, ROUND( ( PI()*( (D17+N17*2)^2 ) / 4 ) * AY17,2), ROUND( (D17+N17*2)*(F17+N17*2) * AY17,2))*I17 -> 6.98 | BH17: =IF(($K17+N17-0.15)<=2,($K17+N17+0.15),IF(($K17+N17)<=3,2.35,($K17+N17+0.2)-0.85)) -> 1.39 | BI17: =IF(D17>2, (K17-F17-N17-0.11),IF(($K17+N17)<=2,0,IF(($K17+N17)>3,0.85,(K17+N17+0.2-BH17)))) -> 0 | BJ17: =IF($Z17="--",0,IF(D17>2,ROUND(((1.42+0.4)+(0.91+0.4))*2*BI17,2),ROUND(AV17*AX17*BH17,2))) -> 2.72 | BK17: =ROUND(((PI()*0.9^2)/4)*BI17,2) -> 0 | BL17: =ROUND(BF17-BG17-BJ17-BK17-BC17-BD17,2) -> 42.77 | BN17: A10-1 => A10-2 | BO17: A10-1 | BP17: 0.4 | BQ17: 40 | BR17: 1.2 | BS17: 1.181 | BT17: 0.052
A18: =BN18 -> A10-2 => A10 | D18: =BP18 -> 0.4 | G18: PA-1 | H18: =BQ18 -> 40 | I18: 1 | J18: =H18 -> 40 | K18: =BR18 -> 1.233 | L18: =BS18 -> 1.219 | M18: =ROUND((K18+L18)/2,2) -> 1.23 | N18: =IF(F18=0,ROUND($D18*10%,2),IF(D18>2.8,0.18,0.15)) -> 0.04 | O18: =IF(F18=0,IF( ROUND($D18/4,2), IF(ROUND(($D18*1.2)/6,2)<0.1,0.1,ROUND(($D18*1.2)/6,2))),0.5) -> 0.1 | P18: =M18+N18+O18 -> 1.37 | Q18: =IF(P18<2,(D18+N18*2)+0.6,(D18+N18*2)+0.6+ROUNDUP(P18-2,0)*0.1)*I18 -> 1.08 | R18: =IF($P18<=$X$4,ROUND(IF($P18<1.5,$P18*$H18*$Q18,1.5*$H18*$Q18),2),0) -> 59.18 | S18: =IF($P18>$X$4,ROUND(IF($P18<1.5,$P18*$H18*$Q18,1.5*$H18*$Q18),2),0) -> 0 | T18: =IF($P18>$X$4,ROUND(IF($P18<1.5,0,IF($P18>3,1.5*$H18*$Q18,($P18-1.5)*$H18*$Q18)),2),0) -> 0 | U18: =IF($P18>$X$4,ROUND(IF($P18<3,0,IF($P18>4.5,1.5*$H18*$Q18,($P18-3)*$H18*$Q18)),2),0) -> 0 | V18: =IF($P18>$X$4,ROUND(IF($P18<4.5,0,IF($P18>6,($P18-4.5)*$H18*$Q18,($P18-4.5)*$H18*$Q18)),2),0) -> 0 | W18: =IF($P18>$X$4, IF( $P18<=4, ROUND($H18*($P18+0.5)*2,2), 0),0) -> 0 | X18: =IF($P18>$X$4, IF( $P18>4, ROUND($H18*($P18+0.5)*2,2), 0),0) -> 0 | Y18: =BO18 -> A10-2 | Z18: =IF($D18=0.3,IF($I18=1,1.2,IF(I18=2,1.5,"--")),IF($D18=0.4,IF($I18=1,1.2,IF(I18=2,1.5,"--")),IF($D18=0.45,IF($I18=1,1.2,IF(I18=2,1.5,"--")),IF($D18=0.5,IF($I18=1,1.2,IF(I18=2,1.5,"--")),IF($D18=0.6,IF($I18=1,1.2,IF(I18=2,2,"--")),IF($D18=0.75,IF($I18=1,1.3,IF(I18=2,2,"--")),IF($D18=0.8,1.3,IF($D18=1,1.5,IF($D18=1.2,1.7,IF($D18<=2,2,"--")))))))))) -> 1.2 | AA18: x | AB18: =Z18 -> 1.2 | AC18: =IF($Z18="--","--",K18) -> 1.233 | AD18: =IF($Z18="--","--",IF(D18>1.5,0.15,ROUND($D18*10%,2))) -> 0.04 | AE18: =IF($Z18="--","--",0.15) -> 0.15 | AF18: =IF($Z18="--","--",ROUND(AC18+AD18+AE18,2)) -> 1.42 | AG18: =IF($Z18="--","--",IF($AC18<=2,$Z18+1,($Z18+1)+ROUNDUP($AC18-2,0)*0.1)) -> 2.2 | AH18: =IF($D18=0.3,1.04,IF($D18=0.4,0.92,IF($D18=0.45,0.86,IF($D18=0.5,0.8,IF($D18=0.75,0.8,IF($D18=0.6,0.68,IF($D18=0.8,0.74,IF($D18=1,0.7,IF($D18=1.2,0.66,IF($D18=1.5,0.6,IF($D18<=2,(2.4-(D18+0.3)),"--"))))))))))) -> 0.92 | AI18: =IF($Z18="--","--",IF($AF18<=$X$4,ROUND(IF($AF18<1.5,$AF18*$AG18*$AH18,1.5*$AG18*$AH18),2),0)) -> 2.87 | AJ18: =IF($Z18="--","--",IF($AF18>$X$4,ROUND(IF($AF18<1.5,$AF18*$AG18*$AH18,1.5*$AG18*$AH18),2),0)) -> 0 | AK18: =IF($Z18="--","--",IF($AF18>$X$4,ROUND(IF($AF18<1.5,0,IF($AF18>3,1.5*$AG18*$AH18,($AF18-1.5)*$AG18*$AH18)),2),0)) -> 0 | AL18: =IF($Z18="--","--",IF($AF18>$X$4,ROUND(IF($AF18<3,0,IF($AF18>4.5,1.5*$AG18*$AH18,($AF18-3)*$AG18*$AH18)),2),0)) -> 0 | AM18: =IF($Z18="--","--",IF($AF18>$X$4,ROUND(IF($AF18<4.5,0,IF($AF18>6,($AF18-4.5)*$AG18*$AH18,($AF18-4.5)*$AG18*$AH18)),2),0)) -> 0 | AN18: =IF($Z18="--","--",IF($AF18>$X$4, IF( $AF18<=4, ROUND(($AH18*4)*($AF18+0.5)*2,2), 0),0)) -> 0 | AO18: =IF($Z18="--","--",IF($AF18>$X$4, IF( $AF18>4, ROUND(($AH18*4)*($AF18+0.5)*2,2), 0),0)) -> 0 | AP18: =A18 -> A10-2 => A10 | AQ18: =C18 -> 0 | AR18: =D18 -> 0.4 | AU18: =H18 -> 40 | AV18: =IF($Z18="--","--",Z18+0.2) -> 1.4 | AW18: x | AX18: =AV18 -> 1.4 | AY18: =IF(D18>2,AU18,AU18-AV18) -> 38.6 | AZ18: =O18 -> 0.1 | BB18: =Q18 -> 1.08 | BC18: =IF(F18=0,IF(ROUND( AY18 * ( ( (O18*Q18) + ( ((D18+N18*2)/6)*Q18 ) ) - ROUND( ((D18+N18*2)^2) * ( ( PI()*96.379 / (4*360) ) - ( (SIN((96.379/2)*PI()/180)) * (COS((96.379/2)*PI()/180)) / 4 ) ), 4) ),2), ROUND( AY18 * ( ( (O18*Q18) + ( ((D18+N18*2)/4)*Q18 ) ) - ROUND( ((D18+N18*2)^2) * ( ( PI()*120 / (4*360) ) - ( (SIN((120/2)*PI()/180)) * (COS((120/2)*PI()/180)) / 4 ) ), 4) ),2)),0) -> 7.8 | BD18: =IF(F18>0,ROUND(AY18*O18*Q18,2),0) -> 0 | BF18: =SUM(R18:V18,AI18:AM18) -> 62.05 | BG18: =IF(F18=0, ROUND( ( PI()*( (D18+N18*2)^2 ) / 4 ) * AY18,2), ROUND( (D18+N18*2)*(F18+N18*2) * AY18,2))*I18 -> 6.98 | BH18: =IF(($K18+N18-0.15)<=2,($K18+N18+0.15),IF(($K18+N18)<=3,2.35,($K18+N18+0.2)-0.85)) -> 1.423 | BI18: =IF(D18>2, (K18-F18-N18-0.11),IF(($K18+N18)<=2,0,IF(($K18+N18)>3,0.85,(K18+N18+0.2-BH18)))) -> 0 | BJ18: =IF($Z18="--",0,IF(D18>2,ROUND(((1.42+0.4)+(0.91+0.4))*2*BI18,2),ROUND(AV18*AX18*BH18,2))) -> 2.79 | BK18: =ROUND(((PI()*0.9^2)/4)*BI18,2) -> 0 | BL18: =ROUND(BF18-BG18-BJ18-BK18-BC18-BD18,2) -> 44.48 | BN18: A10-2 => A10 | BO18: A10-2 | BP18: 0.4 | BQ18: 40 | BR18: 1.233 | BS18: 1.219 | BT18: 0.239
A19: AVENIDA PRESIDENTE TRUMAN | Y19: =A19 -> AVENIDA PRESIDENTE TRUMAN | AP19: =A19 -> AVENIDA PRESIDENTE TRUMAN
A20: =BN20 -> A13-1 => A13-2 | D20: =BP20 -> 0.4 | G20: PA-1 | H20: =BQ20 -> 40 | I20: 1 | J20: =H20 -> 40 | K20: =BR20 -> 1.2 | L20: =BS20 -> 1.292 | M20: =ROUND((K20+L20)/2,2) -> 1.25 | N20: =IF(F20=0,ROUND($D20*10%,2),IF(D20>2.8,0.18,0.15)) -> 0.04 | O20: =IF(F20=0,IF( ROUND($D20/4,2), IF(ROUND(($D20*1.2)/6,2)<0.1,0.1,ROUND(($D20*1.2)/6,2))),0.5) -> 0.1 | P20: =M20+N20+O20 -> 1.39 | Q20: =IF(P20<2,(D20+N20*2)+0.6,(D20+N20*2)+0.6+ROUNDUP(P20-2,0)*0.1)*I20 -> 1.08 | R20: =IF($P20<=$X$4,ROUND(IF($P20<1.5,$P20*$H20*$Q20,1.5*$H20*$Q20),2),0) -> 60.05 | S20: =IF($P20>$X$4,ROUND(IF($P20<1.5,$P20*$H20*$Q20,1.5*$H20*$Q20),2),0) -> 0 | T20: =IF($P20>$X$4,ROUND(IF($P20<1.5,0,IF($P20>3,1.5*$H20*$Q20,($P20-1.5)*$H20*$Q20)),2),0) -> 0 | U20: =IF($P20>$X$4,ROUND(IF($P20<3,0,IF($P20>4.5,1.5*$H20*$Q20,($P20-3)*$H20*$Q20)),2),0) -> 0 | V20: =IF($P20>$X$4,ROUND(IF($P20<4.5,0,IF($P20>6,($P20-4.5)*$H20*$Q20,($P20-4.5)*$H20*$Q20)),2),0) -> 0 | W20: =IF($P20>$X$4, IF( $P20<=4, ROUND($H20*($P20+0.5)*2,2), 0),0) -> 0 | X20: =IF($P20>$X$4, IF( $P20>4, ROUND($H20*($P20+0.5)*2,2), 0),0) -> 0 | Y20: =BO20 -> A13-1 | Z20: =IF($D20=0.3,IF($I20=1,1.2,IF(I20=2,1.5,"--")),IF($D20=0.4,IF($I20=1,1.2,IF(I20=2,1.5,"--")),IF($D20=0.45,IF($I20=1,1.2,IF(I20=2,1.5,"--")),IF($D20=0.5,IF($I20=1,1.2,IF(I20=2,1.5,"--")),IF($D20=0.6,IF($I20=1,1.2,IF(I20=2,2,"--")),IF($D20=0.75,IF($I20=1,1.3,IF(I20=2,2,"--")),IF($D20=0.8,1.3,IF($D20=1,1.5,IF($D20=1.2,1.7,IF($D20<=2,2,"--")))))))))) -> 1.2 | AA20: x | AB20: =Z20 -> 1.2 | AC20: =IF($Z20="--","--",K20) -> 1.2 | AD20: =IF($Z20="--","--",IF(D20>1.5,0.15,ROUND($D20*10%,2))) -> 0.04 | AE20: =IF($Z20="--","--",0.15) -> 0.15 | AF20: =IF($Z20="--","--",ROUND(AC20+AD20+AE20,2)) -> 1.39 | AG20: =IF($Z20="--","--",IF($AC20<=2,$Z20+1,($Z20+1)+ROUNDUP($AC20-2,0)*0.1)) -> 2.2 | AH20: =IF($D20=0.3,1.04,IF($D20=0.4,0.92,IF($D20=0.45,0.86,IF($D20=0.5,0.8,IF($D20=0.75,0.8,IF($D20=0.6,0.68,IF($D20=0.8,0.74,IF($D20=1,0.7,IF($D20=1.2,0.66,IF($D20=1.5,0.6,IF($D20<=2,(2.4-(D20+0.3)),"--"))))))))))) -> 0.92 | AI20: =IF($Z20="--","--",IF($AF20<=$X$4,ROUND(IF($AF20<1.5,$AF20*$AG20*$AH20,1.5*$AG20*$AH20),2),0)) -> 2.81 | AJ20: =IF($Z20="--","--",IF($AF20>$X$4,ROUND(IF($AF20<1.5,$AF20*$AG20*$AH20,1.5*$AG20*$AH20),2),0)) -> 0 | AK20: =IF($Z20="--","--",IF($AF20>$X$4,ROUND(IF($AF20<1.5,0,IF($AF20>3,1.5*$AG20*$AH20,($AF20-1.5)*$AG20*$AH20)),2),0)) -> 0 | AL20: =IF($Z20="--","--",IF($AF20>$X$4,ROUND(IF($AF20<3,0,IF($AF20>4.5,1.5*$AG20*$AH20,($AF20-3)*$AG20*$AH20)),2),0)) -> 0 | AM20: =IF($Z20="--","--",IF($AF20>$X$4,ROUND(IF($AF20<4.5,0,IF($AF20>6,($AF20-4.5)*$AG20*$AH20,($AF20-4.5)*$AG20*$AH20)),2),0)) -> 0 | AN20: =IF($Z20="--","--",IF($AF20>$X$4, IF( $AF20<=4, ROUND(($AH20*4)*($AF20+0.5)*2,2), 0),0)) -> 0 | AO20: =IF($Z20="--","--",IF($AF20>$X$4, IF( $AF20>4, ROUND(($AH20*4)*($AF20+0.5)*2,2), 0),0)) -> 0 | AP20: =A20 -> A13-1 => A13-2 | AQ20: =C20 -> 0 | AR20: =D20 -> 0.4 | AU20: =H20 -> 40 | AV20: =IF($Z20="--","--",Z20+0.2) -> 1.4 | AW20: x | AX20: =AV20 -> 1.4 | AY20: =IF(D20>2,AU20,AU20-AV20) -> 38.6 | AZ20: =O20 -> 0.1 | BB20: =Q20 -> 1.08 | BC20: =IF(F20=0,IF(ROUND( AY20 * ( ( (O20*Q20) + ( ((D20+N20*2)/6)*Q20 ) ) - ROUND( ((D20+N20*2)^2) * ( ( PI()*96.379 / (4*360) ) - ( (SIN((96.379/2)*PI()/180)) * (COS((96.379/2)*PI()/180)) / 4 ) ), 4) ),2), ROUND( AY20 * ( ( (O20*Q20) + ( ((D20+N20*2)/4)*Q20 ) ) - ROUND( ((D20+N20*2)^2) * ( ( PI()*120 / (4*360) ) - ( (SIN((120/2)*PI()/180)) * (COS((120/2)*PI()/180)) / 4 ) ), 4) ),2)),0) -> 7.8 | BD20: =IF(F20>0,ROUND(AY20*O20*Q20,2),0) -> 0 | BF20: =SUM(R20:V20,AI20:AM20) -> 62.86 | BG20: =IF(F20=0, ROUND( ( PI()*( (D20+N20*2)^2 ) / 4 ) * AY20,2), ROUND( (D20+N20*2)*(F20+N20*2) * AY20,2))*I20 -> 6.98 | BH20: =IF(($K20+N20-0.15)<=2,($K20+N20+0.15),IF(($K20+N20)<=3,2.35,($K20+N20+0.2)-0.85)) -> 1.39 | BI20: =IF(D20>2, (K20-F20-N20-0.11),IF(($K20+N20)<=2,0,IF(($K20+N20)>3,0.85,(K20+N20+0.2-BH20)))) -> 0 | BJ20: =IF($Z20="--",0,IF(D20>2,ROUND(((1.42+0.4)+(0.91+0.4))*2*BI20,2),ROUND(AV20*AX20*BH20,2))) -> 2.72 | BK20: =ROUND(((PI()*0.9^2)/4)*BI20,2) -> 0 | BL20: =ROUND(BF20-BG20-BJ20-BK20-BC20-BD20,2) -> 45.36 | BN20: A13-1 => A13-2 | BO20: A13-1 | BP20: 0.4 | BQ20: 40 | BR20: 1.2 | BS20: 1.292 | BT20: 0.1
A21: =BN21 -> A13-2 => A13 | D21: =BP21 -> 0.4 | G21: PA-1 | H21: =BQ21 -> 40 | I21: 1 | J21: =H21 -> 40 | K21: =BR21 -> 1.392 | L21: =BS21 -> 1.372 | M21: =ROUND((K21+L21)/2,2) -> 1.38 | N21: =IF(F21=0,ROUND($D21*10%,2),IF(D21>2.8,0.18,0.15)) -> 0.04 | O21: =IF(F21=0,IF( ROUND($D21/4,2), IF(ROUND(($D21*1.2)/6,2)<0.1,0.1,ROUND(($D21*1.2)/6,2))),0.5) -> 0.1 | P21: =M21+N21+O21 -> 1.52 | Q21: =IF(P21<2,(D21+N21*2)+0.6,(D21+N21*2)+0.6+ROUNDUP(P21-2,0)*0.1)*I21 -> 1.08 | R21: =IF($P21<=$X$4,ROUND(IF($P21<1.5,$P21*$H21*$Q21,1.5*$H21*$Q21),2),0) -> 0 | S21: =IF($P21>$X$4,ROUND(IF($P21<1.5,$P21*$H21*$Q21,1.5*$H21*$Q21),2),0) -> 64.8 | T21: =IF($P21>$X$4,ROUND(IF($P21<1.5,0,IF($P21>3,1.5*$H21*$Q21,($P21-1.5)*$H21*$Q21)),2),0) -> 0.86 | U21: =IF($P21>$X$4,ROUND(IF($P21<3,0,IF($P21>4.5,1.5*$H21*$Q21,($P21-3)*$H21*$Q21)),2),0) -> 0 | V21: =IF($P21>$X$4,ROUND(IF($P21<4.5,0,IF($P21>6,($P21-4.5)*$H21*$Q21,($P21-4.5)*$H21*$Q21)),2),0) -> 0 | W21: =IF($P21>$X$4, IF( $P21<=4, ROUND($H21*($P21+0.5)*2,2), 0),0) -> 161.6 | X21: =IF($P21>$X$4, IF( $P21>4, ROUND($H21*($P21+0.5)*2,2), 0),0) -> 0 | Y21: =BO21 -> A13-2 | Z21: =IF($D21=0.3,IF($I21=1,1.2,IF(I21=2,1.5,"--")),IF($D21=0.4,IF($I21=1,1.2,IF(I21=2,1.5,"--")),IF($D21=0.45,IF($I21=1,1.2,IF(I21=2,1.5,"--")),IF($D21=0.5,IF($I21=1,1.2,IF(I21=2,1.5,"--")),IF($D21=0.6,IF($I21=1,1.2,IF(I21=2,2,"--")),IF($D21=0.75,IF($I21=1,1.3,IF(I21=2,2,"--")),IF($D21=0.8,1.3,IF($D21=1,1.5,IF($D21=1.2,1.7,IF($D21<=2,2,"--")))))))))) -> 1.2 | AA21: x | AB21: =Z21 -> 1.2 | AC21: =IF($Z21="--","--",K21) -> 1.392 | AD21: =IF($Z21="--","--",IF(D21>1.5,0.15,ROUND($D21*10%,2))) -> 0.04 | AE21: =IF($Z21="--","--",0.15) -> 0.15 | AF21: =IF($Z21="--","--",ROUND(AC21+AD21+AE21,2)) -> 1.58 | AG21: =IF($Z21="--","--",IF($AC21<=2,$Z21+1,($Z21+1)+ROUNDUP($AC21-2,0)*0.1)) -> 2.2 | AH21: =IF($D21=0.3,1.04,IF($D21=0.4,0.92,IF($D21=0.45,0.86,IF($D21=0.5,0.8,IF($D21=0.75,0.8,IF($D21=0.6,0.68,IF($D21=0.8,0.74,IF($D21=1,0.7,IF($D21=1.2,0.66,IF($D21=1.5,0.6,IF($D21<=2,(2.4-(D21+0.3)),"--"))))))))))) -> 0.92 | AI21: =IF($Z21="--","--",IF($AF21<=$X$4,ROUND(IF($AF21<1.5,$AF21*$AG21*$AH21,1.5*$AG21*$AH21),2),0)) -> 0 | AJ21: =IF($Z21="--","--",IF($AF21>$X$4,ROUND(IF($AF21<1.5,$AF21*$AG21*$AH21,1.5*$AG21*$AH21),2),0)) -> 3.04 | AK21: =IF($Z21="--","--",IF($AF21>$X$4,ROUND(IF($AF21<1.5,0,IF($AF21>3,1.5*$AG21*$AH21,($AF21-1.5)*$AG21*$AH21)),2),0)) -> 0.16 | AL21: =IF($Z21="--","--",IF($AF21>$X$4,ROUND(IF($AF21<3,0,IF($AF21>4.5,1.5*$AG21*$AH21,($AF21-3)*$AG21*$AH21)),2),0)) -> 0 | AM21: =IF($Z21="--","--",IF($AF21>$X$4,ROUND(IF($AF21<4.5,0,IF($AF21>6,($AF21-4.5)*$AG21*$AH21,($AF21-4.5)*$AG21*$AH21)),2),0)) -> 0 | AN21: =IF($Z21="--","--",IF($AF21>$X$4, IF( $AF21<=4, ROUND(($AH21*4)*($AF21+0.5)*2,2), 0),0)) -> 15.31 | AO21: =IF($Z21="--","--",IF($AF21>$X$4, IF( $AF21>4, ROUND(($AH21*4)*($AF21+0.5)*2,2), 0),0)) -> 0 | AP21: =A21 -> A13-2 => A13 | AQ21: =C21 -> 0 | AR21: =D21 -> 0.4 | AU21: =H21 -> 40 | AV21: =IF($Z21="--","--",Z21+0.2) -> 1.4 | AW21: x | AX21: =AV21 -> 1.4 | AY21: =IF(D21>2,AU21,AU21-AV21) -> 38.6 | AZ21: =O21 -> 0.1 | BB21: =Q21 -> 1.08 | BC21: =IF(F21=0,IF(ROUND( AY21 * ( ( (O21*Q21) + ( ((D21+N21*2)/6)*Q21 ) ) - ROUND( ((D21+N21*2)^2) * ( ( PI()*96.379 / (4*360) ) - ( (SIN((96.379/2)*PI()/180)) * (COS((96.379/2)*PI()/180)) / 4 ) ), 4) ),2), ROUND( AY21 * ( ( (O21*Q21) + ( ((D21+N21*2)/4)*Q21 ) ) - ROUND( ((D21+N21*2)^2) * ( ( PI()*120 / (4*360) ) - ( (SIN((120/2)*PI()/180)) * (COS((120/2)*PI()/180)) / 4 ) ), 4) ),2)),0) -> 7.8 | BD21: =IF(F21>0,ROUND(AY21*O21*Q21,2),0) -> 0 | BF21: =SUM(R21:V21,AI21:AM21) -> 68.86 | BG21: =IF(F21=0, ROUND( ( PI()*( (D21+N21*2)^2 ) / 4 ) * AY21,2), ROUND( (D21+N21*2)*(F21+N21*2) * AY21,2))*I21 -> 6.98 | BH21: =IF(($K21+N21-0.15)<=2,($K21+N21+0.15),IF(($K21+N21)<=3,2.35,($K21+N21+0.2)-0.85)) -> 1.582 | BI21: =IF(D21>2, (K21-F21-N21-0.11),IF(($K21+N21)<=2,0,IF(($K21+N21)>3,0.85,(K21+N21+0.2-BH21)))) -> 0 | BJ21: =IF($Z21="--",0,IF(D21>2,ROUND(((1.42+0.4)+(0.91+0.4))*2*BI21,2),ROUND(AV21*AX21*BH21,2))) -> 3.1 | BK21: =ROUND(((PI()*0.9^2)/4)*BI21,2) -> 0 | BL21: =ROUND(BF21-BG21-BJ21-BK21-BC21-BD21,2) -> 50.98 | BN21: A13-2 => A13 | BO21: A13-2 | BP21: 0.4 | BQ21: 40 | BR21: 1.392 | BS21: 1.372 | BT21: 0.486
A22: RUA PLÍNIO ROCHA | Y22: =A22 -> RUA PLÍNIO ROCHA | AP22: =A22 -> RUA PLÍNIO ROCHA
A23: =BN23 -> A19-6-1 => A19-6-2 | D23: =BP23 -> 0.4 | G23: PA-1 | H23: =BQ23 -> 40 | I23: 1 | J23: =H23 -> 40 | K23: =BR23 -> 1.2 | L23: =BS23 -> 1.223 | M23: =ROUND((K23+L23)/2,2) -> 1.21 | N23: =IF(F23=0,ROUND($D23*10%,2),IF(D23>2.8,0.18,0.15)) -> 0.04 | O23: =IF(F23=0,IF( ROUND($D23/4,2), IF(ROUND(($D23*1.2)/6,2)<0.1,0.1,ROUND(($D23*1.2)/6,2))),0.5) -> 0.1 | P23: =M23+N23+O23 -> 1.35 | Q23: =IF(P23<2,(D23+N23*2)+0.6,(D23+N23*2)+0.6+ROUNDUP(P23-2,0)*0.1)*I23 -> 1.08 | R23: =IF($P23<=$X$4,ROUND(IF($P23<1.5,$P23*$H23*$Q23,1.5*$H23*$Q23),2),0) -> 58.32 | S23: =IF($P23>$X$4,ROUND(IF($P23<1.5,$P23*$H23*$Q23,1.5*$H23*$Q23),2),0) -> 0 | T23: =IF($P23>$X$4,ROUND(IF($P23<1.5,0,IF($P23>3,1.5*$H23*$Q23,($P23-1.5)*$H23*$Q23)),2),0) -> 0 | U23: =IF($P23>$X$4,ROUND(IF($P23<3,0,IF($P23>4.5,1.5*$H23*$Q23,($P23-3)*$H23*$Q23)),2),0) -> 0 | V23: =IF($P23>$X$4,ROUND(IF($P23<4.5,0,IF($P23>6,($P23-4.5)*$H23*$Q23,($P23-4.5)*$H23*$Q23)),2),0) -> 0 | W23: =IF($P23>$X$4, IF( $P23<=4, ROUND($H23*($P23+0.5)*2,2), 0),0) -> 0 | X23: =IF($P23>$X$4, IF( $P23>4, ROUND($H23*($P23+0.5)*2,2), 0),0) -> 0 | Y23: =BO23 -> A19-6-1 | Z23: =IF($D23=0.3,IF($I23=1,1.2,IF(I23=2,1.5,"--")),IF($D23=0.4,IF($I23=1,1.2,IF(I23=2,1.5,"--")),IF($D23=0.45,IF($I23=1,1.2,IF(I23=2,1.5,"--")),IF($D23=0.5,IF($I23=1,1.2,IF(I23=2,1.5,"--")),IF($D23=0.6,IF($I23=1,1.2,IF(I23=2,2,"--")),IF($D23=0.75,IF($I23=1,1.3,IF(I23=2,2,"--")),IF($D23=0.8,1.3,IF($D23=1,1.5,IF($D23=1.2,1.7,IF($D23<=2,2,"--")))))))))) -> 1.2 | AA23: x | AB23: =Z23 -> 1.2 | AC23: =IF($Z23="--","--",K23) -> 1.2 | AD23: =IF($Z23="--","--",IF(D23>1.5,0.15,ROUND($D23*10%,2))) -> 0.04 | AE23: =IF($Z23="--","--",0.15) -> 0.15 | AF23: =IF($Z23="--","--",ROUND(AC23+AD23+AE23,2)) -> 1.39 | AG23: =IF($Z23="--","--",IF($AC23<=2,$Z23+1,($Z23+1)+ROUNDUP($AC23-2,0)*0.1)) -> 2.2 | AH23: =IF($D23=0.3,1.04,IF($D23=0.4,0.92,IF($D23=0.45,0.86,IF($D23=0.5,0.8,IF($D23=0.75,0.8,IF($D23=0.6,0.68,IF($D23=0.8,0.74,IF($D23=1,0.7,IF($D23=1.2,0.66,IF($D23=1.5,0.6,IF($D23<=2,(2.4-(D23+0.3)),"--"))))))))))) -> 0.92 | AI23: =IF($Z23="--","--",IF($AF23<=$X$4,ROUND(IF($AF23<1.5,$AF23*$AG23*$AH23,1.5*$AG23*$AH23),2),0)) -> 2.81 | AJ23: =IF($Z23="--","--",IF($AF23>$X$4,ROUND(IF($AF23<1.5,$AF23*$AG23*$AH23,1.5*$AG23*$AH23),2),0)) -> 0 | AK23: =IF($Z23="--","--",IF($AF23>$X$4,ROUND(IF($AF23<1.5,0,IF($AF23>3,1.5*$AG23*$AH23,($AF23-1.5)*$AG23*$AH23)),2),0)) -> 0 | AL23: =IF($Z23="--","--",IF($AF23>$X$4,ROUND(IF($AF23<3,0,IF($AF23>4.5,1.5*$AG23*$AH23,($AF23-3)*$AG23*$AH23)),2),0)) -> 0 | AM23: =IF($Z23="--","--",IF($AF23>$X$4,ROUND(IF($AF23<4.5,0,IF($AF23>6,($AF23-4.5)*$AG23*$AH23,($AF23-4.5)*$AG23*$AH23)),2),0)) -> 0 | AN23: =IF($Z23="--","--",IF($AF23>$X$4, IF( $AF23<=4, ROUND(($AH23*4)*($AF23+0.5)*2,2), 0),0)) -> 0 | AO23: =IF($Z23="--","--",IF($AF23>$X$4, IF( $AF23>4, ROUND(($AH23*4)*($AF23+0.5)*2,2), 0),0)) -> 0 | AP23: =A23 -> A19-6-1 => A19-6-2 | AQ23: =C23 -> 0 | AR23: =D23 -> 0.4 | AU23: =H23 -> 40 | AV23: =IF($Z23="--","--",Z23+0.2) -> 1.4 | AW23: x | AX23: =AV23 -> 1.4 | AY23: =IF(D23>2,AU23,AU23-AV23) -> 38.6 | AZ23: =O23 -> 0.1 | BB23: =Q23 -> 1.08 | BC23: =IF(F23=0,IF(ROUND( AY23 * ( ( (O23*Q23) + ( ((D23+N23*2)/6)*Q23 ) ) - ROUND( ((D23+N23*2)^2) * ( ( PI()*96.379 / (4*360) ) - ( (SIN((96.379/2)*PI()/180)) * (COS((96.379/2)*PI()/180)) / 4 ) ), 4) ),2), ROUND( AY23 * ( ( (O23*Q23) + ( ((D23+N23*2)/4)*Q23 ) ) - ROUND( ((D23+N23*2)^2) * ( ( PI()*120 / (4*360) ) - ( (SIN((120/2)*PI()/180)) * (COS((120/2)*PI()/180)) / 4 ) ), 4) ),2)),0) -> 7.8 | BD23: =IF(F23>0,ROUND(AY23*O23*Q23,2),0) -> 0 | BF23: =SUM(R23:V23,AI23:AM23) -> 61.13 | BG23: =IF(F23=0, ROUND( ( PI()*( (D23+N23*2)^2 ) / 4 ) * AY23,2), ROUND( (D23+N23*2)*(F23+N23*2) * AY23,2))*I23 -> 6.98 | BH23: =IF(($K23+N23-0.15)<=2,($K23+N23+0.15),IF(($K23+N23)<=3,2.35,($K23+N23+0.2)-0.85)) -> 1.39 | BI23: =IF(D23>2, (K23-F23-N23-0.11),IF(($K23+N23)<=2,0,IF(($K23+N23)>3,0.85,(K23+N23+0.2-BH23)))) -> 0 | BJ23: =IF($Z23="--",0,IF(D23>2,ROUND(((1.42+0.4)+(0.91+0.4))*2*BI23,2),ROUND(AV23*AX23*BH23,2))) -> 2.72 | BK23: =ROUND(((PI()*0.9^2)/4)*BI23,2) -> 0 | BL23: =ROUND(BF23-BG23-BJ23-BK23-BC23-BD23,2) -> 43.63 | BN23: A19-6-1 => A19-6-2 | BO23: A19-6-1 | BP23: 0.4 | BQ23: 40 | BR23: 1.2 | BS23: 1.223 | BT23: 0.15
A24: =BN24 -> A19-6-2 => A19-6-3 | D24: =BP24 -> 0.4 | G24: PA-1 | H24: =BQ24 -> 40 | I24: 1 | J24: =H24 -> 40 | K24: =BR24 -> 1.373 | L24: =BS24 -> 1.338 | M24: =ROUND((K24+L24)/2,2) -> 1.36 | N24: =IF(F24=0,ROUND($D24*10%,2),IF(D24>2.8,0.18,0.15)) -> 0.04 | O24: =IF(F24=0,IF( ROUND($D24/4,2), IF(ROUND(($D24*1.2)/6,2)<0.1,0.1,ROUND(($D24*1.2)/6,2))),0.5) -> 0.1 | P24: =M24+N24+O24 -> 1.5 | Q24: =IF(P24<2,(D24+N24*2)+0.6,(D24+N24*2)+0.6+ROUNDUP(P24-2,0)*0.1)*I24 -> 1.08 | R24: =IF($P24<=$X$4,ROUND(IF($P24<1.5,$P24*$H24*$Q24,1.5*$H24*$Q24),2),0) -> 64.8 | S24: =IF($P24>$X$4,ROUND(IF($P24<1.5,$P24*$H24*$Q24,1.5*$H24*$Q24),2),0) -> 0 | T24: =IF($P24>$X$4,ROUND(IF($P24<1.5,0,IF($P24>3,1.5*$H24*$Q24,($P24-1.5)*$H24*$Q24)),2),0) -> 0 | U24: =IF($P24>$X$4,ROUND(IF($P24<3,0,IF($P24>4.5,1.5*$H24*$Q24,($P24-3)*$H24*$Q24)),2),0) -> 0 | V24: =IF($P24>$X$4,ROUND(IF($P24<4.5,0,IF($P24>6,($P24-4.5)*$H24*$Q24,($P24-4.5)*$H24*$Q24)),2),0) -> 0 | W24: =IF($P24>$X$4, IF( $P24<=4, ROUND($H24*($P24+0.5)*2,2), 0),0) -> 0 | X24: =IF($P24>$X$4, IF( $P24>4, ROUND($H24*($P24+0.5)*2,2), 0),0) -> 0 | Y24: =BO24 -> A19-6-2 | Z24: =IF($D24=0.3,IF($I24=1,1.2,IF(I24=2,1.5,"--")),IF($D24=0.4,IF($I24=1,1.2,IF(I24=2,1.5,"--")),IF($D24=0.45,IF($I24=1,1.2,IF(I24=2,1.5,"--")),IF($D24=0.5,IF($I24=1,1.2,IF(I24=2,1.5,"--")),IF($D24=0.6,IF($I24=1,1.2,IF(I24=2,2,"--")),IF($D24=0.75,IF($I24=1,1.3,IF(I24=2,2,"--")),IF($D24=0.8,1.3,IF($D24=1,1.5,IF($D24=1.2,1.7,IF($D24<=2,2,"--")))))))))) -> 1.2 | AA24: x | AB24: =Z24 -> 1.2 | AC24: =IF($Z24="--","--",K24) -> 1.373 | AD24: =IF($Z24="--","--",IF(D24>1.5,0.15,ROUND($D24*10%,2))) -> 0.04 | AE24: =IF($Z24="--","--",0.15) -> 0.15 | AF24: =IF($Z24="--","--",ROUND(AC24+AD24+AE24,2)) -> 1.56 | AG24: =IF($Z24="--","--",IF($AC24<=2,$Z24+1,($Z24+1)+ROUNDUP($AC24-2,0)*0.1)) -> 2.2 | AH24: =IF($D24=0.3,1.04,IF($D24=0.4,0.92,IF($D24=0.45,0.86,IF($D24=0.5,0.8,IF($D24=0.75,0.8,IF($D24=0.6,0.68,IF($D24=0.8,0.74,IF($D24=1,0.7,IF($D24=1.2,0.66,IF($D24=1.5,0.6,IF($D24<=2,(2.4-(D24+0.3)),"--"))))))))))) -> 0.92 | AI24: =IF($Z24="--","--",IF($AF24<=$X$4,ROUND(IF($AF24<1.5,$AF24*$AG24*$AH24,1.5*$AG24*$AH24),2),0)) -> 0 | AJ24: =IF($Z24="--","--",IF($AF24>$X$4,ROUND(IF($AF24<1.5,$AF24*$AG24*$AH24,1.5*$AG24*$AH24),2),0)) -> 3.04 | AK24: =IF($Z24="--","--",IF($AF24>$X$4,ROUND(IF($AF24<1.5,0,IF($AF24>3,1.5*$AG24*$AH24,($AF24-1.5)*$AG24*$AH24)),2),0)) -> 0.12 | AL24: =IF($Z24="--","--",IF($AF24>$X$4,ROUND(IF($AF24<3,0,IF($AF24>4.5,1.5*$AG24*$AH24,($AF24-3)*$AG24*$AH24)),2),0)) -> 0 | AM24: =IF($Z24="--","--",IF($AF24>$X$4,ROUND(IF($AF24<4.5,0,IF($AF24>6,($AF24-4.5)*$AG24*$AH24,($AF24-4.5)*$AG24*$AH24)),2),0)) -> 0 | AN24: =IF($Z24="--","--",IF($AF24>$X$4, IF( $AF24<=4, ROUND(($AH24*4)*($AF24+0.5)*2,2), 0),0)) -> 15.16 | AO24: =IF($Z24="--","--",IF($AF24>$X$4, IF( $AF24>4, ROUND(($AH24*4)*($AF24+0.5)*2,2), 0),0)) -> 0 | AP24: =A24 -> A19-6-2 => A19-6-3 | AQ24: =C24 -> 0 | AR24: =D24 -> 0.4 | AU24: =H24 -> 40 | AV24: =IF($Z24="--","--",Z24+0.2) -> 1.4 | AW24: x | AX24: =AV24 -> 1.4 | AY24: =IF(D24>2,AU24,AU24-AV24) -> 38.6 | AZ24: =O24 -> 0.1 | BB24: =Q24 -> 1.08 | BC24: =IF(F24=0,IF(ROUND( AY24 * ( ( (O24*Q24) + ( ((D24+N24*2)/6)*Q24 ) ) - ROUND( ((D24+N24*2)^2) * ( ( PI()*96.379 / (4*360) ) - ( (SIN((96.379/2)*PI()/180)) * (COS((96.379/2)*PI()/180)) / 4 ) ), 4) ),2), ROUND( AY24 * ( ( (O24*Q24) + ( ((D24+N24*2)/4)*Q24 ) ) - ROUND( ((D24+N24*2)^2) * ( ( PI()*120 / (4*360) ) - ( (SIN((120/2)*PI()/180)) * (COS((120/2)*PI()/180)) / 4 ) ), 4) ),2)),0) -> 7.8 | BD24: =IF(F24>0,ROUND(AY24*O24*Q24,2),0) -> 0 | BF24: =SUM(R24:V24,AI24:AM24) -> 67.96 | BG24: =IF(F24=0, ROUND( ( PI()*( (D24+N24*2)^2 ) / 4 ) * AY24,2), ROUND( (D24+N24*2)*(F24+N24*2) * AY24,2))*I24 -> 6.98 | BH24: =IF(($K24+N24-0.15)<=2,($K24+N24+0.15),IF(($K24+N24)<=3,2.35,($K24+N24+0.2)-0.85)) -> 1.563 | BI24: =IF(D24>2, (K24-F24-N24-0.11),IF(($K24+N24)<=2,0,IF(($K24+N24)>3,0.85,(K24+N24+0.2-BH24)))) -> 0 | BJ24: =IF($Z24="--",0,IF(D24>2,ROUND(((1.42+0.4)+(0.91+0.4))*2*BI24,2),ROUND(AV24*AX24*BH24,2))) -> 3.06 | BK24: =ROUND(((PI()*0.9^2)/4)*BI24,2) -> 0 | BL24: =ROUND(BF24-BG24-BJ24-BK24-BC24-BD24,2) -> 50.12 | BN24: A19-6-2 => A19-6-3 | BO24: A19-6-2 | BP24: 0.4 | BQ24: 40 | BR24: 1.373 | BS24: 1.338 | BT24: 0
A25: =BN25 -> A19-6-3 => A19-6-4 | D25: =BP25 -> 0.4 | G25: PA-1 | H25: =BQ25 -> 40 | I25: 1 | J25: =H25 -> 40 | K25: =BR25 -> 1.338 | L25: =BS25 -> 1.438 | M25: =ROUND((K25+L25)/2,2) -> 1.39 | N25: =IF(F25=0,ROUND($D25*10%,2),IF(D25>2.8,0.18,0.15)) -> 0.04 | O25: =IF(F25=0,IF( ROUND($D25/4,2), IF(ROUND(($D25*1.2)/6,2)<0.1,0.1,ROUND(($D25*1.2)/6,2))),0.5) -> 0.1 | P25: =M25+N25+O25 -> 1.53 | Q25: =IF(P25<2,(D25+N25*2)+0.6,(D25+N25*2)+0.6+ROUNDUP(P25-2,0)*0.1)*I25 -> 1.08 | R25: =IF($P25<=$X$4,ROUND(IF($P25<1.5,$P25*$H25*$Q25,1.5*$H25*$Q25),2),0) -> 0 | S25: =IF($P25>$X$4,ROUND(IF($P25<1.5,$P25*$H25*$Q25,1.5*$H25*$Q25),2),0) -> 64.8 | T25: =IF($P25>$X$4,ROUND(IF($P25<1.5,0,IF($P25>3,1.5*$H25*$Q25,($P25-1.5)*$H25*$Q25)),2),0) -> 1.3 | U25: =IF($P25>$X$4,ROUND(IF($P25<3,0,IF($P25>4.5,1.5*$H25*$Q25,($P25-3)*$H25*$Q25)),2),0) -> 0 | V25: =IF($P25>$X$4,ROUND(IF($P25<4.5,0,IF($P25>6,($P25-4.5)*$H25*$Q25,($P25-4.5)*$H25*$Q25)),2),0) -> 0 | W25: =IF($P25>$X$4, IF( $P25<=4, ROUND($H25*($P25+0.5)*2,2), 0),0) -> 162.4 | X25: =IF($P25>$X$4, IF( $P25>4, ROUND($H25*($P25+0.5)*2,2), 0),0) -> 0 | Y25: =BO25 -> A19-6-3 | Z25: =IF($D25=0.3,IF($I25=1,1.2,IF(I25=2,1.5,"--")),IF($D25=0.4,IF($I25=1,1.2,IF(I25=2,1.5,"--")),IF($D25=0.45,IF($I25=1,1.2,IF(I25=2,1.5,"--")),IF($D25=0.5,IF($I25=1,1.2,IF(I25=2,1.5,"--")),IF($D25=0.6,IF($I25=1,1.2,IF(I25=2,2,"--")),IF($D25=0.75,IF($I25=1,1.3,IF(I25=2,2,"--")),IF($D25=0.8,1.3,IF($D25=1,1.5,IF($D25=1.2,1.7,IF($D25<=2,2,"--")))))))))) -> 1.2 | AA25: x | AB25: =Z25 -> 1.2 | AC25: =IF($Z25="--","--",K25) -> 1.338 | AD25: =IF($Z25="--","--",IF(D25>1.5,0.15,ROUND($D25*10%,2))) -> 0.04 | AE25: =IF($Z25="--","--",0.15) -> 0.15 | AF25: =IF($Z25="--","--",ROUND(AC25+AD25+AE25,2)) -> 1.53 | AG25: =IF($Z25="--","--",IF($AC25<=2,$Z25+1,($Z25+1)+ROUNDUP($AC25-2,0)*0.1)) -> 2.2 | AH25: =IF($D25=0.3,1.04,IF($D25=0.4,0.92,IF($D25=0.45,0.86,IF($D25=0.5,0.8,IF($D25=0.75,0.8,IF($D25=0.6,0.68,IF($D25=0.8,0.74,IF($D25=1,0.7,IF($D25=1.2,0.66,IF($D25=1.5,0.6,IF($D25<=2,(2.4-(D25+0.3)),"--"))))))))))) -> 0.92 | AI25: =IF($Z25="--","--",IF($AF25<=$X$4,ROUND(IF($AF25<1.5,$AF25*$AG25*$AH25,1.5*$AG25*$AH25),2),0)) -> 0 | AJ25: =IF($Z25="--","--",IF($AF25>$X$4,ROUND(IF($AF25<1.5,$AF25*$AG25*$AH25,1.5*$AG25*$AH25),2),0)) -> 3.04 | AK25: =IF($Z25="--","--",IF($AF25>$X$4,ROUND(IF($AF25<1.5,0,IF($AF25>3,1.5*$AG25*$AH25,($AF25-1.5)*$AG25*$AH25)),2),0)) -> 0.06 | AL25: =IF($Z25="--","--",IF($AF25>$X$4,ROUND(IF($AF25<3,0,IF($AF25>4.5,1.5*$AG25*$AH25,($AF25-3)*$AG25*$AH25)),2),0)) -> 0 | AM25: =IF($Z25="--","--",IF($AF25>$X$4,ROUND(IF($AF25<4.5,0,IF($AF25>6,($AF25-4.5)*$AG25*$AH25,($AF25-4.5)*$AG25*$AH25)),2),0)) -> 0 | AN25: =IF($Z25="--","--",IF($AF25>$X$4, IF( $AF25<=4, ROUND(($AH25*4)*($AF25+0.5)*2,2), 0),0)) -> 14.94 | AO25: =IF($Z25="--","--",IF($AF25>$X$4, IF( $AF25>4, ROUND(($AH25*4)*($AF25+0.5)*2,2), 0),0)) -> 0 | AP25: =A25 -> A19-6-3 => A19-6-4 | AQ25: =C25 -> 0 | AR25: =D25 -> 0.4 | AU25: =H25 -> 40 | AV25: =IF($Z25="--","--",Z25+0.2) -> 1.4 | AW25: x | AX25: =AV25 -> 1.4 | AY25: =IF(D25>2,AU25,AU25-AV25) -> 38.6 | AZ25: =O25 -> 0.1 | BB25: =Q25 -> 1.08 | BC25: =IF(F25=0,IF(ROUND( AY25 * ( ( (O25*Q25) + ( ((D25+N25*2)/6)*Q25 ) ) - ROUND( ((D25+N25*2)^2) * ( ( PI()*96.379 / (4*360) ) - ( (SIN((96.379/2)*PI()/180)) * (COS((96.379/2)*PI()/180)) / 4 ) ), 4) ),2), ROUND( AY25 * ( ( (O25*Q25) + ( ((D25+N25*2)/4)*Q25 ) ) - ROUND( ((D25+N25*2)^2) * ( ( PI()*120 / (4*360) ) - ( (SIN((120/2)*PI()/180)) * (COS((120/2)*PI()/180)) / 4 ) ), 4) ),2)),0) -> 7.8 | BD25: =IF(F25>0,ROUND(AY25*O25*Q25,2),0) -> 0 | BF25: =SUM(R25:V25,AI25:AM25) -> 69.2 | BG25: =IF(F25=0, ROUND( ( PI()*( (D25+N25*2)^2 ) / 4 ) * AY25,2), ROUND( (D25+N25*2)*(F25+N25*2) * AY25,2))*I25 -> 6.98 | BH25: =IF(($K25+N25-0.15)<=2,($K25+N25+0.15),IF(($K25+N25)<=3,2.35,($K25+N25+0.2)-0.85)) -> 1.528 | BI25: =IF(D25>2, (K25-F25-N25-0.11),IF(($K25+N25)<=2,0,IF(($K25+N25)>3,0.85,(K25+N25+0.2-BH25)))) -> 0 | BJ25: =IF($Z25="--",0,IF(D25>2,ROUND(((1.42+0.4)+(0.91+0.4))*2*BI25,2),ROUND(AV25*AX25*BH25,2))) -> 2.99 | BK25: =ROUND(((PI()*0.9^2)/4)*BI25,2) -> 0 | BL25: =ROUND(BF25-BG25-BJ25-BK25-BC25-BD25,2) -> 51.43 | BN25: A19-6-3 => A19-6-4 | BO25: A19-6-3 | BP25: 0.4 | BQ25: 40 | BR25: 1.338 | BS25: 1.438 | BT25: 0.2
A26: =BN26 -> A19-6-4 => A19-6 | D26: =BP26 -> 0.4 | G26: PA-1 | H26: =BQ26 -> 40 | I26: 1 | J26: =H26 -> 40 | K26: =BR26 -> 1.638 | L26: =BS26 -> 1.272 | M26: =ROUND((K26+L26)/2,2) -> 1.46 | N26: =IF(F26=0,ROUND($D26*10%,2),IF(D26>2.8,0.18,0.15)) -> 0.04 | O26: =IF(F26=0,IF( ROUND($D26/4,2), IF(ROUND(($D26*1.2)/6,2)<0.1,0.1,ROUND(($D26*1.2)/6,2))),0.5) -> 0.1 | P26: =M26+N26+O26 -> 1.6 | Q26: =IF(P26<2,(D26+N26*2)+0.6,(D26+N26*2)+0.6+ROUNDUP(P26-2,0)*0.1)*I26 -> 1.08 | R26: =IF($P26<=$X$4,ROUND(IF($P26<1.5,$P26*$H26*$Q26,1.5*$H26*$Q26),2),0) -> 0 | S26: =IF($P26>$X$4,ROUND(IF($P26<1.5,$P26*$H26*$Q26,1.5*$H26*$Q26),2),0) -> 64.8 | T26: =IF($P26>$X$4,ROUND(IF($P26<1.5,0,IF($P26>3,1.5*$H26*$Q26,($P26-1.5)*$H26*$Q26)),2),0) -> 4.32 | U26: =IF($P26>$X$4,ROUND(IF($P26<3,0,IF($P26>4.5,1.5*$H26*$Q26,($P26-3)*$H26*$Q26)),2),0) -> 0 | V26: =IF($P26>$X$4,ROUND(IF($P26<4.5,0,IF($P26>6,($P26-4.5)*$H26*$Q26,($P26-4.5)*$H26*$Q26)),2),0) -> 0 | W26: =IF($P26>$X$4, IF( $P26<=4, ROUND($H26*($P26+0.5)*2,2), 0),0) -> 168 | X26: =IF($P26>$X$4, IF( $P26>4, ROUND($H26*($P26+0.5)*2,2), 0),0) -> 0 | Y26: =BO26 -> A19-6-4 | Z26: =IF($D26=0.3,IF($I26=1,1.2,IF(I26=2,1.5,"--")),IF($D26=0.4,IF($I26=1,1.2,IF(I26=2,1.5,"--")),IF($D26=0.45,IF($I26=1,1.2,IF(I26=2,1.5,"--")),IF($D26=0.5,IF($I26=1,1.2,IF(I26=2,1.5,"--")),IF($D26=0.6,IF($I26=1,1.2,IF(I26=2,2,"--")),IF($D26=0.75,IF($I26=1,1.3,IF(I26=2,2,"--")),IF($D26=0.8,1.3,IF($D26=1,1.5,IF($D26=1.2,1.7,IF($D26<=2,2,"--")))))))))) -> 1.2 | AA26: x | AB26: =Z26 -> 1.2 | AC26: =IF($Z26="--","--",K26) -> 1.638 | AD26: =IF($Z26="--","--",IF(D26>1.5,0.15,ROUND($D26*10%,2))) -> 0.04 | AE26: =IF($Z26="--","--",0.15) -> 0.15 | AF26: =IF($Z26="--","--",ROUND(AC26+AD26+AE26,2)) -> 1.83 | AG26: =IF($Z26="--","--",IF($AC26<=2,$Z26+1,($Z26+1)+ROUNDUP($AC26-2,0)*0.1)) -> 2.2 | AH26: =IF($D26=0.3,1.04,IF($D26=0.4,0.92,IF($D26=0.45,0.86,IF($D26=0.5,0.8,IF($D26=0.75,0.8,IF($D26=0.6,0.68,IF($D26=0.8,0.74,IF($D26=1,0.7,IF($D26=1.2,0.66,IF($D26=1.5,0.6,IF($D26<=2,(2.4-(D26+0.3)),"--"))))))))))) -> 0.92 | AI26: =IF($Z26="--","--",IF($AF26<=$X$4,ROUND(IF($AF26<1.5,$AF26*$AG26*$AH26,1.5*$AG26*$AH26),2),0)) -> 0 | AJ26: =IF($Z26="--","--",IF($AF26>$X$4,ROUND(IF($AF26<1.5,$AF26*$AG26*$AH26,1.5*$AG26*$AH26),2),0)) -> 3.04 | AK26: =IF($Z26="--","--",IF($AF26>$X$4,ROUND(IF($AF26<1.5,0,IF($AF26>3,1.5*$AG26*$AH26,($AF26-1.5)*$AG26*$AH26)),2),0)) -> 0.67 | AL26: =IF($Z26="--","--",IF($AF26>$X$4,ROUND(IF($AF26<3,0,IF($AF26>4.5,1.5*$AG26*$AH26,($AF26-3)*$AG26*$AH26)),2),0)) -> 0 | AM26: =IF($Z26="--","--",IF($AF26>$X$4,ROUND(IF($AF26<4.5,0,IF($AF26>6,($AF26-4.5)*$AG26*$AH26,($AF26-4.5)*$AG26*$AH26)),2),0)) -> 0 | AN26: =IF($Z26="--","--",IF($AF26>$X$4, IF( $AF26<=4, ROUND(($AH26*4)*($AF26+0.5)*2,2), 0),0)) -> 17.15 | AO26: =IF($Z26="--","--",IF($AF26>$X$4, IF( $AF26>4, ROUND(($AH26*4)*($AF26+0.5)*2,2), 0),0)) -> 0 | AP26: =A26 -> A19-6-4 => A19-6 | AQ26: =C26 -> 0 | AR26: =D26 -> 0.4 | AU26: =H26 -> 40 | AV26: =IF($Z26="--","--",Z26+0.2) -> 1.4 | AW26: x | AX26: =AV26 -> 1.4 | AY26: =IF(D26>2,AU26,AU26-AV26) -> 38.6 | AZ26: =O26 -> 0.1 | BB26: =Q26 -> 1.08 | BC26: =IF(F26=0,IF(ROUND( AY26 * ( ( (O26*Q26) + ( ((D26+N26*2)/6)*Q26 ) ) - ROUND( ((D26+N26*2)^2) * ( ( PI()*96.379 / (4*360) ) - ( (SIN((96.379/2)*PI()/180)) * (COS((96.379/2)*PI()/180)) / 4 ) ), 4) ),2), ROUND( AY26 * ( ( (O26*Q26) + ( ((D26+N26*2)/4)*Q26 ) ) - ROUND( ((D26+N26*2)^2) * ( ( PI()*120 / (4*360) ) - ( (SIN((120/2)*PI()/180)) * (COS((120/2)*PI()/180)) / 4 ) ), 4) ),2)),0) -> 7.8 | BD26: =IF(F26>0,ROUND(AY26*O26*Q26,2),0) -> 0 | BF26: =SUM(R26:V26,AI26:AM26) -> 72.83 | BG26: =IF(F26=0, ROUND( ( PI()*( (D26+N26*2)^2 ) / 4 ) * AY26,2), ROUND( (D26+N26*2)*(F26+N26*2) * AY26,2))*I26 -> 6.98 | BH26: =IF(($K26+N26-0.15)<=2,($K26+N26+0.15),IF(($K26+N26)<=3,2.35,($K26+N26+0.2)-0.85)) -> 1.828 | BI26: =IF(D26>2, (K26-F26-N26-0.11),IF(($K26+N26)<=2,0,IF(($K26+N26)>3,0.85,(K26+N26+0.2-BH26)))) -> 0 | BJ26: =IF($Z26="--",0,IF(D26>2,ROUND(((1.42+0.4)+(0.91+0.4))*2*BI26,2),ROUND(AV26*AX26*BH26,2))) -> 3.58 | BK26: =ROUND(((PI()*0.9^2)/4)*BI26,2) -> 0 | BL26: =ROUND(BF26-BG26-BJ26-BK26-BC26-BD26,2) -> 54.47 | BN26: A19-6-4 => A19-6 | BO26: A19-6-4 | BP26: 0.4 | BQ26: 40 | BR26: 1.638 | BS26: 1.272 | BT26: 0.363
A27: RUA NORONHA DOS SANTOS | Y27: =A27 -> RUA NORONHA DOS SANTOS | AP27: =A27 -> RUA NORONHA DOS SANTOS
A28: =BN28 -> A19-9-1 => A19-9-2 | D28: =BP28 -> 0.4 | G28: PA-1 | H28: =BQ28 -> 40 | I28: 1 | J28: =H28 -> 40 | K28: =BR28 -> 1.2 | L28: =BS28 -> 1.202 | M28: =ROUND((K28+L28)/2,2) -> 1.2 | N28: =IF(F28=0,ROUND($D28*10%,2),IF(D28>2.8,0.18,0.15)) -> 0.04 | O28: =IF(F28=0,IF( ROUND($D28/4,2), IF(ROUND(($D28*1.2)/6,2)<0.1,0.1,ROUND(($D28*1.2)/6,2))),0.5) -> 0.1 | P28: =M28+N28+O28 -> 1.34 | Q28: =IF(P28<2,(D28+N28*2)+0.6,(D28+N28*2)+0.6+ROUNDUP(P28-2,0)*0.1)*I28 -> 1.08 | R28: =IF($P28<=$X$4,ROUND(IF($P28<1.5,$P28*$H28*$Q28,1.5*$H28*$Q28),2),0) -> 57.89 | S28: =IF($P28>$X$4,ROUND(IF($P28<1.5,$P28*$H28*$Q28,1.5*$H28*$Q28),2),0) -> 0 | T28: =IF($P28>$X$4,ROUND(IF($P28<1.5,0,IF($P28>3,1.5*$H28*$Q28,($P28-1.5)*$H28*$Q28)),2),0) -> 0 | U28: =IF($P28>$X$4,ROUND(IF($P28<3,0,IF($P28>4.5,1.5*$H28*$Q28,($P28-3)*$H28*$Q28)),2),0) -> 0 | V28: =IF($P28>$X$4,ROUND(IF($P28<4.5,0,IF($P28>6,($P28-4.5)*$H28*$Q28,($P28-4.5)*$H28*$Q28)),2),0) -> 0 | W28: =IF($P28>$X$4, IF( $P28<=4, ROUND($H28*($P28+0.5)*2,2), 0),0) -> 0 | X28: =IF($P28>$X$4, IF( $P28>4, ROUND($H28*($P28+0.5)*2,2), 0),0) -> 0 | Y28: =BO28 -> A19-9-1 | Z28: =IF($D28=0.3,IF($I28=1,1.2,IF(I28=2,1.5,"--")),IF($D28=0.4,IF($I28=1,1.2,IF(I28=2,1.5,"--")),IF($D28=0.45,IF($I28=1,1.2,IF(I28=2,1.5,"--")),IF($D28=0.5,IF($I28=1,1.2,IF(I28=2,1.5,"--")),IF($D28=0.6,IF($I28=1,1.2,IF(I28=2,2,"--")),IF($D28=0.75,IF($I28=1,1.3,IF(I28=2,2,"--")),IF($D28=0.8,1.3,IF($D28=1,1.5,IF($D28=1.2,1.7,IF($D28<=2,2,"--")))))))))) -> 1.2 | AA28: x | AB28: =Z28 -> 1.2 | AC28: =IF($Z28="--","--",K28) -> 1.2 | AD28: =IF($Z28="--","--",IF(D28>1.5,0.15,ROUND($D28*10%,2))) -> 0.04 | AE28: =IF($Z28="--","--",0.15) -> 0.15 | AF28: =IF($Z28="--","--",ROUND(AC28+AD28+AE28,2)) -> 1.39 | AG28: =IF($Z28="--","--",IF($AC28<=2,$Z28+1,($Z28+1)+ROUNDUP($AC28-2,0)*0.1)) -> 2.2 | AH28: =IF($D28=0.3,1.04,IF($D28=0.4,0.92,IF($D28=0.45,0.86,IF($D28=0.5,0.8,IF($D28=0.75,0.8,IF($D28=0.6,0.68,IF($D28=0.8,0.74,IF($D28=1,0.7,IF($D28=1.2,0.66,IF($D28=1.5,0.6,IF($D28<=2,(2.4-(D28+0.3)),"--"))))))))))) -> 0.92 | AI28: =IF($Z28="--","--",IF($AF28<=$X$4,ROUND(IF($AF28<1.5,$AF28*$AG28*$AH28,1.5*$AG28*$AH28),2),0)) -> 2.81 | AJ28: =IF($Z28="--","--",IF($AF28>$X$4,ROUND(IF($AF28<1.5,$AF28*$AG28*$AH28,1.5*$AG28*$AH28),2),0)) -> 0 | AK28: =IF($Z28="--","--",IF($AF28>$X$4,ROUND(IF($AF28<1.5,0,IF($AF28>3,1.5*$AG28*$AH28,($AF28-1.5)*$AG28*$AH28)),2),0)) -> 0 | AL28: =IF($Z28="--","--",IF($AF28>$X$4,ROUND(IF($AF28<3,0,IF($AF28>4.5,1.5*$AG28*$AH28,($AF28-3)*$AG28*$AH28)),2),0)) -> 0 | AM28: =IF($Z28="--","--",IF($AF28>$X$4,ROUND(IF($AF28<4.5,0,IF($AF28>6,($AF28-4.5)*$AG28*$AH28,($AF28-4.5)*$AG28*$AH28)),2),0)) -> 0 | AN28: =IF($Z28="--","--",IF($AF28>$X$4, IF( $AF28<=4, ROUND(($AH28*4)*($AF28+0.5)*2,2), 0),0)) -> 0 | AO28: =IF($Z28="--","--",IF($AF28>$X$4, IF( $AF28>4, ROUND(($AH28*4)*($AF28+0.5)*2,2), 0),0)) -> 0 | AP28: =A28 -> A19-9-1 => A19-9-2 | AQ28: =C28 -> 0 | AR28: =D28 -> 0.4 | AU28: =H28 -> 40 | AV28: =IF($Z28="--","--",Z28+0.2) -> 1.4 | AW28: x | AX28: =AV28 -> 1.4 | AY28: =IF(D28>2,AU28,AU28-AV28) -> 38.6 | AZ28: =O28 -> 0.1 | BB28: =Q28 -> 1.08 | BC28: =IF(F28=0,IF(ROUND( AY28 * ( ( (O28*Q28) + ( ((D28+N28*2)/6)*Q28 ) ) - ROUND( ((D28+N28*2)^2) * ( ( PI()*96.379 / (4*360) ) - ( (SIN((96.379/2)*PI()/180)) * (COS((96.379/2)*PI()/180)) / 4 ) ), 4) ),2), ROUND( AY28 * ( ( (O28*Q28) + ( ((D28+N28*2)/4)*Q28 ) ) - ROUND( ((D28+N28*2)^2) * ( ( PI()*120 / (4*360) ) - ( (SIN((120/2)*PI()/180)) * (COS((120/2)*PI()/180)) / 4 ) ), 4) ),2)),0) -> 7.8 | BD28: =IF(F28>0,ROUND(AY28*O28*Q28,2),0) -> 0 | BF28: =SUM(R28:V28,AI28:AM28) -> 60.7 | BG28: =IF(F28=0, ROUND( ( PI()*( (D28+N28*2)^2 ) / 4 ) * AY28,2), ROUND( (D28+N28*2)*(F28+N28*2) * AY28,2))*I28 -> 6.98 | BH28: =IF(($K28+N28-0.15)<=2,($K28+N28+0.15),IF(($K28+N28)<=3,2.35,($K28+N28+0.2)-0.85)) -> 1.39 | BI28: =IF(D28>2, (K28-F28-N28-0.11),IF(($K28+N28)<=2,0,IF(($K28+N28)>3,0.85,(K28+N28+0.2-BH28)))) -> 0 | BJ28: =IF($Z28="--",0,IF(D28>2,ROUND(((1.42+0.4)+(0.91+0.4))*2*BI28,2),ROUND(AV28*AX28*BH28,2))) -> 2.72 | BK28: =ROUND(((PI()*0.9^2)/4)*BI28,2) -> 0 | BL28: =ROUND(BF28-BG28-BJ28-BK28-BC28-BD28,2) -> 43.2 | BN28: A19-9-1 => A19-9-2 | BO28: A19-9-1 | BP28: 0.4 | BQ28: 40 | BR28: 1.2 | BS28: 1.202 | BT28: 0
A29: =BN29 -> A19-9-2 => A19-9-3 | D29: =BP29 -> 0.4 | G29: PA-1 | H29: =BQ29 -> 40 | I29: 1 | J29: =H29 -> 40 | K29: =BR29 -> 1.202 | L29: =BS29 -> 1.308 | M29: =ROUND((K29+L29)/2,2) -> 1.26 | N29: =IF(F29=0,ROUND($D29*10%,2),IF(D29>2.8,0.18,0.15)) -> 0.04 | O29: =IF(F29=0,IF( ROUND($D29/4,2), IF(ROUND(($D29*1.2)/6,2)<0.1,0.1,ROUND(($D29*1.2)/6,2))),0.5) -> 0.1 | P29: =M29+N29+O29 -> 1.4 | Q29: =IF(P29<2,(D29+N29*2)+0.6,(D29+N29*2)+0.6+ROUNDUP(P29-2,0)*0.1)*I29 -> 1.08 | R29: =IF($P29<=$X$4,ROUND(IF($P29<1.5,$P29*$H29*$Q29,1.5*$H29*$Q29),2),0) -> 60.48 | S29: =IF($P29>$X$4,ROUND(IF($P29<1.5,$P29*$H29*$Q29,1.5*$H29*$Q29),2),0) -> 0 | T29: =IF($P29>$X$4,ROUND(IF($P29<1.5,0,IF($P29>3,1.5*$H29*$Q29,($P29-1.5)*$H29*$Q29)),2),0) -> 0 | U29: =IF($P29>$X$4,ROUND(IF($P29<3,0,IF($P29>4.5,1.5*$H29*$Q29,($P29-3)*$H29*$Q29)),2),0) -> 0 | V29: =IF($P29>$X$4,ROUND(IF($P29<4.5,0,IF($P29>6,($P29-4.5)*$H29*$Q29,($P29-4.5)*$H29*$Q29)),2),0) -> 0 | W29: =IF($P29>$X$4, IF( $P29<=4, ROUND($H29*($P29+0.5)*2,2), 0),0) -> 0 | X29: =IF($P29>$X$4, IF( $P29>4, ROUND($H29*($P29+0.5)*2,2), 0),0) -> 0 | Y29: =BO29 -> A19-9-2 | Z29: =IF($D29=0.3,IF($I29=1,1.2,IF(I29=2,1.5,"--")),IF($D29=0.4,IF($I29=1,1.2,IF(I29=2,1.5,"--")),IF($D29=0.45,IF($I29=1,1.2,IF(I29=2,1.5,"--")),IF($D29=0.5,IF($I29=1,1.2,IF(I29=2,1.5,"--")),IF($D29=0.6,IF($I29=1,1.2,IF(I29=2,2,"--")),IF($D29=0.75,IF($I29=1,1.3,IF(I29=2,2,"--")),IF($D29=0.8,1.3,IF($D29=1,1.5,IF($D29=1.2,1.7,IF($D29<=2,2,"--")))))))))) -> 1.2 | AA29: x | AB29: =Z29 -> 1.2 | AC29: =IF($Z29="--","--",K29) -> 1.202 | AD29: =IF($Z29="--","--",IF(D29>1.5,0.15,ROUND($D29*10%,2))) -> 0.04 | AE29: =IF($Z29="--","--",0.15) -> 0.15 | AF29: =IF($Z29="--","--",ROUND(AC29+AD29+AE29,2)) -> 1.39 | AG29: =IF($Z29="--","--",IF($AC29<=2,$Z29+1,($Z29+1)+ROUNDUP($AC29-2,0)*0.1)) -> 2.2 | AH29: =IF($D29=0.3,1.04,IF($D29=0.4,0.92,IF($D29=0.45,0.86,IF($D29=0.5,0.8,IF($D29=0.75,0.8,IF($D29=0.6,0.68,IF($D29=0.8,0.74,IF($D29=1,0.7,IF($D29=1.2,0.66,IF($D29=1.5,0.6,IF($D29<=2,(2.4-(D29+0.3)),"--"))))))))))) -> 0.92 | AI29: =IF($Z29="--","--",IF($AF29<=$X$4,ROUND(IF($AF29<1.5,$AF29*$AG29*$AH29,1.5*$AG29*$AH29),2),0)) -> 2.81 | AJ29: =IF($Z29="--","--",IF($AF29>$X$4,ROUND(IF($AF29<1.5,$AF29*$AG29*$AH29,1.5*$AG29*$AH29),2),0)) -> 0 | AK29: =IF($Z29="--","--",IF($AF29>$X$4,ROUND(IF($AF29<1.5,0,IF($AF29>3,1.5*$AG29*$AH29,($AF29-1.5)*$AG29*$AH29)),2),0)) -> 0 | AL29: =IF($Z29="--","--",IF($AF29>$X$4,ROUND(IF($AF29<3,0,IF($AF29>4.5,1.5*$AG29*$AH29,($AF29-3)*$AG29*$AH29)),2),0)) -> 0 | AM29: =IF($Z29="--","--",IF($AF29>$X$4,ROUND(IF($AF29<4.5,0,IF($AF29>6,($AF29-4.5)*$AG29*$AH29,($AF29-4.5)*$AG29*$AH29)),2),0)) -> 0 | AN29: =IF($Z29="--","--",IF($AF29>$X$4, IF( $AF29<=4, ROUND(($AH29*4)*($AF29+0.5)*2,2), 0),0)) -> 0 | AO29: =IF($Z29="--","--",IF($AF29>$X$4, IF( $AF29>4, ROUND(($AH29*4)*($AF29+0.5)*2,2), 0),0)) -> 0 | AP29: =A29 -> A19-9-2 => A19-9-3 | AQ29: =C29 -> 0 | AR29: =D29 -> 0.4 | AU29: =H29 -> 40 | AV29: =IF($Z29="--","--",Z29+0.2) -> 1.4 | AW29: x | AX29: =AV29 -> 1.4 | AY29: =IF(D29>2,AU29,AU29-AV29) -> 38.6 | AZ29: =O29 -> 0.1 | BB29: =Q29 -> 1.08 | BC29: =IF(F29=0,IF(ROUND( AY29 * ( ( (O29*Q29) + ( ((D29+N29*2)/6)*Q29 ) ) - ROUND( ((D29+N29*2)^2) * ( ( PI()*96.379 / (4*360) ) - ( (SIN((96.379/2)*PI()/180)) * (COS((96.379/2)*PI()/180)) / 4 ) ), 4) ),2), ROUND( AY29 * ( ( (O29*Q29) + ( ((D29+N29*2)/4)*Q29 ) ) - ROUND( ((D29+N29*2)^2) * ( ( PI()*120 / (4*360) ) - ( (SIN((120/2)*PI()/180)) * (COS((120/2)*PI()/180)) / 4 ) ), 4) ),2)),0) -> 7.8 | BD29: =IF(F29>0,ROUND(AY29*O29*Q29,2),0) -> 0 | BF29: =SUM(R29:V29,AI29:AM29) -> 63.29 | BG29: =IF(F29=0, ROUND( ( PI()*( (D29+N29*2)^2 ) / 4 ) * AY29,2), ROUND( (D29+N29*2)*(F29+N29*2) * AY29,2))*I29 -> 6.98 | BH29: =IF(($K29+N29-0.15)<=2,($K29+N29+0.15),IF(($K29+N29)<=3,2.35,($K29+N29+0.2)-0.85)) -> 1.392 | BI29: =IF(D29>2, (K29-F29-N29-0.11),IF(($K29+N29)<=2,0,IF(($K29+N29)>3,0.85,(K29+N29+0.2-BH29)))) -> 0 | BJ29: =IF($Z29="--",0,IF(D29>2,ROUND(((1.42+0.4)+(0.91+0.4))*2*BI29,2),ROUND(AV29*AX29*BH29,2))) -> 2.73 | BK29: =ROUND(((PI()*0.9^2)/4)*BI29,2) -> 0 | BL29: =ROUND(BF29-BG29-BJ29-BK29-BC29-BD29,2) -> 45.78 | BN29: A19-9-2 => A19-9-3 | BO29: A19-9-2 | BP29: 0.4 | BQ29: 40 | BR29: 1.202 | BS29: 1.308 | BT29: 0
A30: =BN30 -> A19-9-3 => A19-9-4 | D30: =BP30 -> 0.4 | G30: PA-1 | H30: =BQ30 -> 40 | I30: 1 | J30: =H30 -> 40 | K30: =BR30 -> 1.308 | L30: =BS30 -> 1.23 | M30: =ROUND((K30+L30)/2,2) -> 1.27 | N30: =IF(F30=0,ROUND($D30*10%,2),IF(D30>2.8,0.18,0.15)) -> 0.04 | O30: =IF(F30=0,IF( ROUND($D30/4,2), IF(ROUND(($D30*1.2)/6,2)<0.1,0.1,ROUND(($D30*1.2)/6,2))),0.5) -> 0.1 | P30: =M30+N30+O30 -> 1.41 | Q30: =IF(P30<2,(D30+N30*2)+0.6,(D30+N30*2)+0.6+ROUNDUP(P30-2,0)*0.1)*I30 -> 1.08 | R30: =IF($P30<=$X$4,ROUND(IF($P30<1.5,$P30*$H30*$Q30,1.5*$H30*$Q30),2),0) -> 60.91 | S30: =IF($P30>$X$4,ROUND(IF($P30<1.5,$P30*$H30*$Q30,1.5*$H30*$Q30),2),0) -> 0 | T30: =IF($P30>$X$4,ROUND(IF($P30<1.5,0,IF($P30>3,1.5*$H30*$Q30,($P30-1.5)*$H30*$Q30)),2),0) -> 0 | U30: =IF($P30>$X$4,ROUND(IF($P30<3,0,IF($P30>4.5,1.5*$H30*$Q30,($P30-3)*$H30*$Q30)),2),0) -> 0 | V30: =IF($P30>$X$4,ROUND(IF($P30<4.5,0,IF($P30>6,($P30-4.5)*$H30*$Q30,($P30-4.5)*$H30*$Q30)),2),0) -> 0 | W30: =IF($P30>$X$4, IF( $P30<=4, ROUND($H30*($P30+0.5)*2,2), 0),0) -> 0 | X30: =IF($P30>$X$4, IF( $P30>4, ROUND($H30*($P30+0.5)*2,2), 0),0) -> 0 | Y30: =BO30 -> A19-9-3 | Z30: =IF($D30=0.3,IF($I30=1,1.2,IF(I30=2,1.5,"--")),IF($D30=0.4,IF($I30=1,1.2,IF(I30=2,1.5,"--")),IF($D30=0.45,IF($I30=1,1.2,IF(I30=2,1.5,"--")),IF($D30=0.5,IF($I30=1,1.2,IF(I30=2,1.5,"--")),IF($D30=0.6,IF($I30=1,1.2,IF(I30=2,2,"--")),IF($D30=0.75,IF($I30=1,1.3,IF(I30=2,2,"--")),IF($D30=0.8,1.3,IF($D30=1,1.5,IF($D30=1.2,1.7,IF($D30<=2,2,"--")))))))))) -> 1.2 | AA30: x | AB30: =Z30 -> 1.2 | AC30: =IF($Z30="--","--",K30) -> 1.308 | AD30: =IF($Z30="--","--",IF(D30>1.5,0.15,ROUND($D30*10%,2))) -> 0.04 | AE30: =IF($Z30="--","--",0.15) -> 0.15 | AF30: =IF($Z30="--","--",ROUND(AC30+AD30+AE30,2)) -> 1.5 | AG30: =IF($Z30="--","--",IF($AC30<=2,$Z30+1,($Z30+1)+ROUNDUP($AC30-2,0)*0.1)) -> 2.2 | AH30: =IF($D30=0.3,1.04,IF($D30=0.4,0.92,IF($D30=0.45,0.86,IF($D30=0.5,0.8,IF($D30=0.75,0.8,IF($D30=0.6,0.68,IF($D30=0.8,0.74,IF($D30=1,0.7,IF($D30=1.2,0.66,IF($D30=1.5,0.6,IF($D30<=2,(2.4-(D30+0.3)),"--"))))))))))) -> 0.92 | AI30: =IF($Z30="--","--",IF($AF30<=$X$4,ROUND(IF($AF30<1.5,$AF30*$AG30*$AH30,1.5*$AG30*$AH30),2),0)) -> 3.04 | AJ30: =IF($Z30="--","--",IF($AF30>$X$4,ROUND(IF($AF30<1.5,$AF30*$AG30*$AH30,1.5*$AG30*$AH30),2),0)) -> 0 | AK30: =IF($Z30="--","--",IF($AF30>$X$4,ROUND(IF($AF30<1.5,0,IF($AF30>3,1.5*$AG30*$AH30,($AF30-1.5)*$AG30*$AH30)),2),0)) -> 0 | AL30: =IF($Z30="--","--",IF($AF30>$X$4,ROUND(IF($AF30<3,0,IF($AF30>4.5,1.5*$AG30*$AH30,($AF30-3)*$AG30*$AH30)),2),0)) -> 0 | AM30: =IF($Z30="--","--",IF($AF30>$X$4,ROUND(IF($AF30<4.5,0,IF($AF30>6,($AF30-4.5)*$AG30*$AH30,($AF30-4.5)*$AG30*$AH30)),2),0)) -> 0 | AN30: =IF($Z30="--","--",IF($AF30>$X$4, IF( $AF30<=4, ROUND(($AH30*4)*($AF30+0.5)*2,2), 0),0)) -> 0 | AO30: =IF($Z30="--","--",IF($AF30>$X$4, IF( $AF30>4, ROUND(($AH30*4)*($AF30+0.5)*2,2), 0),0)) -> 0 | AP30: =A30 -> A19-9-3 => A19-9-4 | AQ30: =C30 -> 0 | AR30: =D30 -> 0.4 | AU30: =H30 -> 40 | AV30: =IF($Z30="--","--",Z30+0.2) -> 1.4 | AW30: x | AX30: =AV30 -> 1.4 | AY30: =IF(D30>2,AU30,AU30-AV30) -> 38.6 | AZ30: =O30 -> 0.1 | BB30: =Q30 -> 1.08 | BC30: =IF(F30=0,IF(ROUND( AY30 * ( ( (O30*Q30) + ( ((D30+N30*2)/6)*Q30 ) ) - ROUND( ((D30+N30*2)^2) * ( ( PI()*96.379 / (4*360) ) - ( (SIN((96.379/2)*PI()/180)) * (COS((96.379/2)*PI()/180)) / 4 ) ), 4) ),2), ROUND( AY30 * ( ( (O30*Q30) + ( ((D30+N30*2)/4)*Q30 ) ) - ROUND( ((D30+N30*2)^2) * ( ( PI()*120 / (4*360) ) - ( (SIN((120/2)*PI()/180)) * (COS((120/2)*PI()/180)) / 4 ) ), 4) ),2)),0) -> 7.8 | BD30: =IF(F30>0,ROUND(AY30*O30*Q30,2),0) -> 0 | BF30: =SUM(R30:V30,AI30:AM30) -> 63.95 | BG30: =IF(F30=0, ROUND( ( PI()*( (D30+N30*2)^2 ) / 4 ) * AY30,2), ROUND( (D30+N30*2)*(F30+N30*2) * AY30,2))*I30 -> 6.98 | BH30: =IF(($K30+N30-0.15)<=2,($K30+N30+0.15),IF(($K30+N30)<=3,2.35,($K30+N30+0.2)-0.85)) -> 1.498 | BI30: =IF(D30>2, (K30-F30-N30-0.11),IF(($K30+N30)<=2,0,IF(($K30+N30)>3,0.85,(K30+N30+0.2-BH30)))) -> 0 | BJ30: =IF($Z30="--",0,IF(D30>2,ROUND(((1.42+0.4)+(0.91+0.4))*2*BI30,2),ROUND(AV30*AX30*BH30,2))) -> 2.94 | BK30: =ROUND(((PI()*0.9^2)/4)*BI30,2) -> 0 | BL30: =ROUND(BF30-BG30-BJ30-BK30-BC30-BD30,2) -> 46.23 | BN30: A19-9-3 => A19-9-4 | BO30: A19-9-3 | BP30: 0.4 | BQ30: 40 | BR30: 1.308 | BS30: 1.23 | BT30: 0
A31: =BN31 -> A19-9-4 => A19-9 | D31: =BP31 -> 0.4 | G31: PA-1 | H31: =BQ31 -> 40 | I31: 1 | J31: =H31 -> 40 | K31: =BR31 -> 1.23 | L31: =BS31 -> 1.34 | M31: =ROUND((K31+L31)/2,2) -> 1.29 | N31: =IF(F31=0,ROUND($D31*10%,2),IF(D31>2.8,0.18,0.15)) -> 0.04 | O31: =IF(F31=0,IF( ROUND($D31/4,2), IF(ROUND(($D31*1.2)/6,2)<0.1,0.1,ROUND(($D31*1.2)/6,2))),0.5) -> 0.1 | P31: =M31+N31+O31 -> 1.43 | Q31: =IF(P31<2,(D31+N31*2)+0.6,(D31+N31*2)+0.6+ROUNDUP(P31-2,0)*0.1)*I31 -> 1.08 | R31: =IF($P31<=$X$4,ROUND(IF($P31<1.5,$P31*$H31*$Q31,1.5*$H31*$Q31),2),0) -> 61.78 | S31: =IF($P31>$X$4,ROUND(IF($P31<1.5,$P31*$H31*$Q31,1.5*$H31*$Q31),2),0) -> 0 | T31: =IF($P31>$X$4,ROUND(IF($P31<1.5,0,IF($P31>3,1.5*$H31*$Q31,($P31-1.5)*$H31*$Q31)),2),0) -> 0 | U31: =IF($P31>$X$4,ROUND(IF($P31<3,0,IF($P31>4.5,1.5*$H31*$Q31,($P31-3)*$H31*$Q31)),2),0) -> 0 | V31: =IF($P31>$X$4,ROUND(IF($P31<4.5,0,IF($P31>6,($P31-4.5)*$H31*$Q31,($P31-4.5)*$H31*$Q31)),2),0) -> 0 | W31: =IF($P31>$X$4, IF( $P31<=4, ROUND($H31*($P31+0.5)*2,2), 0),0) -> 0 | X31: =IF($P31>$X$4, IF( $P31>4, ROUND($H31*($P31+0.5)*2,2), 0),0) -> 0 | Y31: =BO31 -> A19-9-4 | Z31: =IF($D31=0.3,IF($I31=1,1.2,IF(I31=2,1.5,"--")),IF($D31=0.4,IF($I31=1,1.2,IF(I31=2,1.5,"--")),IF($D31=0.45,IF($I31=1,1.2,IF(I31=2,1.5,"--")),IF($D31=0.5,IF($I31=1,1.2,IF(I31=2,1.5,"--")),IF($D31=0.6,IF($I31=1,1.2,IF(I31=2,2,"--")),IF($D31=0.75,IF($I31=1,1.3,IF(I31=2,2,"--")),IF($D31=0.8,1.3,IF($D31=1,1.5,IF($D31=1.2,1.7,IF($D31<=2,2,"--")))))))))) -> 1.2 | AA31: x | AB31: =Z31 -> 1.2 | AC31: =IF($Z31="--","--",K31) -> 1.23 | AD31: =IF($Z31="--","--",IF(D31>1.5,0.15,ROUND($D31*10%,2))) -> 0.04 | AE31: =IF($Z31="--","--",0.15) -> 0.15 | AF31: =IF($Z31="--","--",ROUND(AC31+AD31+AE31,2)) -> 1.42 | AG31: =IF($Z31="--","--",IF($AC31<=2,$Z31+1,($Z31+1)+ROUNDUP($AC31-2,0)*0.1)) -> 2.2 | AH31: =IF($D31=0.3,1.04,IF($D31=0.4,0.92,IF($D31=0.45,0.86,IF($D31=0.5,0.8,IF($D31=0.75,0.8,IF($D31=0.6,0.68,IF($D31=0.8,0.74,IF($D31=1,0.7,IF($D31=1.2,0.66,IF($D31=1.5,0.6,IF($D31<=2,(2.4-(D31+0.3)),"--"))))))))))) -> 0.92 | AI31: =IF($Z31="--","--",IF($AF31<=$X$4,ROUND(IF($AF31<1.5,$AF31*$AG31*$AH31,1.5*$AG31*$AH31),2),0)) -> 2.87 | AJ31: =IF($Z31="--","--",IF($AF31>$X$4,ROUND(IF($AF31<1.5,$AF31*$AG31*$AH31,1.5*$AG31*$AH31),2),0)) -> 0 | AK31: =IF($Z31="--","--",IF($AF31>$X$4,ROUND(IF($AF31<1.5,0,IF($AF31>3,1.5*$AG31*$AH31,($AF31-1.5)*$AG31*$AH31)),2),0)) -> 0 | AL31: =IF($Z31="--","--",IF($AF31>$X$4,ROUND(IF($AF31<3,0,IF($AF31>4.5,1.5*$AG31*$AH31,($AF31-3)*$AG31*$AH31)),2),0)) -> 0 | AM31: =IF($Z31="--","--",IF($AF31>$X$4,ROUND(IF($AF31<4.5,0,IF($AF31>6,($AF31-4.5)*$AG31*$AH31,($AF31-4.5)*$AG31*$AH31)),2),0)) -> 0 | AN31: =IF($Z31="--","--",IF($AF31>$X$4, IF( $AF31<=4, ROUND(($AH31*4)*($AF31+0.5)*2,2), 0),0)) -> 0 | AO31: =IF($Z31="--","--",IF($AF31>$X$4, IF( $AF31>4, ROUND(($AH31*4)*($AF31+0.5)*2,2), 0),0)) -> 0 | AP31: =A31 -> A19-9-4 => A19-9 | AQ31: =C31 -> 0 | AR31: =D31 -> 0.4 | AU31: =H31 -> 40 | AV31: =IF($Z31="--","--",Z31+0.2) -> 1.4 | AW31: x | AX31: =AV31 -> 1.4 | AY31: =IF(D31>2,AU31,AU31-AV31) -> 38.6 | AZ31: =O31 -> 0.1 | BB31: =Q31 -> 1.08 | BC31: =IF(F31=0,IF(ROUND( AY31 * ( ( (O31*Q31) + ( ((D31+N31*2)/6)*Q31 ) ) - ROUND( ((D31+N31*2)^2) * ( ( PI()*96.379 / (4*360) ) - ( (SIN((96.379/2)*PI()/180)) * (COS((96.379/2)*PI()/180)) / 4 ) ), 4) ),2), ROUND( AY31 * ( ( (O31*Q31) + ( ((D31+N31*2)/4)*Q31 ) ) - ROUND( ((D31+N31*2)^2) * ( ( PI()*120 / (4*360) ) - ( (SIN((120/2)*PI()/180)) * (COS((120/2)*PI()/180)) / 4 ) ), 4) ),2)),0) -> 7.8 | BD31: =IF(F31>0,ROUND(AY31*O31*Q31,2),0) -> 0 | BF31: =SUM(R31:V31,AI31:AM31) -> 64.65 | BG31: =IF(F31=0, ROUND( ( PI()*( (D31+N31*2)^2 ) / 4 ) * AY31,2), ROUND( (D31+N31*2)*(F31+N31*2) * AY31,2))*I31 -> 6.98 | BH31: =IF(($K31+N31-0.15)<=2,($K31+N31+0.15),IF(($K31+N31)<=3,2.35,($K31+N31+0.2)-0.85)) -> 1.42 | BI31: =IF(D31>2, (K31-F31-N31-0.11),IF(($K31+N31)<=2,0,IF(($K31+N31)>3,0.85,(K31+N31+0.2-BH31)))) -> 0 | BJ31: =IF($Z31="--",0,IF(D31>2,ROUND(((1.42+0.4)+(0.91+0.4))*2*BI31,2),ROUND(AV31*AX31*BH31,2))) -> 2.78 | BK31: =ROUND(((PI()*0.9^2)/4)*BI31,2) -> 0 | BL31: =ROUND(BF31-BG31-BJ31-BK31-BC31-BD31,2) -> 47.09 | BN31: A19-9-4 => A19-9 | BO31: A19-9-4 | BP31: 0.4 | BQ31: 40 | BR31: 1.23 | BS31: 1.34 | BT31: 0.341
A32: RUA OSWALDO MENDONÇA DE CAMPOS | Y32: =A32 -> RUA OSWALDO MENDONÇA DE CAMPOS | AP32: =A32 -> RUA OSWALDO MENDONÇA DE CAMPOS
A33: =BN33 -> A19-1 => A19-2 | D33: =BP33 -> 0.4 | G33: PA-1 | H33: =BQ33 -> 40 | I33: 1 | J33: =H33 -> 40 | K33: =BR33 -> 1.2 | L33: =BS33 -> 1.241 | M33: =ROUND((K33+L33)/2,2) -> 1.22 | N33: =IF(F33=0,ROUND($D33*10%,2),IF(D33>2.8,0.18,0.15)) -> 0.04 | O33: =IF(F33=0,IF( ROUND($D33/4,2), IF(ROUND(($D33*1.2)/6,2)<0.1,0.1,ROUND(($D33*1.2)/6,2))),0.5) -> 0.1 | P33: =M33+N33+O33 -> 1.36 | Q33: =IF(P33<2,(D33+N33*2)+0.6,(D33+N33*2)+0.6+ROUNDUP(P33-2,0)*0.1)*I33 -> 1.08 | R33: =IF($P33<=$X$4,ROUND(IF($P33<1.5,$P33*$H33*$Q33,1.5*$H33*$Q33),2),0) -> 58.75 | S33: =IF($P33>$X$4,ROUND(IF($P33<1.5,$P33*$H33*$Q33,1.5*$H33*$Q33),2),0) -> 0 | T33: =IF($P33>$X$4,ROUND(IF($P33<1.5,0,IF($P33>3,1.5*$H33*$Q33,($P33-1.5)*$H33*$Q33)),2),0) -> 0 | U33: =IF($P33>$X$4,ROUND(IF($P33<3,0,IF($P33>4.5,1.5*$H33*$Q33,($P33-3)*$H33*$Q33)),2),0) -> 0 | V33: =IF($P33>$X$4,ROUND(IF($P33<4.5,0,IF($P33>6,($P33-4.5)*$H33*$Q33,($P33-4.5)*$H33*$Q33)),2),0) -> 0 | W33: =IF($P33>$X$4, IF( $P33<=4, ROUND($H33*($P33+0.5)*2,2), 0),0) -> 0 | X33: =IF($P33>$X$4, IF( $P33>4, ROUND($H33*($P33+0.5)*2,2), 0),0) -> 0 | Y33: =BO33 -> A19-1 | Z33: =IF($D33=0.3,IF($I33=1,1.2,IF(I33=2,1.5,"--")),IF($D33=0.4,IF($I33=1,1.2,IF(I33=2,1.5,"--")),IF($D33=0.45,IF($I33=1,1.2,IF(I33=2,1.5,"--")),IF($D33=0.5,IF($I33=1,1.2,IF(I33=2,1.5,"--")),IF($D33=0.6,IF($I33=1,1.2,IF(I33=2,2,"--")),IF($D33=0.75,IF($I33=1,1.3,IF(I33=2,2,"--")),IF($D33=0.8,1.3,IF($D33=1,1.5,IF($D33=1.2,1.7,IF($D33<=2,2,"--")))))))))) -> 1.2 | AA33: x | AB33: =Z33 -> 1.2 | AC33: =IF($Z33="--","--",K33) -> 1.2 | AD33: =IF($Z33="--","--",IF(D33>1.5,0.15,ROUND($D33*10%,2))) -> 0.04 | AE33: =IF($Z33="--","--",0.15) -> 0.15 | AF33: =IF($Z33="--","--",ROUND(AC33+AD33+AE33,2)) -> 1.39 | AG33: =IF($Z33="--","--",IF($AC33<=2,$Z33+1,($Z33+1)+ROUNDUP($AC33-2,0)*0.1)) -> 2.2 | AH33: =IF($D33=0.3,1.04,IF($D33=0.4,0.92,IF($D33=0.45,0.86,IF($D33=0.5,0.8,IF($D33=0.75,0.8,IF($D33=0.6,0.68,IF($D33=0.8,0.74,IF($D33=1,0.7,IF($D33=1.2,0.66,IF($D33=1.5,0.6,IF($D33<=2,(2.4-(D33+0.3)),"--"))))))))))) -> 0.92 | AI33: =IF($Z33="--","--",IF($AF33<=$X$4,ROUND(IF($AF33<1.5,$AF33*$AG33*$AH33,1.5*$AG33*$AH33),2),0)) -> 2.81 | AJ33: =IF($Z33="--","--",IF($AF33>$X$4,ROUND(IF($AF33<1.5,$AF33*$AG33*$AH33,1.5*$AG33*$AH33),2),0)) -> 0 | AK33: =IF($Z33="--","--",IF($AF33>$X$4,ROUND(IF($AF33<1.5,0,IF($AF33>3,1.5*$AG33*$AH33,($AF33-1.5)*$AG33*$AH33)),2),0)) -> 0 | AL33: =IF($Z33="--","--",IF($AF33>$X$4,ROUND(IF($AF33<3,0,IF($AF33>4.5,1.5*$AG33*$AH33,($AF33-3)*$AG33*$AH33)),2),0)) -> 0 | AM33: =IF($Z33="--","--",IF($AF33>$X$4,ROUND(IF($AF33<4.5,0,IF($AF33>6,($AF33-4.5)*$AG33*$AH33,($AF33-4.5)*$AG33*$AH33)),2),0)) -> 0 | AN33: =IF($Z33="--","--",IF($AF33>$X$4, IF( $AF33<=4, ROUND(($AH33*4)*($AF33+0.5)*2,2), 0),0)) -> 0 | AO33: =IF($Z33="--","--",IF($AF33>$X$4, IF( $AF33>4, ROUND(($AH33*4)*($AF33+0.5)*2,2), 0),0)) -> 0 | AP33: =A33 -> A19-1 => A19-2 | AQ33: =C33 -> 0 | AR33: =D33 -> 0.4 | AU33: =H33 -> 40 | AV33: =IF($Z33="--","--",Z33+0.2) -> 1.4 | AW33: x | AX33: =AV33 -> 1.4 | AY33: =IF(D33>2,AU33,AU33-AV33) -> 38.6 | AZ33: =O33 -> 0.1 | BB33: =Q33 -> 1.08 | BC33: =IF(F33=0,IF(ROUND( AY33 * ( ( (O33*Q33) + ( ((D33+N33*2)/6)*Q33 ) ) - ROUND( ((D33+N33*2)^2) * ( ( PI()*96.379 / (4*360) ) - ( (SIN((96.379/2)*PI()/180)) * (COS((96.379/2)*PI()/180)) / 4 ) ), 4) ),2), ROUND( AY33 * ( ( (O33*Q33) + ( ((D33+N33*2)/4)*Q33 ) ) - ROUND( ((D33+N33*2)^2) * ( ( PI()*120 / (4*360) ) - ( (SIN((120/2)*PI()/180)) * (COS((120/2)*PI()/180)) / 4 ) ), 4) ),2)),0) -> 7.8 | BD33: =IF(F33>0,ROUND(AY33*O33*Q33,2),0) -> 0 | BF33: =SUM(R33:V33,AI33:AM33) -> 61.56 | BG33: =IF(F33=0, ROUND( ( PI()*( (D33+N33*2)^2 ) / 4 ) * AY33,2), ROUND( (D33+N33*2)*(F33+N33*2) * AY33,2))*I33 -> 6.98 | BH33: =IF(($K33+N33-0.15)<=2,($K33+N33+0.15),IF(($K33+N33)<=3,2.35,($K33+N33+0.2)-0.85)) -> 1.39 | BI33: =IF(D33>2, (K33-F33-N33-0.11),IF(($K33+N33)<=2,0,IF(($K33+N33)>3,0.85,(K33+N33+0.2-BH33)))) -> 0 | BJ33: =IF($Z33="--",0,IF(D33>2,ROUND(((1.42+0.4)+(0.91+0.4))*2*BI33,2),ROUND(AV33*AX33*BH33,2))) -> 2.72 | BK33: =ROUND(((PI()*0.9^2)/4)*BI33,2) -> 0 | BL33: =ROUND(BF33-BG33-BJ33-BK33-BC33-BD33,2) -> 44.06 | BN33: A19-1 => A19-2 | BO33: A19-1 | BP33: 0.4 | BQ33: 40 | BR33: 1.2 | BS33: 1.241 | BT33: 0
A34: =BN34 -> A19-2 => A19-3 | D34: =BP34 -> 0.4 | G34: PA-1 | H34: =BQ34 -> 40 | I34: 1 | J34: =H34 -> 40 | K34: =BR34 -> 1.241 | L34: =BS34 -> 1.209 | M34: =ROUND((K34+L34)/2,2) -> 1.23 | N34: =IF(F34=0,ROUND($D34*10%,2),IF(D34>2.8,0.18,0.15)) -> 0.04 | O34: =IF(F34=0,IF( ROUND($D34/4,2), IF(ROUND(($D34*1.2)/6,2)<0.1,0.1,ROUND(($D34*1.2)/6,2))),0.5) -> 0.1 | P34: =M34+N34+O34 -> 1.37 | Q34: =IF(P34<2,(D34+N34*2)+0.6,(D34+N34*2)+0.6+ROUNDUP(P34-2,0)*0.1)*I34 -> 1.08 | R34: =IF($P34<=$X$4,ROUND(IF($P34<1.5,$P34*$H34*$Q34,1.5*$H34*$Q34),2),0) -> 59.18 | S34: =IF($P34>$X$4,ROUND(IF($P34<1.5,$P34*$H34*$Q34,1.5*$H34*$Q34),2),0) -> 0 | T34: =IF($P34>$X$4,ROUND(IF($P34<1.5,0,IF($P34>3,1.5*$H34*$Q34,($P34-1.5)*$H34*$Q34)),2),0) -> 0 | U34: =IF($P34>$X$4,ROUND(IF($P34<3,0,IF($P34>4.5,1.5*$H34*$Q34,($P34-3)*$H34*$Q34)),2),0) -> 0 | V34: =IF($P34>$X$4,ROUND(IF($P34<4.5,0,IF($P34>6,($P34-4.5)*$H34*$Q34,($P34-4.5)*$H34*$Q34)),2),0) -> 0 | W34: =IF($P34>$X$4, IF( $P34<=4, ROUND($H34*($P34+0.5)*2,2), 0),0) -> 0 | X34: =IF($P34>$X$4, IF( $P34>4, ROUND($H34*($P34+0.5)*2,2), 0),0) -> 0 | Y34: =BO34 -> A19-2 | Z34: =IF($D34=0.3,IF($I34=1,1.2,IF(I34=2,1.5,"--")),IF($D34=0.4,IF($I34=1,1.2,IF(I34=2,1.5,"--")),IF($D34=0.45,IF($I34=1,1.2,IF(I34=2,1.5,"--")),IF($D34=0.5,IF($I34=1,1.2,IF(I34=2,1.5,"--")),IF($D34=0.6,IF($I34=1,1.2,IF(I34=2,2,"--")),IF($D34=0.75,IF($I34=1,1.3,IF(I34=2,2,"--")),IF($D34=0.8,1.3,IF($D34=1,1.5,IF($D34=1.2,1.7,IF($D34<=2,2,"--")))))))))) -> 1.2 | AA34: x | AB34: =Z34 -> 1.2 | AC34: =IF($Z34="--","--",K34) -> 1.241 | AD34: =IF($Z34="--","--",IF(D34>1.5,0.15,ROUND($D34*10%,2))) -> 0.04 | AE34: =IF($Z34="--","--",0.15) -> 0.15 | AF34: =IF($Z34="--","--",ROUND(AC34+AD34+AE34,2)) -> 1.43 | AG34: =IF($Z34="--","--",IF($AC34<=2,$Z34+1,($Z34+1)+ROUNDUP($AC34-2,0)*0.1)) -> 2.2 | AH34: =IF($D34=0.3,1.04,IF($D34=0.4,0.92,IF($D34=0.45,0.86,IF($D34=0.5,0.8,IF($D34=0.75,0.8,IF($D34=0.6,0.68,IF($D34=0.8,0.74,IF($D34=1,0.7,IF($D34=1.2,0.66,IF($D34=1.5,0.6,IF($D34<=2,(2.4-(D34+0.3)),"--"))))))))))) -> 0.92 | AI34: =IF($Z34="--","--",IF($AF34<=$X$4,ROUND(IF($AF34<1.5,$AF34*$AG34*$AH34,1.5*$AG34*$AH34),2),0)) -> 2.89 | AJ34: =IF($Z34="--","--",IF($AF34>$X$4,ROUND(IF($AF34<1.5,$AF34*$AG34*$AH34,1.5*$AG34*$AH34),2),0)) -> 0 | AK34: =IF($Z34="--","--",IF($AF34>$X$4,ROUND(IF($AF34<1.5,0,IF($AF34>3,1.5*$AG34*$AH34,($AF34-1.5)*$AG34*$AH34)),2),0)) -> 0 | AL34: =IF($Z34="--","--",IF($AF34>$X$4,ROUND(IF($AF34<3,0,IF($AF34>4.5,1.5*$AG34*$AH34,($AF34-3)*$AG34*$AH34)),2),0)) -> 0 | AM34: =IF($Z34="--","--",IF($AF34>$X$4,ROUND(IF($AF34<4.5,0,IF($AF34>6,($AF34-4.5)*$AG34*$AH34,($AF34-4.5)*$AG34*$AH34)),2),0)) -> 0 | AN34: =IF($Z34="--","--",IF($AF34>$X$4, IF( $AF34<=4, ROUND(($AH34*4)*($AF34+0.5)*2,2), 0),0)) -> 0 | AO34: =IF($Z34="--","--",IF($AF34>$X$4, IF( $AF34>4, ROUND(($AH34*4)*($AF34+0.5)*2,2), 0),0)) -> 0 | AP34: =A34 -> A19-2 => A19-3 | AQ34: =C34 -> 0 | AR34: =D34 -> 0.4 | AU34: =H34 -> 40 | AV34: =IF($Z34="--","--",Z34+0.2) -> 1.4 | AW34: x | AX34: =AV34 -> 1.4 | AY34: =IF(D34>2,AU34,AU34-AV34) -> 38.6 | AZ34: =O34 -> 0.1 | BB34: =Q34 -> 1.08 | BC34: =IF(F34=0,IF(ROUND( AY34 * ( ( (O34*Q34) + ( ((D34+N34*2)/6)*Q34 ) ) - ROUND( ((D34+N34*2)^2) * ( ( PI()*96.379 / (4*360) ) - ( (SIN((96.379/2)*PI()/180)) * (COS((96.379/2)*PI()/180)) / 4 ) ), 4) ),2), ROUND( AY34 * ( ( (O34*Q34) + ( ((D34+N34*2)/4)*Q34 ) ) - ROUND( ((D34+N34*2)^2) * ( ( PI()*120 / (4*360) ) - ( (SIN((120/2)*PI()/180)) * (COS((120/2)*PI()/180)) / 4 ) ), 4) ),2)),0) -> 7.8 | BD34: =IF(F34>0,ROUND(AY34*O34*Q34,2),0) -> 0 | BF34: =SUM(R34:V34,AI34:AM34) -> 62.07 | BG34: =IF(F34=0, ROUND( ( PI()*( (D34+N34*2)^2 ) / 4 ) * AY34,2), ROUND( (D34+N34*2)*(F34+N34*2) * AY34,2))*I34 -> 6.98 | BH34: =IF(($K34+N34-0.15)<=2,($K34+N34+0.15),IF(($K34+N34)<=3,2.35,($K34+N34+0.2)-0.85)) -> 1.431 | BI34: =IF(D34>2, (K34-F34-N34-0.11),IF(($K34+N34)<=2,0,IF(($K34+N34)>3,0.85,(K34+N34+0.2-BH34)))) -> 0 | BJ34: =IF($Z34="--",0,IF(D34>2,ROUND(((1.42+0.4)+(0.91+0.4))*2*BI34,2),ROUND(AV34*AX34*BH34,2))) -> 2.8 | BK34: =ROUND(((PI()*0.9^2)/4)*BI34,2) -> 0 | BL34: =ROUND(BF34-BG34-BJ34-BK34-BC34-BD34,2) -> 44.49 | BN34: A19-2 => A19-3 | BO34: A19-2 | BP34: 0.4 | BQ34: 40 | BR34: 1.241 | BS34: 1.209 | BT34: 0
A35: =BN35 -> A19-3 => A19-4 | D35: =BP35 -> 0.4 | G35: PA-1 | H35: =BQ35 -> 30 | I35: 1 | J35: =H35 -> 30 | K35: =BR35 -> 1.209 | L35: =BS35 -> 1.219 | M35: =ROUND((K35+L35)/2,2) -> 1.21 | N35: =IF(F35=0,ROUND($D35*10%,2),IF(D35>2.8,0.18,0.15)) -> 0.04 | O35: =IF(F35=0,IF( ROUND($D35/4,2), IF(ROUND(($D35*1.2)/6,2)<0.1,0.1,ROUND(($D35*1.2)/6,2))),0.5) -> 0.1 | P35: =M35+N35+O35 -> 1.35 | Q35: =IF(P35<2,(D35+N35*2)+0.6,(D35+N35*2)+0.6+ROUNDUP(P35-2,0)*0.1)*I35 -> 1.08 | R35: =IF($P35<=$X$4,ROUND(IF($P35<1.5,$P35*$H35*$Q35,1.5*$H35*$Q35),2),0) -> 43.74 | S35: =IF($P35>$X$4,ROUND(IF($P35<1.5,$P35*$H35*$Q35,1.5*$H35*$Q35),2),0) -> 0 | T35: =IF($P35>$X$4,ROUND(IF($P35<1.5,0,IF($P35>3,1.5*$H35*$Q35,($P35-1.5)*$H35*$Q35)),2),0) -> 0 | U35: =IF($P35>$X$4,ROUND(IF($P35<3,0,IF($P35>4.5,1.5*$H35*$Q35,($P35-3)*$H35*$Q35)),2),0) -> 0 | V35: =IF($P35>$X$4,ROUND(IF($P35<4.5,0,IF($P35>6,($P35-4.5)*$H35*$Q35,($P35-4.5)*$H35*$Q35)),2),0) -> 0 | W35: =IF($P35>$X$4, IF( $P35<=4, ROUND($H35*($P35+0.5)*2,2), 0),0) -> 0 | X35: =IF($P35>$X$4, IF( $P35>4, ROUND($H35*($P35+0.5)*2,2), 0),0) -> 0 | Y35: =BO35 -> A19-3 | Z35: =IF($D35=0.3,IF($I35=1,1.2,IF(I35=2,1.5,"--")),IF($D35=0.4,IF($I35=1,1.2,IF(I35=2,1.5,"--")),IF($D35=0.45,IF($I35=1,1.2,IF(I35=2,1.5,"--")),IF($D35=0.5,IF($I35=1,1.2,IF(I35=2,1.5,"--")),IF($D35=0.6,IF($I35=1,1.2,IF(I35=2,2,"--")),IF($D35=0.75,IF($I35=1,1.3,IF(I35=2,2,"--")),IF($D35=0.8,1.3,IF($D35=1,1.5,IF($D35=1.2,1.7,IF($D35<=2,2,"--")))))))))) -> 1.2 | AA35: x | AB35: =Z35 -> 1.2 | AC35: =IF($Z35="--","--",K35) -> 1.209 | AD35: =IF($Z35="--","--",IF(D35>1.5,0.15,ROUND($D35*10%,2))) -> 0.04 | AE35: =IF($Z35="--","--",0.15) -> 0.15 | AF35: =IF($Z35="--","--",ROUND(AC35+AD35+AE35,2)) -> 1.4 | AG35: =IF($Z35="--","--",IF($AC35<=2,$Z35+1,($Z35+1)+ROUNDUP($AC35-2,0)*0.1)) -> 2.2 | AH35: =IF($D35=0.3,1.04,IF($D35=0.4,0.92,IF($D35=0.45,0.86,IF($D35=0.5,0.8,IF($D35=0.75,0.8,IF($D35=0.6,0.68,IF($D35=0.8,0.74,IF($D35=1,0.7,IF($D35=1.2,0.66,IF($D35=1.5,0.6,IF($D35<=2,(2.4-(D35+0.3)),"--"))))))))))) -> 0.92 | AI35: =IF($Z35="--","--",IF($AF35<=$X$4,ROUND(IF($AF35<1.5,$AF35*$AG35*$AH35,1.5*$AG35*$AH35),2),0)) -> 2.83 | AJ35: =IF($Z35="--","--",IF($AF35>$X$4,ROUND(IF($AF35<1.5,$AF35*$AG35*$AH35,1.5*$AG35*$AH35),2),0)) -> 0 | AK35: =IF($Z35="--","--",IF($AF35>$X$4,ROUND(IF($AF35<1.5,0,IF($AF35>3,1.5*$AG35*$AH35,($AF35-1.5)*$AG35*$AH35)),2),0)) -> 0 | AL35: =IF($Z35="--","--",IF($AF35>$X$4,ROUND(IF($AF35<3,0,IF($AF35>4.5,1.5*$AG35*$AH35,($AF35-3)*$AG35*$AH35)),2),0)) -> 0 | AM35: =IF($Z35="--","--",IF($AF35>$X$4,ROUND(IF($AF35<4.5,0,IF($AF35>6,($AF35-4.5)*$AG35*$AH35,($AF35-4.5)*$AG35*$AH35)),2),0)) -> 0 | AN35: =IF($Z35="--","--",IF($AF35>$X$4, IF( $AF35<=4, ROUND(($AH35*4)*($AF35+0.5)*2,2), 0),0)) -> 0 | AO35: =IF($Z35="--","--",IF($AF35>$X$4, IF( $AF35>4, ROUND(($AH35*4)*($AF35+0.5)*2,2), 0),0)) -> 0 | AP35: =A35 -> A19-3 => A19-4 | AQ35: =C35 -> 0 | AR35: =D35 -> 0.4 | AU35: =H35 -> 30 | AV35: =IF($Z35="--","--",Z35+0.2) -> 1.4 | AW35: x | AX35: =AV35 -> 1.4 | AY35: =IF(D35>2,AU35,AU35-AV35) -> 28.6 | AZ35: =O35 -> 0.1 | BB35: =Q35 -> 1.08 | BC35: =IF(F35=0,IF(ROUND( AY35 * ( ( (O35*Q35) + ( ((D35+N35*2)/6)*Q35 ) ) - ROUND( ((D35+N35*2)^2) * ( ( PI()*96.379 / (4*360) ) - ( (SIN((96.379/2)*PI()/180)) * (COS((96.379/2)*PI()/180)) / 4 ) ), 4) ),2), ROUND( AY35 * ( ( (O35*Q35) + ( ((D35+N35*2)/4)*Q35 ) ) - ROUND( ((D35+N35*2)^2) * ( ( PI()*120 / (4*360) ) - ( (SIN((120/2)*PI()/180)) * (COS((120/2)*PI()/180)) / 4 ) ), 4) ),2)),0) -> 5.78 | BD35: =IF(F35>0,ROUND(AY35*O35*Q35,2),0) -> 0 | BF35: =SUM(R35:V35,AI35:AM35) -> 46.57 | BG35: =IF(F35=0, ROUND( ( PI()*( (D35+N35*2)^2 ) / 4 ) * AY35,2), ROUND( (D35+N35*2)*(F35+N35*2) * AY35,2))*I35 -> 5.18 | BH35: =IF(($K35+N35-0.15)<=2,($K35+N35+0.15),IF(($K35+N35)<=3,2.35,($K35+N35+0.2)-0.85)) -> 1.399 | BI35: =IF(D35>2, (K35-F35-N35-0.11),IF(($K35+N35)<=2,0,IF(($K35+N35)>3,0.85,(K35+N35+0.2-BH35)))) -> 0 | BJ35: =IF($Z35="--",0,IF(D35>2,ROUND(((1.42+0.4)+(0.91+0.4))*2*BI35,2),ROUND(AV35*AX35*BH35,2))) -> 2.74 | BK35: =ROUND(((PI()*0.9^2)/4)*BI35,2) -> 0 | BL35: =ROUND(BF35-BG35-BJ35-BK35-BC35-BD35,2) -> 32.87 | BN35: A19-3 => A19-4 | BO35: A19-3 | BP35: 0.4 | BQ35: 30 | BR35: 1.209 | BS35: 1.219 | BT35: 0
A36: =BN36 -> A19-4 => A19-5 | D36: =BP36 -> 0.4 | G36: PA-1 | H36: =BQ36 -> 40 | I36: 1 | J36: =H36 -> 40 | K36: =BR36 -> 1.219 | L36: =BS36 -> 1.223 | M36: =ROUND((K36+L36)/2,2) -> 1.22 | N36: =IF(F36=0,ROUND($D36*10%,2),IF(D36>2.8,0.18,0.15)) -> 0.04 | O36: =IF(F36=0,IF( ROUND($D36/4,2), IF(ROUND(($D36*1.2)/6,2)<0.1,0.1,ROUND(($D36*1.2)/6,2))),0.5) -> 0.1 | P36: =M36+N36+O36 -> 1.36 | Q36: =IF(P36<2,(D36+N36*2)+0.6,(D36+N36*2)+0.6+ROUNDUP(P36-2,0)*0.1)*I36 -> 1.08 | R36: =IF($P36<=$X$4,ROUND(IF($P36<1.5,$P36*$H36*$Q36,1.5*$H36*$Q36),2),0) -> 58.75 | S36: =IF($P36>$X$4,ROUND(IF($P36<1.5,$P36*$H36*$Q36,1.5*$H36*$Q36),2),0) -> 0 | T36: =IF($P36>$X$4,ROUND(IF($P36<1.5,0,IF($P36>3,1.5*$H36*$Q36,($P36-1.5)*$H36*$Q36)),2),0) -> 0 | U36: =IF($P36>$X$4,ROUND(IF($P36<3,0,IF($P36>4.5,1.5*$H36*$Q36,($P36-3)*$H36*$Q36)),2),0) -> 0 | V36: =IF($P36>$X$4,ROUND(IF($P36<4.5,0,IF($P36>6,($P36-4.5)*$H36*$Q36,($P36-4.5)*$H36*$Q36)),2),0) -> 0 | W36: =IF($P36>$X$4, IF( $P36<=4, ROUND($H36*($P36+0.5)*2,2), 0),0) -> 0 | X36: =IF($P36>$X$4, IF( $P36>4, ROUND($H36*($P36+0.5)*2,2), 0),0) -> 0 | Y36: =BO36 -> A19-4 | Z36: =IF($D36=0.3,IF($I36=1,1.2,IF(I36=2,1.5,"--")),IF($D36=0.4,IF($I36=1,1.2,IF(I36=2,1.5,"--")),IF($D36=0.45,IF($I36=1,1.2,IF(I36=2,1.5,"--")),IF($D36=0.5,IF($I36=1,1.2,IF(I36=2,1.5,"--")),IF($D36=0.6,IF($I36=1,1.2,IF(I36=2,2,"--")),IF($D36=0.75,IF($I36=1,1.3,IF(I36=2,2,"--")),IF($D36=0.8,1.3,IF($D36=1,1.5,IF($D36=1.2,1.7,IF($D36<=2,2,"--")))))))))) -> 1.2 | AA36: x | AB36: =Z36 -> 1.2 | AC36: =IF($Z36="--","--",K36) -> 1.219 | AD36: =IF($Z36="--","--",IF(D36>1.5,0.15,ROUND($D36*10%,2))) -> 0.04 | AE36: =IF($Z36="--","--",0.15) -> 0.15 | AF36: =IF($Z36="--","--",ROUND(AC36+AD36+AE36,2)) -> 1.41 | AG36: =IF($Z36="--","--",IF($AC36<=2,$Z36+1,($Z36+1)+ROUNDUP($AC36-2,0)*0.1)) -> 2.2 | AH36: =IF($D36=0.3,1.04,IF($D36=0.4,0.92,IF($D36=0.45,0.86,IF($D36=0.5,0.8,IF($D36=0.75,0.8,IF($D36=0.6,0.68,IF($D36=0.8,0.74,IF($D36=1,0.7,IF($D36=1.2,0.66,IF($D36=1.5,0.6,IF($D36<=2,(2.4-(D36+0.3)),"--"))))))))))) -> 0.92 | AI36: =IF($Z36="--","--",IF($AF36<=$X$4,ROUND(IF($AF36<1.5,$AF36*$AG36*$AH36,1.5*$AG36*$AH36),2),0)) -> 2.85 | AJ36: =IF($Z36="--","--",IF($AF36>$X$4,ROUND(IF($AF36<1.5,$AF36*$AG36*$AH36,1.5*$AG36*$AH36),2),0)) -> 0 | AK36: =IF($Z36="--","--",IF($AF36>$X$4,ROUND(IF($AF36<1.5,0,IF($AF36>3,1.5*$AG36*$AH36,($AF36-1.5)*$AG36*$AH36)),2),0)) -> 0 | AL36: =IF($Z36="--","--",IF($AF36>$X$4,ROUND(IF($AF36<3,0,IF($AF36>4.5,1.5*$AG36*$AH36,($AF36-3)*$AG36*$AH36)),2),0)) -> 0 | AM36: =IF($Z36="--","--",IF($AF36>$X$4,ROUND(IF($AF36<4.5,0,IF($AF36>6,($AF36-4.5)*$AG36*$AH36,($AF36-4.5)*$AG36*$AH36)),2),0)) -> 0 | AN36: =IF($Z36="--","--",IF($AF36>$X$4, IF( $AF36<=4, ROUND(($AH36*4)*($AF36+0.5)*2,2), 0),0)) -> 0 | AO36: =IF($Z36="--","--",IF($AF36>$X$4, IF( $AF36>4, ROUND(($AH36*4)*($AF36+0.5)*2,2), 0),0)) -> 0 | AP36: =A36 -> A19-4 => A19-5 | AQ36: =C36 -> 0 | AR36: =D36 -> 0.4 | AU36: =H36 -> 40 | AV36: =IF($Z36="--","--",Z36+0.2) -> 1.4 | AW36: x | AX36: =AV36 -> 1.4 | AY36: =IF(D36>2,AU36,AU36-AV36) -> 38.6 | AZ36: =O36 -> 0.1 | BB36: =Q36 -> 1.08 | BC36: =IF(F36=0,IF(ROUND( AY36 * ( ( (O36*Q36) + ( ((D36+N36*2)/6)*Q36 ) ) - ROUND( ((D36+N36*2)^2) * ( ( PI()*96.379 / (4*360) ) - ( (SIN((96.379/2)*PI()/180)) * (COS((96.379/2)*PI()/180)) / 4 ) ), 4) ),2), ROUND( AY36 * ( ( (O36*Q36) + ( ((D36+N36*2)/4)*Q36 ) ) - ROUND( ((D36+N36*2)^2) * ( ( PI()*120 / (4*360) ) - ( (SIN((120/2)*PI()/180)) * (COS((120/2)*PI()/180)) / 4 ) ), 4) ),2)),0) -> 7.8 | BD36: =IF(F36>0,ROUND(AY36*O36*Q36,2),0) -> 0 | BF36: =SUM(R36:V36,AI36:AM36) -> 61.6 | BG36: =IF(F36=0, ROUND( ( PI()*( (D36+N36*2)^2 ) / 4 ) * AY36,2), ROUND( (D36+N36*2)*(F36+N36*2) * AY36,2))*I36 -> 6.98 | BH36: =IF(($K36+N36-0.15)<=2,($K36+N36+0.15),IF(($K36+N36)<=3,2.35,($K36+N36+0.2)-0.85)) -> 1.409 | BI36: =IF(D36>2, (K36-F36-N36-0.11),IF(($K36+N36)<=2,0,IF(($K36+N36)>3,0.85,(K36+N36+0.2-BH36)))) -> 0 | BJ36: =IF($Z36="--",0,IF(D36>2,ROUND(((1.42+0.4)+(0.91+0.4))*2*BI36,2),ROUND(AV36*AX36*BH36,2))) -> 2.76 | BK36: =ROUND(((PI()*0.9^2)/4)*BI36,2) -> 0 | BL36: =ROUND(BF36-BG36-BJ36-BK36-BC36-BD36,2) -> 44.06 | BN36: A19-4 => A19-5 | BO36: A19-4 | BP36: 0.4 | BQ36: 40 | BR36: 1.219 | BS36: 1.223 | BT36: 0
A37: =BN37 -> A19-5 => A19-6 | D37: =BP37 -> 0.4 | G37: PA-1 | H37: =BQ37 -> 30 | I37: 1 | J37: =H37 -> 30 | K37: =BR37 -> 1.223 | L37: =BS37 -> 1.395 | M37: =ROUND((K37+L37)/2,2) -> 1.31 | N37: =IF(F37=0,ROUND($D37*10%,2),IF(D37>2.8,0.18,0.15)) -> 0.04 | O37: =IF(F37=0,IF( ROUND($D37/4,2), IF(ROUND(($D37*1.2)/6,2)<0.1,0.1,ROUND(($D37*1.2)/6,2))),0.5) -> 0.1 | P37: =M37+N37+O37 -> 1.45 | Q37: =IF(P37<2,(D37+N37*2)+0.6,(D37+N37*2)+0.6+ROUNDUP(P37-2,0)*0.1)*I37 -> 1.08 | R37: =IF($P37<=$X$4,ROUND(IF($P37<1.5,$P37*$H37*$Q37,1.5*$H37*$Q37),2),0) -> 46.98 | S37: =IF($P37>$X$4,ROUND(IF($P37<1.5,$P37*$H37*$Q37,1.5*$H37*$Q37),2),0) -> 0 | T37: =IF($P37>$X$4,ROUND(IF($P37<1.5,0,IF($P37>3,1.5*$H37*$Q37,($P37-1.5)*$H37*$Q37)),2),0) -> 0 | U37: =IF($P37>$X$4,ROUND(IF($P37<3,0,IF($P37>4.5,1.5*$H37*$Q37,($P37-3)*$H37*$Q37)),2),0) -> 0 | V37: =IF($P37>$X$4,ROUND(IF($P37<4.5,0,IF($P37>6,($P37-4.5)*$H37*$Q37,($P37-4.5)*$H37*$Q37)),2),0) -> 0 | W37: =IF($P37>$X$4, IF( $P37<=4, ROUND($H37*($P37+0.5)*2,2), 0),0) -> 0 | X37: =IF($P37>$X$4, IF( $P37>4, ROUND($H37*($P37+0.5)*2,2), 0),0) -> 0 | Y37: =BO37 -> A19-5 | Z37: =IF($D37=0.3,IF($I37=1,1.2,IF(I37=2,1.5,"--")),IF($D37=0.4,IF($I37=1,1.2,IF(I37=2,1.5,"--")),IF($D37=0.45,IF($I37=1,1.2,IF(I37=2,1.5,"--")),IF($D37=0.5,IF($I37=1,1.2,IF(I37=2,1.5,"--")),IF($D37=0.6,IF($I37=1,1.2,IF(I37=2,2,"--")),IF($D37=0.75,IF($I37=1,1.3,IF(I37=2,2,"--")),IF($D37=0.8,1.3,IF($D37=1,1.5,IF($D37=1.2,1.7,IF($D37<=2,2,"--")))))))))) -> 1.2 | AA37: x | AB37: =Z37 -> 1.2 | AC37: =IF($Z37="--","--",K37) -> 1.223 | AD37: =IF($Z37="--","--",IF(D37>1.5,0.15,ROUND($D37*10%,2))) -> 0.04 | AE37: =IF($Z37="--","--",0.15) -> 0.15 | AF37: =IF($Z37="--","--",ROUND(AC37+AD37+AE37,2)) -> 1.41 | AG37: =IF($Z37="--","--",IF($AC37<=2,$Z37+1,($Z37+1)+ROUNDUP($AC37-2,0)*0.1)) -> 2.2 | AH37: =IF($D37=0.3,1.04,IF($D37=0.4,0.92,IF($D37=0.45,0.86,IF($D37=0.5,0.8,IF($D37=0.75,0.8,IF($D37=0.6,0.68,IF($D37=0.8,0.74,IF($D37=1,0.7,IF($D37=1.2,0.66,IF($D37=1.5,0.6,IF($D37<=2,(2.4-(D37+0.3)),"--"))))))))))) -> 0.92 | AI37: =IF($Z37="--","--",IF($AF37<=$X$4,ROUND(IF($AF37<1.5,$AF37*$AG37*$AH37,1.5*$AG37*$AH37),2),0)) -> 2.85 | AJ37: =IF($Z37="--","--",IF($AF37>$X$4,ROUND(IF($AF37<1.5,$AF37*$AG37*$AH37,1.5*$AG37*$AH37),2),0)) -> 0 | AK37: =IF($Z37="--","--",IF($AF37>$X$4,ROUND(IF($AF37<1.5,0,IF($AF37>3,1.5*$AG37*$AH37,($AF37-1.5)*$AG37*$AH37)),2),0)) -> 0 | AL37: =IF($Z37="--","--",IF($AF37>$X$4,ROUND(IF($AF37<3,0,IF($AF37>4.5,1.5*$AG37*$AH37,($AF37-3)*$AG37*$AH37)),2),0)) -> 0 | AM37: =IF($Z37="--","--",IF($AF37>$X$4,ROUND(IF($AF37<4.5,0,IF($AF37>6,($AF37-4.5)*$AG37*$AH37,($AF37-4.5)*$AG37*$AH37)),2),0)) -> 0 | AN37: =IF($Z37="--","--",IF($AF37>$X$4, IF( $AF37<=4, ROUND(($AH37*4)*($AF37+0.5)*2,2), 0),0)) -> 0 | AO37: =IF($Z37="--","--",IF($AF37>$X$4, IF( $AF37>4, ROUND(($AH37*4)*($AF37+0.5)*2,2), 0),0)) -> 0 | AP37: =A37 -> A19-5 => A19-6 | AQ37: =C37 -> 0 | AR37: =D37 -> 0.4 | AU37: =H37 -> 30 | AV37: =IF($Z37="--","--",Z37+0.2) -> 1.4 | AW37: x | AX37: =AV37 -> 1.4 | AY37: =IF(D37>2,AU37,AU37-AV37) -> 28.6 | AZ37: =O37 -> 0.1 | BB37: =Q37 -> 1.08 | BC37: =IF(F37=0,IF(ROUND( AY37 * ( ( (O37*Q37) + ( ((D37+N37*2)/6)*Q37 ) ) - ROUND( ((D37+N37*2)^2) * ( ( PI()*96.379 / (4*360) ) - ( (SIN((96.379/2)*PI()/180)) * (COS((96.379/2)*PI()/180)) / 4 ) ), 4) ),2), ROUND( AY37 * ( ( (O37*Q37) + ( ((D37+N37*2)/4)*Q37 ) ) - ROUND( ((D37+N37*2)^2) * ( ( PI()*120 / (4*360) ) - ( (SIN((120/2)*PI()/180)) * (COS((120/2)*PI()/180)) / 4 ) ), 4) ),2)),0) -> 5.78 | BD37: =IF(F37>0,ROUND(AY37*O37*Q37,2),0) -> 0 | BF37: =SUM(R37:V37,AI37:AM37) -> 49.83 | BG37: =IF(F37=0, ROUND( ( PI()*( (D37+N37*2)^2 ) / 4 ) * AY37,2), ROUND( (D37+N37*2)*(F37+N37*2) * AY37,2))*I37 -> 5.18 | BH37: =IF(($K37+N37-0.15)<=2,($K37+N37+0.15),IF(($K37+N37)<=3,2.35,($K37+N37+0.2)-0.85)) -> 1.413 | BI37: =IF(D37>2, (K37-F37-N37-0.11),IF(($K37+N37)<=2,0,IF(($K37+N37)>3,0.85,(K37+N37+0.2-BH37)))) -> 0 | BJ37: =IF($Z37="--",0,IF(D37>2,ROUND(((1.42+0.4)+(0.91+0.4))*2*BI37,2),ROUND(AV37*AX37*BH37,2))) -> 2.77 | BK37: =ROUND(((PI()*0.9^2)/4)*BI37,2) -> 0 | BL37: =ROUND(BF37-BG37-BJ37-BK37-BC37-BD37,2) -> 36.1 | BN37: A19-5 => A19-6 | BO37: A19-5 | BP37: 0.4 | BQ37: 30 | BR37: 1.223 | BS37: 1.395 | BT37: 0.24
A38: =BN38 -> A19-6 => A19-7 | D38: =BP38 -> 0.6 | G38: PA-1 | H38: =BQ38 -> 35 | I38: 1 | J38: =H38 -> 35 | K38: =BR38 -> 1.635 | L38: =BS38 -> 1.671 | M38: =ROUND((K38+L38)/2,2) -> 1.65 | N38: =IF(F38=0,ROUND($D38*10%,2),IF(D38>2.8,0.18,0.15)) -> 0.06 | O38: =IF(F38=0,IF( ROUND($D38/4,2), IF(ROUND(($D38*1.2)/6,2)<0.1,0.1,ROUND(($D38*1.2)/6,2))),0.5) -> 0.12 | P38: =M38+N38+O38 -> 1.83 | Q38: =IF(P38<2,(D38+N38*2)+0.6,(D38+N38*2)+0.6+ROUNDUP(P38-2,0)*0.1)*I38 -> 1.32 | R38: =IF($P38<=$X$4,ROUND(IF($P38<1.5,$P38*$H38*$Q38,1.5*$H38*$Q38),2),0) -> 0 | S38: =IF($P38>$X$4,ROUND(IF($P38<1.5,$P38*$H38*$Q38,1.5*$H38*$Q38),2),0) -> 69.3 | T38: =IF($P38>$X$4,ROUND(IF($P38<1.5,0,IF($P38>3,1.5*$H38*$Q38,($P38-1.5)*$H38*$Q38)),2),0) -> 15.25 | U38: =IF($P38>$X$4,ROUND(IF($P38<3,0,IF($P38>4.5,1.5*$H38*$Q38,($P38-3)*$H38*$Q38)),2),0) -> 0 | V38: =IF($P38>$X$4,ROUND(IF($P38<4.5,0,IF($P38>6,($P38-4.5)*$H38*$Q38,($P38-4.5)*$H38*$Q38)),2),0) -> 0 | W38: =IF($P38>$X$4, IF( $P38<=4, ROUND($H38*($P38+0.5)*2,2), 0),0) -> 163.1 | X38: =IF($P38>$X$4, IF( $P38>4, ROUND($H38*($P38+0.5)*2,2), 0),0) -> 0 | Y38: =BO38 -> A19-6 | Z38: =IF($D38=0.3,IF($I38=1,1.2,IF(I38=2,1.5,"--")),IF($D38=0.4,IF($I38=1,1.2,IF(I38=2,1.5,"--")),IF($D38=0.45,IF($I38=1,1.2,IF(I38=2,1.5,"--")),IF($D38=0.5,IF($I38=1,1.2,IF(I38=2,1.5,"--")),IF($D38=0.6,IF($I38=1,1.2,IF(I38=2,2,"--")),IF($D38=0.75,IF($I38=1,1.3,IF(I38=2,2,"--")),IF($D38=0.8,1.3,IF($D38=1,1.5,IF($D38=1.2,1.7,IF($D38<=2,2,"--")))))))))) -> 1.2 | AA38: x | AB38: =Z38 -> 1.2 | AC38: =IF($Z38="--","--",K38) -> 1.635 | AD38: =IF($Z38="--","--",IF(D38>1.5,0.15,ROUND($D38*10%,2))) -> 0.06 | AE38: =IF($Z38="--","--",0.15) -> 0.15 | AF38: =IF($Z38="--","--",ROUND(AC38+AD38+AE38,2)) -> 1.85 | AG38: =IF($Z38="--","--",IF($AC38<=2,$Z38+1,($Z38+1)+ROUNDUP($AC38-2,0)*0.1)) -> 2.2 | AH38: =IF($D38=0.3,1.04,IF($D38=0.4,0.92,IF($D38=0.45,0.86,IF($D38=0.5,0.8,IF($D38=0.75,0.8,IF($D38=0.6,0.68,IF($D38=0.8,0.74,IF($D38=1,0.7,IF($D38=1.2,0.66,IF($D38=1.5,0.6,IF($D38<=2,(2.4-(D38+0.3)),"--"))))))))))) -> 0.68 | AI38: =IF($Z38="--","--",IF($AF38<=$X$4,ROUND(IF($AF38<1.5,$AF38*$AG38*$AH38,1.5*$AG38*$AH38),2),0)) -> 0 | AJ38: =IF($Z38="--","--",IF($AF38>$X$4,ROUND(IF($AF38<1.5,$AF38*$AG38*$AH38,1.5*$AG38*$AH38),2),0)) -> 2.24 | AK38: =IF($Z38="--","--",IF($AF38>$X$4,ROUND(IF($AF38<1.5,0,IF($AF38>3,1.5*$AG38*$AH38,($AF38-1.5)*$AG38*$AH38)),2),0)) -> 0.52 | AL38: =IF($Z38="--","--",IF($AF38>$X$4,ROUND(IF($AF38<3,0,IF($AF38>4.5,1.5*$AG38*$AH38,($AF38-3)*$AG38*$AH38)),2),0)) -> 0 | AM38: =IF($Z38="--","--",IF($AF38>$X$4,ROUND(IF($AF38<4.5,0,IF($AF38>6,($AF38-4.5)*$AG38*$AH38,($AF38-4.5)*$AG38*$AH38)),2),0)) -> 0 | AN38: =IF($Z38="--","--",IF($AF38>$X$4, IF( $AF38<=4, ROUND(($AH38*4)*($AF38+0.5)*2,2), 0),0)) -> 12.78 | AO38: =IF($Z38="--","--",IF($AF38>$X$4, IF( $AF38>4, ROUND(($AH38*4)*($AF38+0.5)*2,2), 0),0)) -> 0 | AP38: =A38 -> A19-6 => A19-7 | AQ38: =C38 -> 0 | AR38: =D38 -> 0.6 | AU38: =H38 -> 35 | AV38: =IF($Z38="--","--",Z38+0.2) -> 1.4 | AW38: x | AX38: =AV38 -> 1.4 | AY38: =IF(D38>2,AU38,AU38-AV38) -> 33.6 | AZ38: =O38 -> 0.12 | BB38: =Q38 -> 1.32 | BC38: =IF(F38=0,IF(ROUND( AY38 * ( ( (O38*Q38) + ( ((D38+N38*2)/6)*Q38 ) ) - ROUND( ((D38+N38*2)^2) * ( ( PI()*96.379 / (4*360) ) - ( (SIN((96.379/2)*PI()/180)) * (COS((96.379/2)*PI()/180)) / 4 ) ), 4) ),2), ROUND( AY38 * ( ( (O38*Q38) + ( ((D38+N38*2)/4)*Q38 ) ) - ROUND( ((D38+N38*2)^2) * ( ( PI()*120 / (4*360) ) - ( (SIN((120/2)*PI()/180)) * (COS((120/2)*PI()/180)) / 4 ) ), 4) ),2)),0) -> 10.63 | BD38: =IF(F38>0,ROUND(AY38*O38*Q38,2),0) -> 0 | BF38: =SUM(R38:V38,AI38:AM38) -> 87.31 | BG38: =IF(F38=0, ROUND( ( PI()*( (D38+N38*2)^2 ) / 4 ) * AY38,2), ROUND( (D38+N38*2)*(F38+N38*2) * AY38,2))*I38 -> 13.68 | BH38: =IF(($K38+N38-0.15)<=2,($K38+N38+0.15),IF(($K38+N38)<=3,2.35,($K38+N38+0.2)-0.85)) -> 1.845 | BI38: =IF(D38>2, (K38-F38-N38-0.11),IF(($K38+N38)<=2,0,IF(($K38+N38)>3,0.85,(K38+N38+0.2-BH38)))) -> 0 | BJ38: =IF($Z38="--",0,IF(D38>2,ROUND(((1.42+0.4)+(0.91+0.4))*2*BI38,2),ROUND(AV38*AX38*BH38,2))) -> 3.62 | BK38: =ROUND(((PI()*0.9^2)/4)*BI38,2) -> 0 | BL38: =ROUND(BF38-BG38-BJ38-BK38-BC38-BD38,2) -> 59.38 | BN38: A19-6 => A19-7 | BO38: A19-6 | BP38: 0.6 | BQ38: 35 | BR38: 1.635 | BS38: 1.671 | BT38: 0
A39: =BN39 -> A19-7 => A19-8 | D39: =BP39 -> 0.6 | G39: PA-1 | H39: =BQ39 -> 30 | I39: 1 | J39: =H39 -> 30 | K39: =BR39 -> 1.671 | L39: =BS39 -> 1.647 | M39: =ROUND((K39+L39)/2,2) -> 1.66 | N39: =IF(F39=0,ROUND($D39*10%,2),IF(D39>2.8,0.18,0.15)) -> 0.06 | O39: =IF(F39=0,IF( ROUND($D39/4,2), IF(ROUND(($D39*1.2)/6,2)<0.1,0.1,ROUND(($D39*1.2)/6,2))),0.5) -> 0.12 | P39: =M39+N39+O39 -> 1.84 | Q39: =IF(P39<2,(D39+N39*2)+0.6,(D39+N39*2)+0.6+ROUNDUP(P39-2,0)*0.1)*I39 -> 1.32 | R39: =IF($P39<=$X$4,ROUND(IF($P39<1.5,$P39*$H39*$Q39,1.5*$H39*$Q39),2),0) -> 0 | S39: =IF($P39>$X$4,ROUND(IF($P39<1.5,$P39*$H39*$Q39,1.5*$H39*$Q39),2),0) -> 59.4 | T39: =IF($P39>$X$4,ROUND(IF($P39<1.5,0,IF($P39>3,1.5*$H39*$Q39,($P39-1.5)*$H39*$Q39)),2),0) -> 13.46 | U39: =IF($P39>$X$4,ROUND(IF($P39<3,0,IF($P39>4.5,1.5*$H39*$Q39,($P39-3)*$H39*$Q39)),2),0) -> 0 | V39: =IF($P39>$X$4,ROUND(IF($P39<4.5,0,IF($P39>6,($P39-4.5)*$H39*$Q39,($P39-4.5)*$H39*$Q39)),2),0) -> 0 | W39: =IF($P39>$X$4, IF( $P39<=4, ROUND($H39*($P39+0.5)*2,2), 0),0) -> 140.4 | X39: =IF($P39>$X$4, IF( $P39>4, ROUND($H39*($P39+0.5)*2,2), 0),0) -> 0 | Y39: =BO39 -> A19-7 | Z39: =IF($D39=0.3,IF($I39=1,1.2,IF(I39=2,1.5,"--")),IF($D39=0.4,IF($I39=1,1.2,IF(I39=2,1.5,"--")),IF($D39=0.45,IF($I39=1,1.2,IF(I39=2,1.5,"--")),IF($D39=0.5,IF($I39=1,1.2,IF(I39=2,1.5,"--")),IF($D39=0.6,IF($I39=1,1.2,IF(I39=2,2,"--")),IF($D39=0.75,IF($I39=1,1.3,IF(I39=2,2,"--")),IF($D39=0.8,1.3,IF($D39=1,1.5,IF($D39=1.2,1.7,IF($D39<=2,2,"--")))))))))) -> 1.2 | AA39: x | AB39: =Z39 -> 1.2 | AC39: =IF($Z39="--","--",K39) -> 1.671 | AD39: =IF($Z39="--","--",IF(D39>1.5,0.15,ROUND($D39*10%,2))) -> 0.06 | AE39: =IF($Z39="--","--",0.15) -> 0.15 | AF39: =IF($Z39="--","--",ROUND(AC39+AD39+AE39,2)) -> 1.88 | AG39: =IF($Z39="--","--",IF($AC39<=2,$Z39+1,($Z39+1)+ROUNDUP($AC39-2,0)*0.1)) -> 2.2 | AH39: =IF($D39=0.3,1.04,IF($D39=0.4,0.92,IF($D39=0.45,0.86,IF($D39=0.5,0.8,IF($D39=0.75,0.8,IF($D39=0.6,0.68,IF($D39=0.8,0.74,IF($D39=1,0.7,IF($D39=1.2,0.66,IF($D39=1.5,0.6,IF($D39<=2,(2.4-(D39+0.3)),"--"))))))))))) -> 0.68 | AI39: =IF($Z39="--","--",IF($AF39<=$X$4,ROUND(IF($AF39<1.5,$AF39*$AG39*$AH39,1.5*$AG39*$AH39),2),0)) -> 0 | AJ39: =IF($Z39="--","--",IF($AF39>$X$4,ROUND(IF($AF39<1.5,$AF39*$AG39*$AH39,1.5*$AG39*$AH39),2),0)) -> 2.24 | AK39: =IF($Z39="--","--",IF($AF39>$X$4,ROUND(IF($AF39<1.5,0,IF($AF39>3,1.5*$AG39*$AH39,($AF39-1.5)*$AG39*$AH39)),2),0)) -> 0.57 | AL39: =IF($Z39="--","--",IF($AF39>$X$4,ROUND(IF($AF39<3,0,IF($AF39>4.5,1.5*$AG39*$AH39,($AF39-3)*$AG39*$AH39)),2),0)) -> 0 | AM39: =IF($Z39="--","--",IF($AF39>$X$4,ROUND(IF($AF39<4.5,0,IF($AF39>6,($AF39-4.5)*$AG39*$AH39,($AF39-4.5)*$AG39*$AH39)),2),0)) -> 0 | AN39: =IF($Z39="--","--",IF($AF39>$X$4, IF( $AF39<=4, ROUND(($AH39*4)*($AF39+0.5)*2,2), 0),0)) -> 12.95 | AO39: =IF($Z39="--","--",IF($AF39>$X$4, IF( $AF39>4, ROUND(($AH39*4)*($AF39+0.5)*2,2), 0),0)) -> 0 | AP39: =A39 -> A19-7 => A19-8 | AQ39: =C39 -> 0 | AR39: =D39 -> 0.6 | AU39: =H39 -> 30 | AV39: =IF($Z39="--","--",Z39+0.2) -> 1.4 | AW39: x | AX39: =AV39 -> 1.4 | AY39: =IF(D39>2,AU39,AU39-AV39) -> 28.6 | AZ39: =O39 -> 0.12 | BB39: =Q39 -> 1.32 | BC39: =IF(F39=0,IF(ROUND( AY39 * ( ( (O39*Q39) + ( ((D39+N39*2)/6)*Q39 ) ) - ROUND( ((D39+N39*2)^2) * ( ( PI()*96.379 / (4*360) ) - ( (SIN((96.379/2)*PI()/180)) * (COS((96.379/2)*PI()/180)) / 4 ) ), 4) ),2), ROUND( AY39 * ( ( (O39*Q39) + ( ((D39+N39*2)/4)*Q39 ) ) - ROUND( ((D39+N39*2)^2) * ( ( PI()*120 / (4*360) ) - ( (SIN((120/2)*PI()/180)) * (COS((120/2)*PI()/180)) / 4 ) ), 4) ),2)),0) -> 9.05 | BD39: =IF(F39>0,ROUND(AY39*O39*Q39,2),0) -> 0 | BF39: =SUM(R39:V39,AI39:AM39) -> 75.67 | BG39: =IF(F39=0, ROUND( ( PI()*( (D39+N39*2)^2 ) / 4 ) * AY39,2), ROUND( (D39+N39*2)*(F39+N39*2) * AY39,2))*I39 -> 11.64 | BH39: =IF(($K39+N39-0.15)<=2,($K39+N39+0.15),IF(($K39+N39)<=3,2.35,($K39+N39+0.2)-0.85)) -> 1.881 | BI39: =IF(D39>2, (K39-F39-N39-0.11),IF(($K39+N39)<=2,0,IF(($K39+N39)>3,0.85,(K39+N39+0.2-BH39)))) -> 0 | BJ39: =IF($Z39="--",0,IF(D39>2,ROUND(((1.42+0.4)+(0.91+0.4))*2*BI39,2),ROUND(AV39*AX39*BH39,2))) -> 3.69 | BK39: =ROUND(((PI()*0.9^2)/4)*BI39,2) -> 0 | BL39: =ROUND(BF39-BG39-BJ39-BK39-BC39-BD39,2) -> 51.29 | BN39: A19-7 => A19-8 | BO39: A19-7 | BP39: 0.6 | BQ39: 30 | BR39: 1.671 | BS39: 1.647 | BT39: 0
A40: =BN40 -> A19-8 => A19-9 | D40: =BP40 -> 0.6 | G40: PA-1 | H40: =BQ40 -> 26 | I40: 1 | J40: =H40 -> 26 | K40: =BR40 -> 1.647 | L40: =BS40 -> 1.481 | M40: =ROUND((K40+L40)/2,2) -> 1.56 | N40: =IF(F40=0,ROUND($D40*10%,2),IF(D40>2.8,0.18,0.15)) -> 0.06 | O40: =IF(F40=0,IF( ROUND($D40/4,2), IF(ROUND(($D40*1.2)/6,2)<0.1,0.1,ROUND(($D40*1.2)/6,2))),0.5) -> 0.12 | P40: =M40+N40+O40 -> 1.74 | Q40: =IF(P40<2,(D40+N40*2)+0.6,(D40+N40*2)+0.6+ROUNDUP(P40-2,0)*0.1)*I40 -> 1.32 | R40: =IF($P40<=$X$4,ROUND(IF($P40<1.5,$P40*$H40*$Q40,1.5*$H40*$Q40),2),0) -> 0 | S40: =IF($P40>$X$4,ROUND(IF($P40<1.5,$P40*$H40*$Q40,1.5*$H40*$Q40),2),0) -> 51.48 | T40: =IF($P40>$X$4,ROUND(IF($P40<1.5,0,IF($P40>3,1.5*$H40*$Q40,($P40-1.5)*$H40*$Q40)),2),0) -> 8.24 | U40: =IF($P40>$X$4,ROUND(IF($P40<3,0,IF($P40>4.5,1.5*$H40*$Q40,($P40-3)*$H40*$Q40)),2),0) -> 0 | V40: =IF($P40>$X$4,ROUND(IF($P40<4.5,0,IF($P40>6,($P40-4.5)*$H40*$Q40,($P40-4.5)*$H40*$Q40)),2),0) -> 0 | W40: =IF($P40>$X$4, IF( $P40<=4, ROUND($H40*($P40+0.5)*2,2), 0),0) -> 116.48 | X40: =IF($P40>$X$4, IF( $P40>4, ROUND($H40*($P40+0.5)*2,2), 0),0) -> 0 | Y40: =BO40 -> A19-8 | Z40: =IF($D40=0.3,IF($I40=1,1.2,IF(I40=2,1.5,"--")),IF($D40=0.4,IF($I40=1,1.2,IF(I40=2,1.5,"--")),IF($D40=0.45,IF($I40=1,1.2,IF(I40=2,1.5,"--")),IF($D40=0.5,IF($I40=1,1.2,IF(I40=2,1.5,"--")),IF($D40=0.6,IF($I40=1,1.2,IF(I40=2,2,"--")),IF($D40=0.75,IF($I40=1,1.3,IF(I40=2,2,"--")),IF($D40=0.8,1.3,IF($D40=1,1.5,IF($D40=1.2,1.7,IF($D40<=2,2,"--")))))))))) -> 1.2 | AA40: x | AB40: =Z40 -> 1.2 | AC40: =IF($Z40="--","--",K40) -> 1.647 | AD40: =IF($Z40="--","--",IF(D40>1.5,0.15,ROUND($D40*10%,2))) -> 0.06 | AE40: =IF($Z40="--","--",0.15) -> 0.15 | AF40: =IF($Z40="--","--",ROUND(AC40+AD40+AE40,2)) -> 1.86 | AG40: =IF($Z40="--","--",IF($AC40<=2,$Z40+1,($Z40+1)+ROUNDUP($AC40-2,0)*0.1)) -> 2.2 | AH40: =IF($D40=0.3,1.04,IF($D40=0.4,0.92,IF($D40=0.45,0.86,IF($D40=0.5,0.8,IF($D40=0.75,0.8,IF($D40=0.6,0.68,IF($D40=0.8,0.74,IF($D40=1,0.7,IF($D40=1.2,0.66,IF($D40=1.5,0.6,IF($D40<=2,(2.4-(D40+0.3)),"--"))))))))))) -> 0.68 | AI40: =IF($Z40="--","--",IF($AF40<=$X$4,ROUND(IF($AF40<1.5,$AF40*$AG40*$AH40,1.5*$AG40*$AH40),2),0)) -> 0 | AJ40: =IF($Z40="--","--",IF($AF40>$X$4,ROUND(IF($AF40<1.5,$AF40*$AG40*$AH40,1.5*$AG40*$AH40),2),0)) -> 2.24 | AK40: =IF($Z40="--","--",IF($AF40>$X$4,ROUND(IF($AF40<1.5,0,IF($AF40>3,1.5*$AG40*$AH40,($AF40-1.5)*$AG40*$AH40)),2),0)) -> 0.54 | AL40: =IF($Z40="--","--",IF($AF40>$X$4,ROUND(IF($AF40<3,0,IF($AF40>4.5,1.5*$AG40*$AH40,($AF40-3)*$AG40*$AH40)),2),0)) -> 0 | AM40: =IF($Z40="--","--",IF($AF40>$X$4,ROUND(IF($AF40<4.5,0,IF($AF40>6,($AF40-4.5)*$AG40*$AH40,($AF40-4.5)*$AG40*$AH40)),2),0)) -> 0 | AN40: =IF($Z40="--","--",IF($AF40>$X$4, IF( $AF40<=4, ROUND(($AH40*4)*($AF40+0.5)*2,2), 0),0)) -> 12.84 | AO40: =IF($Z40="--","--",IF($AF40>$X$4, IF( $AF40>4, ROUND(($AH40*4)*($AF40+0.5)*2,2), 0),0)) -> 0 | AP40: =A40 -> A19-8 => A19-9 | AQ40: =C40 -> 0 | AR40: =D40 -> 0.6 | AU40: =H40 -> 26 | AV40: =IF($Z40="--","--",Z40+0.2) -> 1.4 | AW40: x | AX40: =AV40 -> 1.4 | AY40: =IF(D40>2,AU40,AU40-AV40) -> 24.6 | AZ40: =O40 -> 0.12 | BB40: =Q40 -> 1.32 | BC40: =IF(F40=0,IF(ROUND( AY40 * ( ( (O40*Q40) + ( ((D40+N40*2)/6)*Q40 ) ) - ROUND( ((D40+N40*2)^2) * ( ( PI()*96.379 / (4*360) ) - ( (SIN((96.379/2)*PI()/180)) * (COS((96.379/2)*PI()/180)) / 4 ) ), 4) ),2), ROUND( AY40 * ( ( (O40*Q40) + ( ((D40+N40*2)/4)*Q40 ) ) - ROUND( ((D40+N40*2)^2) * ( ( PI()*120 / (4*360) ) - ( (SIN((120/2)*PI()/180)) * (COS((120/2)*PI()/180)) / 4 ) ), 4) ),2)),0) -> 7.78 | BD40: =IF(F40>0,ROUND(AY40*O40*Q40,2),0) -> 0 | BF40: =SUM(R40:V40,AI40:AM40) -> 62.5 | BG40: =IF(F40=0, ROUND( ( PI()*( (D40+N40*2)^2 ) / 4 ) * AY40,2), ROUND( (D40+N40*2)*(F40+N40*2) * AY40,2))*I40 -> 10.02 | BH40: =IF(($K40+N40-0.15)<=2,($K40+N40+0.15),IF(($K40+N40)<=3,2.35,($K40+N40+0.2)-0.85)) -> 1.857 | BI40: =IF(D40>2, (K40-F40-N40-0.11),IF(($K40+N40)<=2,0,IF(($K40+N40)>3,0.85,(K40+N40+0.2-BH40)))) -> 0 | BJ40: =IF($Z40="--",0,IF(D40>2,ROUND(((1.42+0.4)+(0.91+0.4))*2*BI40,2),ROUND(AV40*AX40*BH40,2))) -> 3.64 | BK40: =ROUND(((PI()*0.9^2)/4)*BI40,2) -> 0 | BL40: =ROUND(BF40-BG40-BJ40-BK40-BC40-BD40,2) -> 41.06 | BN40: A19-8 => A19-9 | BO40: A19-8 | BP40: 0.6 | BQ40: 26 | BR40: 1.647 | BS40: 1.481 | BT40: 0.2
A41: =BN41 -> A19-9 => A19-10 | D41: =BP41 -> 0.6 | G41: PA-1 | H41: =BQ41 -> 39 | I41: 1 | J41: =H41 -> 39 | K41: =BR41 -> 1.681 | L41: =BS41 -> 1.389 | M41: =ROUND((K41+L41)/2,2) -> 1.54 | N41: =IF(F41=0,ROUND($D41*10%,2),IF(D41>2.8,0.18,0.15)) -> 0.06 | O41: =IF(F41=0,IF( ROUND($D41/4,2), IF(ROUND(($D41*1.2)/6,2)<0.1,0.1,ROUND(($D41*1.2)/6,2))),0.5) -> 0.12 | P41: =M41+N41+O41 -> 1.72 | Q41: =IF(P41<2,(D41+N41*2)+0.6,(D41+N41*2)+0.6+ROUNDUP(P41-2,0)*0.1)*I41 -> 1.32 | R41: =IF($P41<=$X$4,ROUND(IF($P41<1.5,$P41*$H41*$Q41,1.5*$H41*$Q41),2),0) -> 0 | S41: =IF($P41>$X$4,ROUND(IF($P41<1.5,$P41*$H41*$Q41,1.5*$H41*$Q41),2),0) -> 77.22 | T41: =IF($P41>$X$4,ROUND(IF($P41<1.5,0,IF($P41>3,1.5*$H41*$Q41,($P41-1.5)*$H41*$Q41)),2),0) -> 11.33 | U41: =IF($P41>$X$4,ROUND(IF($P41<3,0,IF($P41>4.5,1.5*$H41*$Q41,($P41-3)*$H41*$Q41)),2),0) -> 0 | V41: =IF($P41>$X$4,ROUND(IF($P41<4.5,0,IF($P41>6,($P41-4.5)*$H41*$Q41,($P41-4.5)*$H41*$Q41)),2),0) -> 0 | W41: =IF($P41>$X$4, IF( $P41<=4, ROUND($H41*($P41+0.5)*2,2), 0),0) -> 173.16 | X41: =IF($P41>$X$4, IF( $P41>4, ROUND($H41*($P41+0.5)*2,2), 0),0) -> 0 | Y41: =BO41 -> A19-9 | Z41: =IF($D41=0.3,IF($I41=1,1.2,IF(I41=2,1.5,"--")),IF($D41=0.4,IF($I41=1,1.2,IF(I41=2,1.5,"--")),IF($D41=0.45,IF($I41=1,1.2,IF(I41=2,1.5,"--")),IF($D41=0.5,IF($I41=1,1.2,IF(I41=2,1.5,"--")),IF($D41=0.6,IF($I41=1,1.2,IF(I41=2,2,"--")),IF($D41=0.75,IF($I41=1,1.3,IF(I41=2,2,"--")),IF($D41=0.8,1.3,IF($D41=1,1.5,IF($D41=1.2,1.7,IF($D41<=2,2,"--")))))))))) -> 1.2 | AA41: x | AB41: =Z41 -> 1.2 | AC41: =IF($Z41="--","--",K41) -> 1.681 | AD41: =IF($Z41="--","--",IF(D41>1.5,0.15,ROUND($D41*10%,2))) -> 0.06 | AE41: =IF($Z41="--","--",0.15) -> 0.15 | AF41: =IF($Z41="--","--",ROUND(AC41+AD41+AE41,2)) -> 1.89 | AG41: =IF($Z41="--","--",IF($AC41<=2,$Z41+1,($Z41+1)+ROUNDUP($AC41-2,0)*0.1)) -> 2.2 | AH41: =IF($D41=0.3,1.04,IF($D41=0.4,0.92,IF($D41=0.45,0.86,IF($D41=0.5,0.8,IF($D41=0.75,0.8,IF($D41=0.6,0.68,IF($D41=0.8,0.74,IF($D41=1,0.7,IF($D41=1.2,0.66,IF($D41=1.5,0.6,IF($D41<=2,(2.4-(D41+0.3)),"--"))))))))))) -> 0.68 | AI41: =IF($Z41="--","--",IF($AF41<=$X$4,ROUND(IF($AF41<1.5,$AF41*$AG41*$AH41,1.5*$AG41*$AH41),2),0)) -> 0 | AJ41: =IF($Z41="--","--",IF($AF41>$X$4,ROUND(IF($AF41<1.5,$AF41*$AG41*$AH41,1.5*$AG41*$AH41),2),0)) -> 2.24 | AK41: =IF($Z41="--","--",IF($AF41>$X$4,ROUND(IF($AF41<1.5,0,IF($AF41>3,1.5*$AG41*$AH41,($AF41-1.5)*$AG41*$AH41)),2),0)) -> 0.58 | AL41: =IF($Z41="--","--",IF($AF41>$X$4,ROUND(IF($AF41<3,0,IF($AF41>4.5,1.5*$AG41*$AH41,($AF41-3)*$AG41*$AH41)),2),0)) -> 0 | AM41: =IF($Z41="--","--",IF($AF41>$X$4,ROUND(IF($AF41<4.5,0,IF($AF41>6,($AF41-4.5)*$AG41*$AH41,($AF41-4.5)*$AG41*$AH41)),2),0)) -> 0 | AN41: =IF($Z41="--","--",IF($AF41>$X$4, IF( $AF41<=4, ROUND(($AH41*4)*($AF41+0.5)*2,2), 0),0)) -> 13 | AO41: =IF($Z41="--","--",IF($AF41>$X$4, IF( $AF41>4, ROUND(($AH41*4)*($AF41+0.5)*2,2), 0),0)) -> 0 | AP41: =A41 -> A19-9 => A19-10 | AQ41: =C41 -> 0 | AR41: =D41 -> 0.6 | AU41: =H41 -> 39 | AV41: =IF($Z41="--","--",Z41+0.2) -> 1.4 | AW41: x | AX41: =AV41 -> 1.4 | AY41: =IF(D41>2,AU41,AU41-AV41) -> 37.6 | AZ41: =O41 -> 0.12 | BB41: =Q41 -> 1.32 | BC41: =IF(F41=0,IF(ROUND( AY41 * ( ( (O41*Q41) + ( ((D41+N41*2)/6)*Q41 ) ) - ROUND( ((D41+N41*2)^2) * ( ( PI()*96.379 / (4*360) ) - ( (SIN((96.379/2)*PI()/180)) * (COS((96.379/2)*PI()/180)) / 4 ) ), 4) ),2), ROUND( AY41 * ( ( (O41*Q41) + ( ((D41+N41*2)/4)*Q41 ) ) - ROUND( ((D41+N41*2)^2) * ( ( PI()*120 / (4*360) ) - ( (SIN((120/2)*PI()/180)) * (COS((120/2)*PI()/180)) / 4 ) ), 4) ),2)),0) -> 11.9 | BD41: =IF(F41>0,ROUND(AY41*O41*Q41,2),0) -> 0 | BF41: =SUM(R41:V41,AI41:AM41) -> 91.37 | BG41: =IF(F41=0, ROUND( ( PI()*( (D41+N41*2)^2 ) / 4 ) * AY41,2), ROUND( (D41+N41*2)*(F41+N41*2) * AY41,2))*I41 -> 15.31 | BH41: =IF(($K41+N41-0.15)<=2,($K41+N41+0.15),IF(($K41+N41)<=3,2.35,($K41+N41+0.2)-0.85)) -> 1.891 | BI41: =IF(D41>2, (K41-F41-N41-0.11),IF(($K41+N41)<=2,0,IF(($K41+N41)>3,0.85,(K41+N41+0.2-BH41)))) -> 0 | BJ41: =IF($Z41="--",0,IF(D41>2,ROUND(((1.42+0.4)+(0.91+0.4))*2*BI41,2),ROUND(AV41*AX41*BH41,2))) -> 3.71 | BK41: =ROUND(((PI()*0.9^2)/4)*BI41,2) -> 0 | BL41: =ROUND(BF41-BG41-BJ41-BK41-BC41-BD41,2) -> 60.45 | BN41: A19-9 => A19-10 | BO41: A19-9 | BP41: 0.6 | BQ41: 39 | BR41: 1.681 | BS41: 1.389 | BT41: 0.1
A42: =BN42 -> A19-10 => A19-11 | D42: =BP42 -> 0.6 | G42: PA-1 | H42: =BQ42 -> 35 | I42: 1 | J42: =H42 -> 35 | K42: =BR42 -> 1.489 | L42: =BS42 -> 1.347 | M42: =ROUND((K42+L42)/2,2) -> 1.42 | N42: =IF(F42=0,ROUND($D42*10%,2),IF(D42>2.8,0.18,0.15)) -> 0.06 | O42: =IF(F42=0,IF( ROUND($D42/4,2), IF(ROUND(($D42*1.2)/6,2)<0.1,0.1,ROUND(($D42*1.2)/6,2))),0.5) -> 0.12 | P42: =M42+N42+O42 -> 1.6 | Q42: =IF(P42<2,(D42+N42*2)+0.6,(D42+N42*2)+0.6+ROUNDUP(P42-2,0)*0.1)*I42 -> 1.32 | R42: =IF($P42<=$X$4,ROUND(IF($P42<1.5,$P42*$H42*$Q42,1.5*$H42*$Q42),2),0) -> 0 | S42: =IF($P42>$X$4,ROUND(IF($P42<1.5,$P42*$H42*$Q42,1.5*$H42*$Q42),2),0) -> 69.3 | T42: =IF($P42>$X$4,ROUND(IF($P42<1.5,0,IF($P42>3,1.5*$H42*$Q42,($P42-1.5)*$H42*$Q42)),2),0) -> 4.62 | U42: =IF($P42>$X$4,ROUND(IF($P42<3,0,IF($P42>4.5,1.5*$H42*$Q42,($P42-3)*$H42*$Q42)),2),0) -> 0 | V42: =IF($P42>$X$4,ROUND(IF($P42<4.5,0,IF($P42>6,($P42-4.5)*$H42*$Q42,($P42-4.5)*$H42*$Q42)),2),0) -> 0 | W42: =IF($P42>$X$4, IF( $P42<=4, ROUND($H42*($P42+0.5)*2,2), 0),0) -> 147 | X42: =IF($P42>$X$4, IF( $P42>4, ROUND($H42*($P42+0.5)*2,2), 0),0) -> 0 | Y42: =BO42 -> A19-10 | Z42: =IF($D42=0.3,IF($I42=1,1.2,IF(I42=2,1.5,"--")),IF($D42=0.4,IF($I42=1,1.2,IF(I42=2,1.5,"--")),IF($D42=0.45,IF($I42=1,1.2,IF(I42=2,1.5,"--")),IF($D42=0.5,IF($I42=1,1.2,IF(I42=2,1.5,"--")),IF($D42=0.6,IF($I42=1,1.2,IF(I42=2,2,"--")),IF($D42=0.75,IF($I42=1,1.3,IF(I42=2,2,"--")),IF($D42=0.8,1.3,IF($D42=1,1.5,IF($D42=1.2,1.7,IF($D42<=2,2,"--")))))))))) -> 1.2 | AA42: x | AB42: =Z42 -> 1.2 | AC42: =IF($Z42="--","--",K42) -> 1.489 | AD42: =IF($Z42="--","--",IF(D42>1.5,0.15,ROUND($D42*10%,2))) -> 0.06 | AE42: =IF($Z42="--","--",0.15) -> 0.15 | AF42: =IF($Z42="--","--",ROUND(AC42+AD42+AE42,2)) -> 1.7 | AG42: =IF($Z42="--","--",IF($AC42<=2,$Z42+1,($Z42+1)+ROUNDUP($AC42-2,0)*0.1)) -> 2.2 | AH42: =IF($D42=0.3,1.04,IF($D42=0.4,0.92,IF($D42=0.45,0.86,IF($D42=0.5,0.8,IF($D42=0.75,0.8,IF($D42=0.6,0.68,IF($D42=0.8,0.74,IF($D42=1,0.7,IF($D42=1.2,0.66,IF($D42=1.5,0.6,IF($D42<=2,(2.4-(D42+0.3)),"--"))))))))))) -> 0.68 | AI42: =IF($Z42="--","--",IF($AF42<=$X$4,ROUND(IF($AF42<1.5,$AF42*$AG42*$AH42,1.5*$AG42*$AH42),2),0)) -> 0 | AJ42: =IF($Z42="--","--",IF($AF42>$X$4,ROUND(IF($AF42<1.5,$AF42*$AG42*$AH42,1.5*$AG42*$AH42),2),0)) -> 2.24 | AK42: =IF($Z42="--","--",IF($AF42>$X$4,ROUND(IF($AF42<1.5,0,IF($AF42>3,1.5*$AG42*$AH42,($AF42-1.5)*$AG42*$AH42)),2),0)) -> 0.3 | AL42: =IF($Z42="--","--",IF($AF42>$X$4,ROUND(IF($AF42<3,0,IF($AF42>4.5,1.5*$AG42*$AH42,($AF42-3)*$AG42*$AH42)),2),0)) -> 0 | AM42: =IF($Z42="--","--",IF($AF42>$X$4,ROUND(IF($AF42<4.5,0,IF($AF42>6,($AF42-4.5)*$AG42*$AH42,($AF42-4.5)*$AG42*$AH42)),2),0)) -> 0 | AN42: =IF($Z42="--","--",IF($AF42>$X$4, IF( $AF42<=4, ROUND(($AH42*4)*($AF42+0.5)*2,2), 0),0)) -> 11.97 | AO42: =IF($Z42="--","--",IF($AF42>$X$4, IF( $AF42>4, ROUND(($AH42*4)*($AF42+0.5)*2,2), 0),0)) -> 0 | AP42: =A42 -> A19-10 => A19-11 | AQ42: =C42 -> 0 | AR42: =D42 -> 0.6 | AU42: =H42 -> 35 | AV42: =IF($Z42="--","--",Z42+0.2) -> 1.4 | AW42: x | AX42: =AV42 -> 1.4 | AY42: =IF(D42>2,AU42,AU42-AV42) -> 33.6 | AZ42: =O42 -> 0.12 | BB42: =Q42 -> 1.32 | BC42: =IF(F42=0,IF(ROUND( AY42 * ( ( (O42*Q42) + ( ((D42+N42*2)/6)*Q42 ) ) - ROUND( ((D42+N42*2)^2) * ( ( PI()*96.379 / (4*360) ) - ( (SIN((96.379/2)*PI()/180)) * (COS((96.379/2)*PI()/180)) / 4 ) ), 4) ),2), ROUND( AY42 * ( ( (O42*Q42) + ( ((D42+N42*2)/4)*Q42 ) ) - ROUND( ((D42+N42*2)^2) * ( ( PI()*120 / (4*360) ) - ( (SIN((120/2)*PI()/180)) * (COS((120/2)*PI()/180)) / 4 ) ), 4) ),2)),0) -> 10.63 | BD42: =IF(F42>0,ROUND(AY42*O42*Q42,2),0) -> 0 | BF42: =SUM(R42:V42,AI42:AM42) -> 76.46 | BG42: =IF(F42=0, ROUND( ( PI()*( (D42+N42*2)^2 ) / 4 ) * AY42,2), ROUND( (D42+N42*2)*(F42+N42*2) * AY42,2))*I42 -> 13.68 | BH42: =IF(($K42+N42-0.15)<=2,($K42+N42+0.15),IF(($K42+N42)<=3,2.35,($K42+N42+0.2)-0.85)) -> 1.699 | BI42: =IF(D42>2, (K42-F42-N42-0.11),IF(($K42+N42)<=2,0,IF(($K42+N42)>3,0.85,(K42+N42+0.2-BH42)))) -> 0 | BJ42: =IF($Z42="--",0,IF(D42>2,ROUND(((1.42+0.4)+(0.91+0.4))*2*BI42,2),ROUND(AV42*AX42*BH42,2))) -> 3.33 | BK42: =ROUND(((PI()*0.9^2)/4)*BI42,2) -> 0 | BL42: =ROUND(BF42-BG42-BJ42-BK42-BC42-BD42,2) -> 48.82 | BN42: A19-10 => A19-11 | BO42: A19-10 | BP42: 0.6 | BQ42: 35 | BR42: 1.489 | BS42: 1.347 | BT42: 0
A43: =BN43 -> A19-11 => A19 | D43: =BP43 -> 0.6 | G43: PA-1 | H43: =BQ43 -> 15 | I43: 1 | J43: =H43 -> 15 | K43: =BR43 -> 1.347 | L43: =BS43 -> 1.558 | M43: =ROUND((K43+L43)/2,2) -> 1.45 | N43: =IF(F43=0,ROUND($D43*10%,2),IF(D43>2.8,0.18,0.15)) -> 0.06 | O43: =IF(F43=0,IF( ROUND($D43/4,2), IF(ROUND(($D43*1.2)/6,2)<0.1,0.1,ROUND(($D43*1.2)/6,2))),0.5) -> 0.12 | P43: =M43+N43+O43 -> 1.63 | Q43: =IF(P43<2,(D43+N43*2)+0.6,(D43+N43*2)+0.6+ROUNDUP(P43-2,0)*0.1)*I43 -> 1.32 | R43: =IF($P43<=$X$4,ROUND(IF($P43<1.5,$P43*$H43*$Q43,1.5*$H43*$Q43),2),0) -> 0 | S43: =IF($P43>$X$4,ROUND(IF($P43<1.5,$P43*$H43*$Q43,1.5*$H43*$Q43),2),0) -> 29.7 | T43: =IF($P43>$X$4,ROUND(IF($P43<1.5,0,IF($P43>3,1.5*$H43*$Q43,($P43-1.5)*$H43*$Q43)),2),0) -> 2.57 | U43: =IF($P43>$X$4,ROUND(IF($P43<3,0,IF($P43>4.5,1.5*$H43*$Q43,($P43-3)*$H43*$Q43)),2),0) -> 0 | V43: =IF($P43>$X$4,ROUND(IF($P43<4.5,0,IF($P43>6,($P43-4.5)*$H43*$Q43,($P43-4.5)*$H43*$Q43)),2),0) -> 0 | W43: =IF($P43>$X$4, IF( $P43<=4, ROUND($H43*($P43+0.5)*2,2), 0),0) -> 63.9 | X43: =IF($P43>$X$4, IF( $P43>4, ROUND($H43*($P43+0.5)*2,2), 0),0) -> 0 | Y43: =BO43 -> A19-11 | Z43: =IF($D43=0.3,IF($I43=1,1.2,IF(I43=2,1.5,"--")),IF($D43=0.4,IF($I43=1,1.2,IF(I43=2,1.5,"--")),IF($D43=0.45,IF($I43=1,1.2,IF(I43=2,1.5,"--")),IF($D43=0.5,IF($I43=1,1.2,IF(I43=2,1.5,"--")),IF($D43=0.6,IF($I43=1,1.2,IF(I43=2,2,"--")),IF($D43=0.75,IF($I43=1,1.3,IF(I43=2,2,"--")),IF($D43=0.8,1.3,IF($D43=1,1.5,IF($D43=1.2,1.7,IF($D43<=2,2,"--")))))))))) -> 1.2 | AA43: x | AB43: =Z43 -> 1.2 | AC43: =IF($Z43="--","--",K43) -> 1.347 | AD43: =IF($Z43="--","--",IF(D43>1.5,0.15,ROUND($D43*10%,2))) -> 0.06 | AE43: =IF($Z43="--","--",0.15) -> 0.15 | AF43: =IF($Z43="--","--",ROUND(AC43+AD43+AE43,2)) -> 1.56 | AG43: =IF($Z43="--","--",IF($AC43<=2,$Z43+1,($Z43+1)+ROUNDUP($AC43-2,0)*0.1)) -> 2.2 | AH43: =IF($D43=0.3,1.04,IF($D43=0.4,0.92,IF($D43=0.45,0.86,IF($D43=0.5,0.8,IF($D43=0.75,0.8,IF($D43=0.6,0.68,IF($D43=0.8,0.74,IF($D43=1,0.7,IF($D43=1.2,0.66,IF($D43=1.5,0.6,IF($D43<=2,(2.4-(D43+0.3)),"--"))))))))))) -> 0.68 | AI43: =IF($Z43="--","--",IF($AF43<=$X$4,ROUND(IF($AF43<1.5,$AF43*$AG43*$AH43,1.5*$AG43*$AH43),2),0)) -> 0 | AJ43: =IF($Z43="--","--",IF($AF43>$X$4,ROUND(IF($AF43<1.5,$AF43*$AG43*$AH43,1.5*$AG43*$AH43),2),0)) -> 2.24 | AK43: =IF($Z43="--","--",IF($AF43>$X$4,ROUND(IF($AF43<1.5,0,IF($AF43>3,1.5*$AG43*$AH43,($AF43-1.5)*$AG43*$AH43)),2),0)) -> 0.09 | AL43: =IF($Z43="--","--",IF($AF43>$X$4,ROUND(IF($AF43<3,0,IF($AF43>4.5,1.5*$AG43*$AH43,($AF43-3)*$AG43*$AH43)),2),0)) -> 0 | AM43: =IF($Z43="--","--",IF($AF43>$X$4,ROUND(IF($AF43<4.5,0,IF($AF43>6,($AF43-4.5)*$AG43*$AH43,($AF43-4.5)*$AG43*$AH43)),2),0)) -> 0 | AN43: =IF($Z43="--","--",IF($AF43>$X$4, IF( $AF43<=4, ROUND(($AH43*4)*($AF43+0.5)*2,2), 0),0)) -> 11.21 | AO43: =IF($Z43="--","--",IF($AF43>$X$4, IF( $AF43>4, ROUND(($AH43*4)*($AF43+0.5)*2,2), 0),0)) -> 0 | AP43: =A43 -> A19-11 => A19 | AQ43: =C43 -> 0 | AR43: =D43 -> 0.6 | AU43: =H43 -> 15 | AV43: =IF($Z43="--","--",Z43+0.2) -> 1.4 | AW43: x | AX43: =AV43 -> 1.4 | AY43: =IF(D43>2,AU43,AU43-AV43) -> 13.6 | AZ43: =O43 -> 0.12 | BB43: =Q43 -> 1.32 | BC43: =IF(F43=0,IF(ROUND( AY43 * ( ( (O43*Q43) + ( ((D43+N43*2)/6)*Q43 ) ) - ROUND( ((D43+N43*2)^2) * ( ( PI()*96.379 / (4*360) ) - ( (SIN((96.379/2)*PI()/180)) * (COS((96.379/2)*PI()/180)) / 4 ) ), 4) ),2), ROUND( AY43 * ( ( (O43*Q43) + ( ((D43+N43*2)/4)*Q43 ) ) - ROUND( ((D43+N43*2)^2) * ( ( PI()*120 / (4*360) ) - ( (SIN((120/2)*PI()/180)) * (COS((120/2)*PI()/180)) / 4 ) ), 4) ),2)),0) -> 4.3 | BD43: =IF(F43>0,ROUND(AY43*O43*Q43,2),0) -> 0 | BF43: =SUM(R43:V43,AI43:AM43) -> 34.6 | BG43: =IF(F43=0, ROUND( ( PI()*( (D43+N43*2)^2 ) / 4 ) * AY43,2), ROUND( (D43+N43*2)*(F43+N43*2) * AY43,2))*I43 -> 5.54 | BH43: =IF(($K43+N43-0.15)<=2,($K43+N43+0.15),IF(($K43+N43)<=3,2.35,($K43+N43+0.2)-0.85)) -> 1.557 | BI43: =IF(D43>2, (K43-F43-N43-0.11),IF(($K43+N43)<=2,0,IF(($K43+N43)>3,0.85,(K43+N43+0.2-BH43)))) -> 0 | BJ43: =IF($Z43="--",0,IF(D43>2,ROUND(((1.42+0.4)+(0.91+0.4))*2*BI43,2),ROUND(AV43*AX43*BH43,2))) -> 3.05 | BK43: =ROUND(((PI()*0.9^2)/4)*BI43,2) -> 0 | BL43: =ROUND(BF43-BG43-BJ43-BK43-BC43-BD43,2) -> 21.71 | BN43: A19-11 => A19 | BO43: A19-11 | BP43: 0.6 | BQ43: 15 | BR43: 1.347 | BS43: 1.558 | BT43: 0.602
A44: RUA ITAJAÍ | Y44: =A44 -> RUA ITAJAÍ | AP44: =A44 -> RUA ITAJAÍ
A45: =BN45 -> A22-7-1 => A22-7-2 | D45: =BP45 -> 0.4 | G45: PA-1 | H45: =BQ45 -> 40 | I45: 1 | J45: =H45 -> 40 | K45: =BR45 -> 1.2 | L45: =BS45 -> 1.22 | M45: =ROUND((K45+L45)/2,2) -> 1.21 | N45: =IF(F45=0,ROUND($D45*10%,2),IF(D45>2.8,0.18,0.15)) -> 0.04 | O45: =IF(F45=0,IF( ROUND($D45/4,2), IF(ROUND(($D45*1.2)/6,2)<0.1,0.1,ROUND(($D45*1.2)/6,2))),0.5) -> 0.1 | P45: =M45+N45+O45 -> 1.35 | Q45: =IF(P45<2,(D45+N45*2)+0.6,(D45+N45*2)+0.6+ROUNDUP(P45-2,0)*0.1)*I45 -> 1.08 | R45: =IF($P45<=$X$4,ROUND(IF($P45<1.5,$P45*$H45*$Q45,1.5*$H45*$Q45),2),0) -> 58.32 | S45: =IF($P45>$X$4,ROUND(IF($P45<1.5,$P45*$H45*$Q45,1.5*$H45*$Q45),2),0) -> 0 | T45: =IF($P45>$X$4,ROUND(IF($P45<1.5,0,IF($P45>3,1.5*$H45*$Q45,($P45-1.5)*$H45*$Q45)),2),0) -> 0 | U45: =IF($P45>$X$4,ROUND(IF($P45<3,0,IF($P45>4.5,1.5*$H45*$Q45,($P45-3)*$H45*$Q45)),2),0) -> 0 | V45: =IF($P45>$X$4,ROUND(IF($P45<4.5,0,IF($P45>6,($P45-4.5)*$H45*$Q45,($P45-4.5)*$H45*$Q45)),2),0) -> 0 | W45: =IF($P45>$X$4, IF( $P45<=4, ROUND($H45*($P45+0.5)*2,2), 0),0) -> 0 | X45: =IF($P45>$X$4, IF( $P45>4, ROUND($H45*($P45+0.5)*2,2), 0),0) -> 0 | Y45: =BO45 -> A22-7-1 | Z45: =IF($D45=0.3,IF($I45=1,1.2,IF(I45=2,1.5,"--")),IF($D45=0.4,IF($I45=1,1.2,IF(I45=2,1.5,"--")),IF($D45=0.45,IF($I45=1,1.2,IF(I45=2,1.5,"--")),IF($D45=0.5,IF($I45=1,1.2,IF(I45=2,1.5,"--")),IF($D45=0.6,IF($I45=1,1.2,IF(I45=2,2,"--")),IF($D45=0.75,IF($I45=1,1.3,IF(I45=2,2,"--")),IF($D45=0.8,1.3,IF($D45=1,1.5,IF($D45=1.2,1.7,IF($D45<=2,2,"--")))))))))) -> 1.2 | AA45: x | AB45: =Z45 -> 1.2 | AC45: =IF($Z45="--","--",K45) -> 1.2 | AD45: =IF($Z45="--","--",IF(D45>1.5,0.15,ROUND($D45*10%,2))) -> 0.04 | AE45: =IF($Z45="--","--",0.15) -> 0.15 | AF45: =IF($Z45="--","--",ROUND(AC45+AD45+AE45,2)) -> 1.39 | AG45: =IF($Z45="--","--",IF($AC45<=2,$Z45+1,($Z45+1)+ROUNDUP($AC45-2,0)*0.1)) -> 2.2 | AH45: =IF($D45=0.3,1.04,IF($D45=0.4,0.92,IF($D45=0.45,0.86,IF($D45=0.5,0.8,IF($D45=0.75,0.8,IF($D45=0.6,0.68,IF($D45=0.8,0.74,IF($D45=1,0.7,IF($D45=1.2,0.66,IF($D45=1.5,0.6,IF($D45<=2,(2.4-(D45+0.3)),"--"))))))))))) -> 0.92 | AI45: =IF($Z45="--","--",IF($AF45<=$X$4,ROUND(IF($AF45<1.5,$AF45*$AG45*$AH45,1.5*$AG45*$AH45),2),0)) -> 2.81 | AJ45: =IF($Z45="--","--",IF($AF45>$X$4,ROUND(IF($AF45<1.5,$AF45*$AG45*$AH45,1.5*$AG45*$AH45),2),0)) -> 0 | AK45: =IF($Z45="--","--",IF($AF45>$X$4,ROUND(IF($AF45<1.5,0,IF($AF45>3,1.5*$AG45*$AH45,($AF45-1.5)*$AG45*$AH45)),2),0)) -> 0 | AL45: =IF($Z45="--","--",IF($AF45>$X$4,ROUND(IF($AF45<3,0,IF($AF45>4.5,1.5*$AG45*$AH45,($AF45-3)*$AG45*$AH45)),2),0)) -> 0 | AM45: =IF($Z45="--","--",IF($AF45>$X$4,ROUND(IF($AF45<4.5,0,IF($AF45>6,($AF45-4.5)*$AG45*$AH45,($AF45-4.5)*$AG45*$AH45)),2),0)) -> 0 | AN45: =IF($Z45="--","--",IF($AF45>$X$4, IF( $AF45<=4, ROUND(($AH45*4)*($AF45+0.5)*2,2), 0),0)) -> 0 | AO45: =IF($Z45="--","--",IF($AF45>$X$4, IF( $AF45>4, ROUND(($AH45*4)*($AF45+0.5)*2,2), 0),0)) -> 0 | AP45: =A45 -> A22-7-1 => A22-7-2 | AQ45: =C45 -> 0 | AR45: =D45 -> 0.4 | AU45: =H45 -> 40 | AV45: =IF($Z45="--","--",Z45+0.2) -> 1.4 | AW45: x | AX45: =AV45 -> 1.4 | AY45: =IF(D45>2,AU45,AU45-AV45) -> 38.6 | AZ45: =O45 -> 0.1 | BB45: =Q45 -> 1.08 | BC45: =IF(F45=0,IF(ROUND( AY45 * ( ( (O45*Q45) + ( ((D45+N45*2)/6)*Q45 ) ) - ROUND( ((D45+N45*2)^2) * ( ( PI()*96.379 / (4*360) ) - ( (SIN((96.379/2)*PI()/180)) * (COS((96.379/2)*PI()/180)) / 4 ) ), 4) ),2), ROUND( AY45 * ( ( (O45*Q45) + ( ((D45+N45*2)/4)*Q45 ) ) - ROUND( ((D45+N45*2)^2) * ( ( PI()*120 / (4*360) ) - ( (SIN((120/2)*PI()/180)) * (COS((120/2)*PI()/180)) / 4 ) ), 4) ),2)),0) -> 7.8 | BD45: =IF(F45>0,ROUND(AY45*O45*Q45,2),0) -> 0 | BF45: =SUM(R45:V45,AI45:AM45) -> 61.13 | BG45: =IF(F45=0, ROUND( ( PI()*( (D45+N45*2)^2 ) / 4 ) * AY45,2), ROUND( (D45+N45*2)*(F45+N45*2) * AY45,2))*I45 -> 6.98 | BH45: =IF(($K45+N45-0.15)<=2,($K45+N45+0.15),IF(($K45+N45)<=3,2.35,($K45+N45+0.2)-0.85)) -> 1.39 | BI45: =IF(D45>2, (K45-F45-N45-0.11),IF(($K45+N45)<=2,0,IF(($K45+N45)>3,0.85,(K45+N45+0.2-BH45)))) -> 0 | BJ45: =IF($Z45="--",0,IF(D45>2,ROUND(((1.42+0.4)+(0.91+0.4))*2*BI45,2),ROUND(AV45*AX45*BH45,2))) -> 2.72 | BK45: =ROUND(((PI()*0.9^2)/4)*BI45,2) -> 0 | BL45: =ROUND(BF45-BG45-BJ45-BK45-BC45-BD45,2) -> 43.63 | BN45: A22-7-1 => A22-7-2 | BO45: A22-7-1 | BP45: 0.4 | BQ45: 40 | BR45: 1.2 | BS45: 1.22 | BT45: 0
A46: =BN46 -> A22-7-2 => A22-7-3 | D46: =BP46 -> 0.4 | G46: PA-1 | H46: =BQ46 -> 40 | I46: 1 | J46: =H46 -> 40 | K46: =BR46 -> 1.22 | L46: =BS46 -> 1.312 | M46: =ROUND((K46+L46)/2,2) -> 1.27 | N46: =IF(F46=0,ROUND($D46*10%,2),IF(D46>2.8,0.18,0.15)) -> 0.04 | O46: =IF(F46=0,IF( ROUND($D46/4,2), IF(ROUND(($D46*1.2)/6,2)<0.1,0.1,ROUND(($D46*1.2)/6,2))),0.5) -> 0.1 | P46: =M46+N46+O46 -> 1.41 | Q46: =IF(P46<2,(D46+N46*2)+0.6,(D46+N46*2)+0.6+ROUNDUP(P46-2,0)*0.1)*I46 -> 1.08 | R46: =IF($P46<=$X$4,ROUND(IF($P46<1.5,$P46*$H46*$Q46,1.5*$H46*$Q46),2),0) -> 60.91 | S46: =IF($P46>$X$4,ROUND(IF($P46<1.5,$P46*$H46*$Q46,1.5*$H46*$Q46),2),0) -> 0 | T46: =IF($P46>$X$4,ROUND(IF($P46<1.5,0,IF($P46>3,1.5*$H46*$Q46,($P46-1.5)*$H46*$Q46)),2),0) -> 0 | U46: =IF($P46>$X$4,ROUND(IF($P46<3,0,IF($P46>4.5,1.5*$H46*$Q46,($P46-3)*$H46*$Q46)),2),0) -> 0 | V46: =IF($P46>$X$4,ROUND(IF($P46<4.5,0,IF($P46>6,($P46-4.5)*$H46*$Q46,($P46-4.5)*$H46*$Q46)),2),0) -> 0 | W46: =IF($P46>$X$4, IF( $P46<=4, ROUND($H46*($P46+0.5)*2,2), 0),0) -> 0 | X46: =IF($P46>$X$4, IF( $P46>4, ROUND($H46*($P46+0.5)*2,2), 0),0) -> 0 | Y46: =BO46 -> A22-7-2 | Z46: =IF($D46=0.3,IF($I46=1,1.2,IF(I46=2,1.5,"--")),IF($D46=0.4,IF($I46=1,1.2,IF(I46=2,1.5,"--")),IF($D46=0.45,IF($I46=1,1.2,IF(I46=2,1.5,"--")),IF($D46=0.5,IF($I46=1,1.2,IF(I46=2,1.5,"--")),IF($D46=0.6,IF($I46=1,1.2,IF(I46=2,2,"--")),IF($D46=0.75,IF($I46=1,1.3,IF(I46=2,2,"--")),IF($D46=0.8,1.3,IF($D46=1,1.5,IF($D46=1.2,1.7,IF($D46<=2,2,"--")))))))))) -> 1.2 | AA46: x | AB46: =Z46 -> 1.2 | AC46: =IF($Z46="--","--",K46) -> 1.22 | AD46: =IF($Z46="--","--",IF(D46>1.5,0.15,ROUND($D46*10%,2))) -> 0.04 | AE46: =IF($Z46="--","--",0.15) -> 0.15 | AF46: =IF($Z46="--","--",ROUND(AC46+AD46+AE46,2)) -> 1.41 | AG46: =IF($Z46="--","--",IF($AC46<=2,$Z46+1,($Z46+1)+ROUNDUP($AC46-2,0)*0.1)) -> 2.2 | AH46: =IF($D46=0.3,1.04,IF($D46=0.4,0.92,IF($D46=0.45,0.86,IF($D46=0.5,0.8,IF($D46=0.75,0.8,IF($D46=0.6,0.68,IF($D46=0.8,0.74,IF($D46=1,0.7,IF($D46=1.2,0.66,IF($D46=1.5,0.6,IF($D46<=2,(2.4-(D46+0.3)),"--"))))))))))) -> 0.92 | AI46: =IF($Z46="--","--",IF($AF46<=$X$4,ROUND(IF($AF46<1.5,$AF46*$AG46*$AH46,1.5*$AG46*$AH46),2),0)) -> 2.85 | AJ46: =IF($Z46="--","--",IF($AF46>$X$4,ROUND(IF($AF46<1.5,$AF46*$AG46*$AH46,1.5*$AG46*$AH46),2),0)) -> 0 | AK46: =IF($Z46="--","--",IF($AF46>$X$4,ROUND(IF($AF46<1.5,0,IF($AF46>3,1.5*$AG46*$AH46,($AF46-1.5)*$AG46*$AH46)),2),0)) -> 0 | AL46: =IF($Z46="--","--",IF($AF46>$X$4,ROUND(IF($AF46<3,0,IF($AF46>4.5,1.5*$AG46*$AH46,($AF46-3)*$AG46*$AH46)),2),0)) -> 0 | AM46: =IF($Z46="--","--",IF($AF46>$X$4,ROUND(IF($AF46<4.5,0,IF($AF46>6,($AF46-4.5)*$AG46*$AH46,($AF46-4.5)*$AG46*$AH46)),2),0)) -> 0 | AN46: =IF($Z46="--","--",IF($AF46>$X$4, IF( $AF46<=4, ROUND(($AH46*4)*($AF46+0.5)*2,2), 0),0)) -> 0 | AO46: =IF($Z46="--","--",IF($AF46>$X$4, IF( $AF46>4, ROUND(($AH46*4)*($AF46+0.5)*2,2), 0),0)) -> 0 | AP46: =A46 -> A22-7-2 => A22-7-3 | AQ46: =C46 -> 0 | AR46: =D46 -> 0.4 | AU46: =H46 -> 40 | AV46: =IF($Z46="--","--",Z46+0.2) -> 1.4 | AW46: x | AX46: =AV46 -> 1.4 | AY46: =IF(D46>2,AU46,AU46-AV46) -> 38.6 | AZ46: =O46 -> 0.1 | BB46: =Q46 -> 1.08 | BC46: =IF(F46=0,IF(ROUND( AY46 * ( ( (O46*Q46) + ( ((D46+N46*2)/6)*Q46 ) ) - ROUND( ((D46+N46*2)^2) * ( ( PI()*96.379 / (4*360) ) - ( (SIN((96.379/2)*PI()/180)) * (COS((96.379/2)*PI()/180)) / 4 ) ), 4) ),2), ROUND( AY46 * ( ( (O46*Q46) + ( ((D46+N46*2)/4)*Q46 ) ) - ROUND( ((D46+N46*2)^2) * ( ( PI()*120 / (4*360) ) - ( (SIN((120/2)*PI()/180)) * (COS((120/2)*PI()/180)) / 4 ) ), 4) ),2)),0) -> 7.8 | BD46: =IF(F46>0,ROUND(AY46*O46*Q46,2),0) -> 0 | BF46: =SUM(R46:V46,AI46:AM46) -> 63.76 | BG46: =IF(F46=0, ROUND( ( PI()*( (D46+N46*2)^2 ) / 4 ) * AY46,2), ROUND( (D46+N46*2)*(F46+N46*2) * AY46,2))*I46 -> 6.98 | BH46: =IF(($K46+N46-0.15)<=2,($K46+N46+0.15),IF(($K46+N46)<=3,2.35,($K46+N46+0.2)-0.85)) -> 1.41 | BI46: =IF(D46>2, (K46-F46-N46-0.11),IF(($K46+N46)<=2,0,IF(($K46+N46)>3,0.85,(K46+N46+0.2-BH46)))) -> 0 | BJ46: =IF($Z46="--",0,IF(D46>2,ROUND(((1.42+0.4)+(0.91+0.4))*2*BI46,2),ROUND(AV46*AX46*BH46,2))) -> 2.76 | BK46: =ROUND(((PI()*0.9^2)/4)*BI46,2) -> 0 | BL46: =ROUND(BF46-BG46-BJ46-BK46-BC46-BD46,2) -> 46.22 | BN46: A22-7-2 => A22-7-3 | BO46: A22-7-2 | BP46: 0.4 | BQ46: 40 | BR46: 1.22 | BS46: 1.312 | BT46: 0
A47: =BN47 -> A22-7-3 => A22-7 | D47: =BP47 -> 0.4 | G47: PA-1 | H47: =BQ47 -> 40 | I47: 1 | J47: =H47 -> 40 | K47: =BR47 -> 1.312 | L47: =BS47 -> 1.4 | M47: =ROUND((K47+L47)/2,2) -> 1.36 | N47: =IF(F47=0,ROUND($D47*10%,2),IF(D47>2.8,0.18,0.15)) -> 0.04 | O47: =IF(F47=0,IF( ROUND($D47/4,2), IF(ROUND(($D47*1.2)/6,2)<0.1,0.1,ROUND(($D47*1.2)/6,2))),0.5) -> 0.1 | P47: =M47+N47+O47 -> 1.5 | Q47: =IF(P47<2,(D47+N47*2)+0.6,(D47+N47*2)+0.6+ROUNDUP(P47-2,0)*0.1)*I47 -> 1.08 | R47: =IF($P47<=$X$4,ROUND(IF($P47<1.5,$P47*$H47*$Q47,1.5*$H47*$Q47),2),0) -> 64.8 | S47: =IF($P47>$X$4,ROUND(IF($P47<1.5,$P47*$H47*$Q47,1.5*$H47*$Q47),2),0) -> 0 | T47: =IF($P47>$X$4,ROUND(IF($P47<1.5,0,IF($P47>3,1.5*$H47*$Q47,($P47-1.5)*$H47*$Q47)),2),0) -> 0 | U47: =IF($P47>$X$4,ROUND(IF($P47<3,0,IF($P47>4.5,1.5*$H47*$Q47,($P47-3)*$H47*$Q47)),2),0) -> 0 | V47: =IF($P47>$X$4,ROUND(IF($P47<4.5,0,IF($P47>6,($P47-4.5)*$H47*$Q47,($P47-4.5)*$H47*$Q47)),2),0) -> 0 | W47: =IF($P47>$X$4, IF( $P47<=4, ROUND($H47*($P47+0.5)*2,2), 0),0) -> 0 | X47: =IF($P47>$X$4, IF( $P47>4, ROUND($H47*($P47+0.5)*2,2), 0),0) -> 0 | Y47: =BO47 -> A22-7-3 | Z47: =IF($D47=0.3,IF($I47=1,1.2,IF(I47=2,1.5,"--")),IF($D47=0.4,IF($I47=1,1.2,IF(I47=2,1.5,"--")),IF($D47=0.45,IF($I47=1,1.2,IF(I47=2,1.5,"--")),IF($D47=0.5,IF($I47=1,1.2,IF(I47=2,1.5,"--")),IF($D47=0.6,IF($I47=1,1.2,IF(I47=2,2,"--")),IF($D47=0.75,IF($I47=1,1.3,IF(I47=2,2,"--")),IF($D47=0.8,1.3,IF($D47=1,1.5,IF($D47=1.2,1.7,IF($D47<=2,2,"--")))))))))) -> 1.2 | AA47: x | AB47: =Z47 -> 1.2 | AC47: =IF($Z47="--","--",K47) -> 1.312 | AD47: =IF($Z47="--","--",IF(D47>1.5,0.15,ROUND($D47*10%,2))) -> 0.04 | AE47: =IF($Z47="--","--",0.15) -> 0.15 | AF47: =IF($Z47="--","--",ROUND(AC47+AD47+AE47,2)) -> 1.5 | AG47: =IF($Z47="--","--",IF($AC47<=2,$Z47+1,($Z47+1)+ROUNDUP($AC47-2,0)*0.1)) -> 2.2 | AH47: =IF($D47=0.3,1.04,IF($D47=0.4,0.92,IF($D47=0.45,0.86,IF($D47=0.5,0.8,IF($D47=0.75,0.8,IF($D47=0.6,0.68,IF($D47=0.8,0.74,IF($D47=1,0.7,IF($D47=1.2,0.66,IF($D47=1.5,0.6,IF($D47<=2,(2.4-(D47+0.3)),"--"))))))))))) -> 0.92 | AI47: =IF($Z47="--","--",IF($AF47<=$X$4,ROUND(IF($AF47<1.5,$AF47*$AG47*$AH47,1.5*$AG47*$AH47),2),0)) -> 3.04 | AJ47: =IF($Z47="--","--",IF($AF47>$X$4,ROUND(IF($AF47<1.5,$AF47*$AG47*$AH47,1.5*$AG47*$AH47),2),0)) -> 0 | AK47: =IF($Z47="--","--",IF($AF47>$X$4,ROUND(IF($AF47<1.5,0,IF($AF47>3,1.5*$AG47*$AH47,($AF47-1.5)*$AG47*$AH47)),2),0)) -> 0 | AL47: =IF($Z47="--","--",IF($AF47>$X$4,ROUND(IF($AF47<3,0,IF($AF47>4.5,1.5*$AG47*$AH47,($AF47-3)*$AG47*$AH47)),2),0)) -> 0 | AM47: =IF($Z47="--","--",IF($AF47>$X$4,ROUND(IF($AF47<4.5,0,IF($AF47>6,($AF47-4.5)*$AG47*$AH47,($AF47-4.5)*$AG47*$AH47)),2),0)) -> 0 | AN47: =IF($Z47="--","--",IF($AF47>$X$4, IF( $AF47<=4, ROUND(($AH47*4)*($AF47+0.5)*2,2), 0),0)) -> 0 | AO47: =IF($Z47="--","--",IF($AF47>$X$4, IF( $AF47>4, ROUND(($AH47*4)*($AF47+0.5)*2,2), 0),0)) -> 0 | AP47: =A47 -> A22-7-3 => A22-7 | AQ47: =C47 -> 0 | AR47: =D47 -> 0.4 | AU47: =H47 -> 40 | AV47: =IF($Z47="--","--",Z47+0.2) -> 1.4 | AW47: x | AX47: =AV47 -> 1.4 | AY47: =IF(D47>2,AU47,AU47-AV47) -> 38.6 | AZ47: =O47 -> 0.1 | BB47: =Q47 -> 1.08 | BC47: =IF(F47=0,IF(ROUND( AY47 * ( ( (O47*Q47) + ( ((D47+N47*2)/6)*Q47 ) ) - ROUND( ((D47+N47*2)^2) * ( ( PI()*96.379 / (4*360) ) - ( (SIN((96.379/2)*PI()/180)) * (COS((96.379/2)*PI()/180)) / 4 ) ), 4) ),2), ROUND( AY47 * ( ( (O47*Q47) + ( ((D47+N47*2)/4)*Q47 ) ) - ROUND( ((D47+N47*2)^2) * ( ( PI()*120 / (4*360) ) - ( (SIN((120/2)*PI()/180)) * (COS((120/2)*PI()/180)) / 4 ) ), 4) ),2)),0) -> 7.8 | BD47: =IF(F47>0,ROUND(AY47*O47*Q47,2),0) -> 0 | BF47: =SUM(R47:V47,AI47:AM47) -> 67.84 | BG47: =IF(F47=0, ROUND( ( PI()*( (D47+N47*2)^2 ) / 4 ) * AY47,2), ROUND( (D47+N47*2)*(F47+N47*2) * AY47,2))*I47 -> 6.98 | BH47: =IF(($K47+N47-0.15)<=2,($K47+N47+0.15),IF(($K47+N47)<=3,2.35,($K47+N47+0.2)-0.85)) -> 1.502 | BI47: =IF(D47>2, (K47-F47-N47-0.11),IF(($K47+N47)<=2,0,IF(($K47+N47)>3,0.85,(K47+N47+0.2-BH47)))) -> 0 | BJ47: =IF($Z47="--",0,IF(D47>2,ROUND(((1.42+0.4)+(0.91+0.4))*2*BI47,2),ROUND(AV47*AX47*BH47,2))) -> 2.94 | BK47: =ROUND(((PI()*0.9^2)/4)*BI47,2) -> 0 | BL47: =ROUND(BF47-BG47-BJ47-BK47-BC47-BD47,2) -> 50.12 | BN47: A22-7-3 => A22-7 | BO47: A22-7-3 | BP47: 0.4 | BQ47: 40 | BR47: 1.312 | BS47: 1.4 | BT47: 1.364
A48: RUA ITAPAGÉ | Y48: =A48 -> RUA ITAPAGÉ | AP48: =A48 -> RUA ITAPAGÉ
A49: =BN49 -> A22-10-1 => A22-10-2 | D49: =BP49 -> 0.4 | G49: PA-1 | H49: =BQ49 -> 40 | I49: 1 | J49: =H49 -> 40 | K49: =BR49 -> 1.2 | L49: =BS49 -> 1.198 | M49: =ROUND((K49+L49)/2,2) -> 1.2 | N49: =IF(F49=0,ROUND($D49*10%,2),IF(D49>2.8,0.18,0.15)) -> 0.04 | O49: =IF(F49=0,IF( ROUND($D49/4,2), IF(ROUND(($D49*1.2)/6,2)<0.1,0.1,ROUND(($D49*1.2)/6,2))),0.5) -> 0.1 | P49: =M49+N49+O49 -> 1.34 | Q49: =IF(P49<2,(D49+N49*2)+0.6,(D49+N49*2)+0.6+ROUNDUP(P49-2,0)*0.1)*I49 -> 1.08 | R49: =IF($P49<=$X$4,ROUND(IF($P49<1.5,$P49*$H49*$Q49,1.5*$H49*$Q49),2),0) -> 57.89 | S49: =IF($P49>$X$4,ROUND(IF($P49<1.5,$P49*$H49*$Q49,1.5*$H49*$Q49),2),0) -> 0 | T49: =IF($P49>$X$4,ROUND(IF($P49<1.5,0,IF($P49>3,1.5*$H49*$Q49,($P49-1.5)*$H49*$Q49)),2),0) -> 0 | U49: =IF($P49>$X$4,ROUND(IF($P49<3,0,IF($P49>4.5,1.5*$H49*$Q49,($P49-3)*$H49*$Q49)),2),0) -> 0 | V49: =IF($P49>$X$4,ROUND(IF($P49<4.5,0,IF($P49>6,($P49-4.5)*$H49*$Q49,($P49-4.5)*$H49*$Q49)),2),0) -> 0 | W49: =IF($P49>$X$4, IF( $P49<=4, ROUND($H49*($P49+0.5)*2,2), 0),0) -> 0 | X49: =IF($P49>$X$4, IF( $P49>4, ROUND($H49*($P49+0.5)*2,2), 0),0) -> 0 | Y49: =BO49 -> A22-10-1 | Z49: =IF($D49=0.3,IF($I49=1,1.2,IF(I49=2,1.5,"--")),IF($D49=0.4,IF($I49=1,1.2,IF(I49=2,1.5,"--")),IF($D49=0.45,IF($I49=1,1.2,IF(I49=2,1.5,"--")),IF($D49=0.5,IF($I49=1,1.2,IF(I49=2,1.5,"--")),IF($D49=0.6,IF($I49=1,1.2,IF(I49=2,2,"--")),IF($D49=0.75,IF($I49=1,1.3,IF(I49=2,2,"--")),IF($D49=0.8,1.3,IF($D49=1,1.5,IF($D49=1.2,1.7,IF($D49<=2,2,"--")))))))))) -> 1.2 | AA49: x | AB49: =Z49 -> 1.2 | AC49: =IF($Z49="--","--",K49) -> 1.2 | AD49: =IF($Z49="--","--",IF(D49>1.5,0.15,ROUND($D49*10%,2))) -> 0.04 | AE49: =IF($Z49="--","--",0.15) -> 0.15 | AF49: =IF($Z49="--","--",ROUND(AC49+AD49+AE49,2)) -> 1.39 | AG49: =IF($Z49="--","--",IF($AC49<=2,$Z49+1,($Z49+1)+ROUNDUP($AC49-2,0)*0.1)) -> 2.2 | AH49: =IF($D49=0.3,1.04,IF($D49=0.4,0.92,IF($D49=0.45,0.86,IF($D49=0.5,0.8,IF($D49=0.75,0.8,IF($D49=0.6,0.68,IF($D49=0.8,0.74,IF($D49=1,0.7,IF($D49=1.2,0.66,IF($D49=1.5,0.6,IF($D49<=2,(2.4-(D49+0.3)),"--"))))))))))) -> 0.92 | AI49: =IF($Z49="--","--",IF($AF49<=$X$4,ROUND(IF($AF49<1.5,$AF49*$AG49*$AH49,1.5*$AG49*$AH49),2),0)) -> 2.81 | AJ49: =IF($Z49="--","--",IF($AF49>$X$4,ROUND(IF($AF49<1.5,$AF49*$AG49*$AH49,1.5*$AG49*$AH49),2),0)) -> 0 | AK49: =IF($Z49="--","--",IF($AF49>$X$4,ROUND(IF($AF49<1.5,0,IF($AF49>3,1.5*$AG49*$AH49,($AF49-1.5)*$AG49*$AH49)),2),0)) -> 0 | AL49: =IF($Z49="--","--",IF($AF49>$X$4,ROUND(IF($AF49<3,0,IF($AF49>4.5,1.5*$AG49*$AH49,($AF49-3)*$AG49*$AH49)),2),0)) -> 0 | AM49: =IF($Z49="--","--",IF($AF49>$X$4,ROUND(IF($AF49<4.5,0,IF($AF49>6,($AF49-4.5)*$AG49*$AH49,($AF49-4.5)*$AG49*$AH49)),2),0)) -> 0 | AN49: =IF($Z49="--","--",IF($AF49>$X$4, IF( $AF49<=4, ROUND(($AH49*4)*($AF49+0.5)*2,2), 0),0)) -> 0 | AO49: =IF($Z49="--","--",IF($AF49>$X$4, IF( $AF49>4, ROUND(($AH49*4)*($AF49+0.5)*2,2), 0),0)) -> 0 | AP49: =A49 -> A22-10-1 => A22-10-2 | AQ49: =C49 -> 0 | AR49: =D49 -> 0.4 | AU49: =H49 -> 40 | AV49: =IF($Z49="--","--",Z49+0.2) -> 1.4 | AW49: x | AX49: =AV49 -> 1.4 | AY49: =IF(D49>2,AU49,AU49-AV49) -> 38.6 | AZ49: =O49 -> 0.1 | BB49: =Q49 -> 1.08 | BC49: =IF(F49=0,IF(ROUND( AY49 * ( ( (O49*Q49) + ( ((D49+N49*2)/6)*Q49 ) ) - ROUND( ((D49+N49*2)^2) * ( ( PI()*96.379 / (4*360) ) - ( (SIN((96.379/2)*PI()/180)) * (COS((96.379/2)*PI()/180)) / 4 ) ), 4) ),2), ROUND( AY49 * ( ( (O49*Q49) + ( ((D49+N49*2)/4)*Q49 ) ) - ROUND( ((D49+N49*2)^2) * ( ( PI()*120 / (4*360) ) - ( (SIN((120/2)*PI()/180)) * (COS((120/2)*PI()/180)) / 4 ) ), 4) ),2)),0) -> 7.8 | BD49: =IF(F49>0,ROUND(AY49*O49*Q49,2),0) -> 0 | BF49: =SUM(R49:V49,AI49:AM49) -> 60.7 | BG49: =IF(F49=0, ROUND( ( PI()*( (D49+N49*2)^2 ) / 4 ) * AY49,2), ROUND( (D49+N49*2)*(F49+N49*2) * AY49,2))*I49 -> 6.98 | BH49: =IF(($K49+N49-0.15)<=2,($K49+N49+0.15),IF(($K49+N49)<=3,2.35,($K49+N49+0.2)-0.85)) -> 1.39 | BI49: =IF(D49>2, (K49-F49-N49-0.11),IF(($K49+N49)<=2,0,IF(($K49+N49)>3,0.85,(K49+N49+0.2-BH49)))) -> 0 | BJ49: =IF($Z49="--",0,IF(D49>2,ROUND(((1.42+0.4)+(0.91+0.4))*2*BI49,2),ROUND(AV49*AX49*BH49,2))) -> 2.72 | BK49: =ROUND(((PI()*0.9^2)/4)*BI49,2) -> 0 | BL49: =ROUND(BF49-BG49-BJ49-BK49-BC49-BD49,2) -> 43.2 | BN49: A22-10-1 => A22-10-2 | BO49: A22-10-1 | BP49: 0.4 | BQ49: 40 | BR49: 1.2 | BS49: 1.198 | BT49: 0
A50: =BN50 -> A22-10-2 => A22-10-3 | D50: =BP50 -> 0.4 | G50: PA-1 | H50: =BQ50 -> 40 | I50: 1 | J50: =H50 -> 40 | K50: =BR50 -> 1.198 | L50: =BS50 -> 1.246 | M50: =ROUND((K50+L50)/2,2) -> 1.22 | N50: =IF(F50=0,ROUND($D50*10%,2),IF(D50>2.8,0.18,0.15)) -> 0.04 | O50: =IF(F50=0,IF( ROUND($D50/4,2), IF(ROUND(($D50*1.2)/6,2)<0.1,0.1,ROUND(($D50*1.2)/6,2))),0.5) -> 0.1 | P50: =M50+N50+O50 -> 1.36 | Q50: =IF(P50<2,(D50+N50*2)+0.6,(D50+N50*2)+0.6+ROUNDUP(P50-2,0)*0.1)*I50 -> 1.08 | R50: =IF($P50<=$X$4,ROUND(IF($P50<1.5,$P50*$H50*$Q50,1.5*$H50*$Q50),2),0) -> 58.75 | S50: =IF($P50>$X$4,ROUND(IF($P50<1.5,$P50*$H50*$Q50,1.5*$H50*$Q50),2),0) -> 0 | T50: =IF($P50>$X$4,ROUND(IF($P50<1.5,0,IF($P50>3,1.5*$H50*$Q50,($P50-1.5)*$H50*$Q50)),2),0) -> 0 | U50: =IF($P50>$X$4,ROUND(IF($P50<3,0,IF($P50>4.5,1.5*$H50*$Q50,($P50-3)*$H50*$Q50)),2),0) -> 0 | V50: =IF($P50>$X$4,ROUND(IF($P50<4.5,0,IF($P50>6,($P50-4.5)*$H50*$Q50,($P50-4.5)*$H50*$Q50)),2),0) -> 0 | W50: =IF($P50>$X$4, IF( $P50<=4, ROUND($H50*($P50+0.5)*2,2), 0),0) -> 0 | X50: =IF($P50>$X$4, IF( $P50>4, ROUND($H50*($P50+0.5)*2,2), 0),0) -> 0 | Y50: =BO50 -> A22-10-2 | Z50: =IF($D50=0.3,IF($I50=1,1.2,IF(I50=2,1.5,"--")),IF($D50=0.4,IF($I50=1,1.2,IF(I50=2,1.5,"--")),IF($D50=0.45,IF($I50=1,1.2,IF(I50=2,1.5,"--")),IF($D50=0.5,IF($I50=1,1.2,IF(I50=2,1.5,"--")),IF($D50=0.6,IF($I50=1,1.2,IF(I50=2,2,"--")),IF($D50=0.75,IF($I50=1,1.3,IF(I50=2,2,"--")),IF($D50=0.8,1.3,IF($D50=1,1.5,IF($D50=1.2,1.7,IF($D50<=2,2,"--")))))))))) -> 1.2 | AA50: x | AB50: =Z50 -> 1.2 | AC50: =IF($Z50="--","--",K50) -> 1.198 | AD50: =IF($Z50="--","--",IF(D50>1.5,0.15,ROUND($D50*10%,2))) -> 0.04 | AE50: =IF($Z50="--","--",0.15) -> 0.15 | AF50: =IF($Z50="--","--",ROUND(AC50+AD50+AE50,2)) -> 1.39 | AG50: =IF($Z50="--","--",IF($AC50<=2,$Z50+1,($Z50+1)+ROUNDUP($AC50-2,0)*0.1)) -> 2.2 | AH50: =IF($D50=0.3,1.04,IF($D50=0.4,0.92,IF($D50=0.45,0.86,IF($D50=0.5,0.8,IF($D50=0.75,0.8,IF($D50=0.6,0.68,IF($D50=0.8,0.74,IF($D50=1,0.7,IF($D50=1.2,0.66,IF($D50=1.5,0.6,IF($D50<=2,(2.4-(D50+0.3)),"--"))))))))))) -> 0.92 | AI50: =IF($Z50="--","--",IF($AF50<=$X$4,ROUND(IF($AF50<1.5,$AF50*$AG50*$AH50,1.5*$AG50*$AH50),2),0)) -> 2.81 | AJ50: =IF($Z50="--","--",IF($AF50>$X$4,ROUND(IF($AF50<1.5,$AF50*$AG50*$AH50,1.5*$AG50*$AH50),2),0)) -> 0 | AK50: =IF($Z50="--","--",IF($AF50>$X$4,ROUND(IF($AF50<1.5,0,IF($AF50>3,1.5*$AG50*$AH50,($AF50-1.5)*$AG50*$AH50)),2),0)) -> 0 | AL50: =IF($Z50="--","--",IF($AF50>$X$4,ROUND(IF($AF50<3,0,IF($AF50>4.5,1.5*$AG50*$AH50,($AF50-3)*$AG50*$AH50)),2),0)) -> 0 | AM50: =IF($Z50="--","--",IF($AF50>$X$4,ROUND(IF($AF50<4.5,0,IF($AF50>6,($AF50-4.5)*$AG50*$AH50,($AF50-4.5)*$AG50*$AH50)),2),0)) -> 0 | AN50: =IF($Z50="--","--",IF($AF50>$X$4, IF( $AF50<=4, ROUND(($AH50*4)*($AF50+0.5)*2,2), 0),0)) -> 0 | AO50: =IF($Z50="--","--",IF($AF50>$X$4, IF( $AF50>4, ROUND(($AH50*4)*($AF50+0.5)*2,2), 0),0)) -> 0 | AP50: =A50 -> A22-10-2 => A22-10-3 | AQ50: =C50 -> 0 | AR50: =D50 -> 0.4 | AU50: =H50 -> 40 | AV50: =IF($Z50="--","--",Z50+0.2) -> 1.4 | AW50: x | AX50: =AV50 -> 1.4 | AY50: =IF(D50>2,AU50,AU50-AV50) -> 38.6 | AZ50: =O50 -> 0.1 | BB50: =Q50 -> 1.08 | BC50: =IF(F50=0,IF(ROUND( AY50 * ( ( (O50*Q50) + ( ((D50+N50*2)/6)*Q50 ) ) - ROUND( ((D50+N50*2)^2) * ( ( PI()*96.379 / (4*360) ) - ( (SIN((96.379/2)*PI()/180)) * (COS((96.379/2)*PI()/180)) / 4 ) ), 4) ),2), ROUND( AY50 * ( ( (O50*Q50) + ( ((D50+N50*2)/4)*Q50 ) ) - ROUND( ((D50+N50*2)^2) * ( ( PI()*120 / (4*360) ) - ( (SIN((120/2)*PI()/180)) * (COS((120/2)*PI()/180)) / 4 ) ), 4) ),2)),0) -> 7.8 | BD50: =IF(F50>0,ROUND(AY50*O50*Q50,2),0) -> 0 | BF50: =SUM(R50:V50,AI50:AM50) -> 61.56 | BG50: =IF(F50=0, ROUND( ( PI()*( (D50+N50*2)^2 ) / 4 ) * AY50,2), ROUND( (D50+N50*2)*(F50+N50*2) * AY50,2))*I50 -> 6.98 | BH50: =IF(($K50+N50-0.15)<=2,($K50+N50+0.15),IF(($K50+N50)<=3,2.35,($K50+N50+0.2)-0.85)) -> 1.388 | BI50: =IF(D50>2, (K50-F50-N50-0.11),IF(($K50+N50)<=2,0,IF(($K50+N50)>3,0.85,(K50+N50+0.2-BH50)))) -> 0 | BJ50: =IF($Z50="--",0,IF(D50>2,ROUND(((1.42+0.4)+(0.91+0.4))*2*BI50,2),ROUND(AV50*AX50*BH50,2))) -> 2.72 | BK50: =ROUND(((PI()*0.9^2)/4)*BI50,2) -> 0 | BL50: =ROUND(BF50-BG50-BJ50-BK50-BC50-BD50,2) -> 44.06 | BN50: A22-10-2 => A22-10-3 | BO50: A22-10-2 | BP50: 0.4 | BQ50: 40 | BR50: 1.198 | BS50: 1.246 | BT50: 0.1
A51: =BN51 -> A22-10-3 => A22-10 | D51: =BP51 -> 0.4 | G51: PA-1 | H51: =BQ51 -> 31 | I51: 1 | J51: =H51 -> 31 | K51: =BR51 -> 1.346 | L51: =BS51 -> 1.384 | M51: =ROUND((K51+L51)/2,2) -> 1.37 | N51: =IF(F51=0,ROUND($D51*10%,2),IF(D51>2.8,0.18,0.15)) -> 0.04 | O51: =IF(F51=0,IF( ROUND($D51/4,2), IF(ROUND(($D51*1.2)/6,2)<0.1,0.1,ROUND(($D51*1.2)/6,2))),0.5) -> 0.1 | P51: =M51+N51+O51 -> 1.51 | Q51: =IF(P51<2,(D51+N51*2)+0.6,(D51+N51*2)+0.6+ROUNDUP(P51-2,0)*0.1)*I51 -> 1.08 | R51: =IF($P51<=$X$4,ROUND(IF($P51<1.5,$P51*$H51*$Q51,1.5*$H51*$Q51),2),0) -> 0 | S51: =IF($P51>$X$4,ROUND(IF($P51<1.5,$P51*$H51*$Q51,1.5*$H51*$Q51),2),0) -> 50.22 | T51: =IF($P51>$X$4,ROUND(IF($P51<1.5,0,IF($P51>3,1.5*$H51*$Q51,($P51-1.5)*$H51*$Q51)),2),0) -> 0.33 | U51: =IF($P51>$X$4,ROUND(IF($P51<3,0,IF($P51>4.5,1.5*$H51*$Q51,($P51-3)*$H51*$Q51)),2),0) -> 0 | V51: =IF($P51>$X$4,ROUND(IF($P51<4.5,0,IF($P51>6,($P51-4.5)*$H51*$Q51,($P51-4.5)*$H51*$Q51)),2),0) -> 0 | W51: =IF($P51>$X$4, IF( $P51<=4, ROUND($H51*($P51+0.5)*2,2), 0),0) -> 124.62 | X51: =IF($P51>$X$4, IF( $P51>4, ROUND($H51*($P51+0.5)*2,2), 0),0) -> 0 | Y51: =BO51 -> A22-10-3 | Z51: =IF($D51=0.3,IF($I51=1,1.2,IF(I51=2,1.5,"--")),IF($D51=0.4,IF($I51=1,1.2,IF(I51=2,1.5,"--")),IF($D51=0.45,IF($I51=1,1.2,IF(I51=2,1.5,"--")),IF($D51=0.5,IF($I51=1,1.2,IF(I51=2,1.5,"--")),IF($D51=0.6,IF($I51=1,1.2,IF(I51=2,2,"--")),IF($D51=0.75,IF($I51=1,1.3,IF(I51=2,2,"--")),IF($D51=0.8,1.3,IF($D51=1,1.5,IF($D51=1.2,1.7,IF($D51<=2,2,"--")))))))))) -> 1.2 | AA51: x | AB51: =Z51 -> 1.2 | AC51: =IF($Z51="--","--",K51) -> 1.346 | AD51: =IF($Z51="--","--",IF(D51>1.5,0.15,ROUND($D51*10%,2))) -> 0.04 | AE51: =IF($Z51="--","--",0.15) -> 0.15 | AF51: =IF($Z51="--","--",ROUND(AC51+AD51+AE51,2)) -> 1.54 | AG51: =IF($Z51="--","--",IF($AC51<=2,$Z51+1,($Z51+1)+ROUNDUP($AC51-2,0)*0.1)) -> 2.2 | AH51: =IF($D51=0.3,1.04,IF($D51=0.4,0.92,IF($D51=0.45,0.86,IF($D51=0.5,0.8,IF($D51=0.75,0.8,IF($D51=0.6,0.68,IF($D51=0.8,0.74,IF($D51=1,0.7,IF($D51=1.2,0.66,IF($D51=1.5,0.6,IF($D51<=2,(2.4-(D51+0.3)),"--"))))))))))) -> 0.92 | AI51: =IF($Z51="--","--",IF($AF51<=$X$4,ROUND(IF($AF51<1.5,$AF51*$AG51*$AH51,1.5*$AG51*$AH51),2),0)) -> 0 | AJ51: =IF($Z51="--","--",IF($AF51>$X$4,ROUND(IF($AF51<1.5,$AF51*$AG51*$AH51,1.5*$AG51*$AH51),2),0)) -> 3.04 | AK51: =IF($Z51="--","--",IF($AF51>$X$4,ROUND(IF($AF51<1.5,0,IF($AF51>3,1.5*$AG51*$AH51,($AF51-1.5)*$AG51*$AH51)),2),0)) -> 0.08 | AL51: =IF($Z51="--","--",IF($AF51>$X$4,ROUND(IF($AF51<3,0,IF($AF51>4.5,1.5*$AG51*$AH51,($AF51-3)*$AG51*$AH51)),2),0)) -> 0 | AM51: =IF($Z51="--","--",IF($AF51>$X$4,ROUND(IF($AF51<4.5,0,IF($AF51>6,($AF51-4.5)*$AG51*$AH51,($AF51-4.5)*$AG51*$AH51)),2),0)) -> 0 | AN51: =IF($Z51="--","--",IF($AF51>$X$4, IF( $AF51<=4, ROUND(($AH51*4)*($AF51+0.5)*2,2), 0),0)) -> 15.01 | AO51: =IF($Z51="--","--",IF($AF51>$X$4, IF( $AF51>4, ROUND(($AH51*4)*($AF51+0.5)*2,2), 0),0)) -> 0 | AP51: =A51 -> A22-10-3 => A22-10 | AQ51: =C51 -> 0 | AR51: =D51 -> 0.4 | AU51: =H51 -> 31 | AV51: =IF($Z51="--","--",Z51+0.2) -> 1.4 | AW51: x | AX51: =AV51 -> 1.4 | AY51: =IF(D51>2,AU51,AU51-AV51) -> 29.6 | AZ51: =O51 -> 0.1 | BB51: =Q51 -> 1.08 | BC51: =IF(F51=0,IF(ROUND( AY51 * ( ( (O51*Q51) + ( ((D51+N51*2)/6)*Q51 ) ) - ROUND( ((D51+N51*2)^2) * ( ( PI()*96.379 / (4*360) ) - ( (SIN((96.379/2)*PI()/180)) * (COS((96.379/2)*PI()/180)) / 4 ) ), 4) ),2), ROUND( AY51 * ( ( (O51*Q51) + ( ((D51+N51*2)/4)*Q51 ) ) - ROUND( ((D51+N51*2)^2) * ( ( PI()*120 / (4*360) ) - ( (SIN((120/2)*PI()/180)) * (COS((120/2)*PI()/180)) / 4 ) ), 4) ),2)),0) -> 5.99 | BD51: =IF(F51>0,ROUND(AY51*O51*Q51,2),0) -> 0 | BF51: =SUM(R51:V51,AI51:AM51) -> 53.67 | BG51: =IF(F51=0, ROUND( ( PI()*( (D51+N51*2)^2 ) / 4 ) * AY51,2), ROUND( (D51+N51*2)*(F51+N51*2) * AY51,2))*I51 -> 5.36 | BH51: =IF(($K51+N51-0.15)<=2,($K51+N51+0.15),IF(($K51+N51)<=3,2.35,($K51+N51+0.2)-0.85)) -> 1.536 | BI51: =IF(D51>2, (K51-F51-N51-0.11),IF(($K51+N51)<=2,0,IF(($K51+N51)>3,0.85,(K51+N51+0.2-BH51)))) -> 0 | BJ51: =IF($Z51="--",0,IF(D51>2,ROUND(((1.42+0.4)+(0.91+0.4))*2*BI51,2),ROUND(AV51*AX51*BH51,2))) -> 3.01 | BK51: =ROUND(((PI()*0.9^2)/4)*BI51,2) -> 0 | BL51: =ROUND(BF51-BG51-BJ51-BK51-BC51-BD51,2) -> 39.31 | BN51: A22-10-3 => A22-10 | BO51: A22-10-3 | BP51: 0.4 | BQ51: 31 | BR51: 1.346 | BS51: 1.384 | BT51: 0.551
A52: RUA RAUL DE AZEVEDO | Y52: =A52 -> RUA RAUL DE AZEVEDO | AP52: =A52 -> RUA RAUL DE AZEVEDO
A53: =BN53 -> A22-10-A => A22-10 | D53: =BP53 -> 0.4 | G53: PA-1 | H53: =BQ53 -> 39 | I53: 1 | J53: =H53 -> 39 | K53: =BR53 -> 1.2 | L53: =BS53 -> 1.209 | M53: =ROUND((K53+L53)/2,2) -> 1.2 | N53: =IF(F53=0,ROUND($D53*10%,2),IF(D53>2.8,0.18,0.15)) -> 0.04 | O53: =IF(F53=0,IF( ROUND($D53/4,2), IF(ROUND(($D53*1.2)/6,2)<0.1,0.1,ROUND(($D53*1.2)/6,2))),0.5) -> 0.1 | P53: =M53+N53+O53 -> 1.34 | Q53: =IF(P53<2,(D53+N53*2)+0.6,(D53+N53*2)+0.6+ROUNDUP(P53-2,0)*0.1)*I53 -> 1.08 | R53: =IF($P53<=$X$4,ROUND(IF($P53<1.5,$P53*$H53*$Q53,1.5*$H53*$Q53),2),0) -> 56.44 | S53: =IF($P53>$X$4,ROUND(IF($P53<1.5,$P53*$H53*$Q53,1.5*$H53*$Q53),2),0) -> 0 | T53: =IF($P53>$X$4,ROUND(IF($P53<1.5,0,IF($P53>3,1.5*$H53*$Q53,($P53-1.5)*$H53*$Q53)),2),0) -> 0 | U53: =IF($P53>$X$4,ROUND(IF($P53<3,0,IF($P53>4.5,1.5*$H53*$Q53,($P53-3)*$H53*$Q53)),2),0) -> 0 | V53: =IF($P53>$X$4,ROUND(IF($P53<4.5,0,IF($P53>6,($P53-4.5)*$H53*$Q53,($P53-4.5)*$H53*$Q53)),2),0) -> 0 | W53: =IF($P53>$X$4, IF( $P53<=4, ROUND($H53*($P53+0.5)*2,2), 0),0) -> 0 | X53: =IF($P53>$X$4, IF( $P53>4, ROUND($H53*($P53+0.5)*2,2), 0),0) -> 0 | Y53: =BO53 -> A22-10-A | Z53: =IF($D53=0.3,IF($I53=1,1.2,IF(I53=2,1.5,"--")),IF($D53=0.4,IF($I53=1,1.2,IF(I53=2,1.5,"--")),IF($D53=0.45,IF($I53=1,1.2,IF(I53=2,1.5,"--")),IF($D53=0.5,IF($I53=1,1.2,IF(I53=2,1.5,"--")),IF($D53=0.6,IF($I53=1,1.2,IF(I53=2,2,"--")),IF($D53=0.75,IF($I53=1,1.3,IF(I53=2,2,"--")),IF($D53=0.8,1.3,IF($D53=1,1.5,IF($D53=1.2,1.7,IF($D53<=2,2,"--")))))))))) -> 1.2 | AA53: x | AB53: =Z53 -> 1.2 | AC53: =IF($Z53="--","--",K53) -> 1.2 | AD53: =IF($Z53="--","--",IF(D53>1.5,0.15,ROUND($D53*10%,2))) -> 0.04 | AE53: =IF($Z53="--","--",0.15) -> 0.15 | AF53: =IF($Z53="--","--",ROUND(AC53+AD53+AE53,2)) -> 1.39 | AG53: =IF($Z53="--","--",IF($AC53<=2,$Z53+1,($Z53+1)+ROUNDUP($AC53-2,0)*0.1)) -> 2.2 | AH53: =IF($D53=0.3,1.04,IF($D53=0.4,0.92,IF($D53=0.45,0.86,IF($D53=0.5,0.8,IF($D53=0.75,0.8,IF($D53=0.6,0.68,IF($D53=0.8,0.74,IF($D53=1,0.7,IF($D53=1.2,0.66,IF($D53=1.5,0.6,IF($D53<=2,(2.4-(D53+0.3)),"--"))))))))))) -> 0.92 | AI53: =IF($Z53="--","--",IF($AF53<=$X$4,ROUND(IF($AF53<1.5,$AF53*$AG53*$AH53,1.5*$AG53*$AH53),2),0)) -> 2.81 | AJ53: =IF($Z53="--","--",IF($AF53>$X$4,ROUND(IF($AF53<1.5,$AF53*$AG53*$AH53,1.5*$AG53*$AH53),2),0)) -> 0 | AK53: =IF($Z53="--","--",IF($AF53>$X$4,ROUND(IF($AF53<1.5,0,IF($AF53>3,1.5*$AG53*$AH53,($AF53-1.5)*$AG53*$AH53)),2),0)) -> 0 | AL53: =IF($Z53="--","--",IF($AF53>$X$4,ROUND(IF($AF53<3,0,IF($AF53>4.5,1.5*$AG53*$AH53,($AF53-3)*$AG53*$AH53)),2),0)) -> 0 | AM53: =IF($Z53="--","--",IF($AF53>$X$4,ROUND(IF($AF53<4.5,0,IF($AF53>6,($AF53-4.5)*$AG53*$AH53,($AF53-4.5)*$AG53*$AH53)),2),0)) -> 0 | AN53: =IF($Z53="--","--",IF($AF53>$X$4, IF( $AF53<=4, ROUND(($AH53*4)*($AF53+0.5)*2,2), 0),0)) -> 0 | AO53: =IF($Z53="--","--",IF($AF53>$X$4, IF( $AF53>4, ROUND(($AH53*4)*($AF53+0.5)*2,2), 0),0)) -> 0 | AP53: =A53 -> A22-10-A => A22-10 | AQ53: =C53 -> 0 | AR53: =D53 -> 0.4 | AU53: =H53 -> 39 | AV53: =IF($Z53="--","--",Z53+0.2) -> 1.4 | AW53: x | AX53: =AV53 -> 1.4 | AY53: =IF(D53>2,AU53,AU53-AV53) -> 37.6 | AZ53: =O53 -> 0.1 | BB53: =Q53 -> 1.08 | BC53: =IF(F53=0,IF(ROUND( AY53 * ( ( (O53*Q53) + ( ((D53+N53*2)/6)*Q53 ) ) - ROUND( ((D53+N53*2)^2) * ( ( PI()*96.379 / (4*360) ) - ( (SIN((96.379/2)*PI()/180)) * (COS((96.379/2)*PI()/180)) / 4 ) ), 4) ),2), ROUND( AY53 * ( ( (O53*Q53) + ( ((D53+N53*2)/4)*Q53 ) ) - ROUND( ((D53+N53*2)^2) * ( ( PI()*120 / (4*360) ) - ( (SIN((120/2)*PI()/180)) * (COS((120/2)*PI()/180)) / 4 ) ), 4) ),2)),0) -> 7.6 | BD53: =IF(F53>0,ROUND(AY53*O53*Q53,2),0) -> 0 | BF53: =SUM(R53:V53,AI53:AM53) -> 59.25 | BG53: =IF(F53=0, ROUND( ( PI()*( (D53+N53*2)^2 ) / 4 ) * AY53,2), ROUND( (D53+N53*2)*(F53+N53*2) * AY53,2))*I53 -> 6.8 | BH53: =IF(($K53+N53-0.15)<=2,($K53+N53+0.15),IF(($K53+N53)<=3,2.35,($K53+N53+0.2)-0.85)) -> 1.39 | BI53: =IF(D53>2, (K53-F53-N53-0.11),IF(($K53+N53)<=2,0,IF(($K53+N53)>3,0.85,(K53+N53+0.2-BH53)))) -> 0 | BJ53: =IF($Z53="--",0,IF(D53>2,ROUND(((1.42+0.4)+(0.91+0.4))*2*BI53,2),ROUND(AV53*AX53*BH53,2))) -> 2.72 | BK53: =ROUND(((PI()*0.9^2)/4)*BI53,2) -> 0 | BL53: =ROUND(BF53-BG53-BJ53-BK53-BC53-BD53,2) -> 42.13 | BN53: A22-10-A => A22-10 | BO53: A22-10-A | BP53: 0.4 | BQ53: 39 | BR53: 1.2 | BS53: 1.209 | BT53: 0.726
A54: RUA ITAIPÁ => RUA RAUL DE AZEVEDO => RUA ITAPAGÉ | Y54: =A54 -> RUA ITAIPÁ => RUA RAUL DE AZEVEDO => RUA ITAPAGÉ | AP54: =A54 -> RUA ITAIPÁ => RUA RAUL DE AZEVEDO => RUA ITAPAGÉ
